Workbook

Sheet Cover Page 
D6: National Government Financial Position
D7: KZN Population Estimates | L7: SUMMARY PAGE
D8: Manufacturing
D9: Retail and Trade
D10: Monetary Indicators | L10: Click on the Variable Links to view Data and Statistics
D11: Trade Statistics
D12: Labour Force Characteristics by Province (KZN) | L12: Clink on to view cover page
D13: Credit extended to the domestic private sector
D14: Credit extended to the domestic private sector - Year-on-Year Change
D15: Credit extended to the domestic private sector - Month-on-Month Change
D16: Economic Surveys
D17: Civil Cases Recorded and Summonses Issued for Debt
D18: KZN - Consumer Price Index Reclassified (Base 2008 = 100)
D19: Electricity generated and available for distribution - Gigawatt-hours
D20: Cementitious Sales
D21: House prices
D22: Building Plans Approved - Residential (KZN)
D23: Building Plans Approved - Commercial and Industrial (KZN)

Sheet Summary page
A1: SUMMARY PAGE
A4: Provincial Population Size by Age Cohort
A28: National Industrial Production - Year-on-Year %
A55: National Retail Sales - Year-on-Year %
A84: Inflation and Interest Rates - %
A111: Provincial Unemployment
B113: Population of working age (15–64 years) | C113: Labour Force | D113: Employed | E113: Unemployed | F113: Not Economically Active | G113: Discourage Work Seekers
A114: Q1 2008 | B114: 6250000 | C114: =SUM(D114:E114) -> 3315000 | D114: 2562000 | E114: 753000 | F114: =B114-D114-E114 -> 2935000 | G114: 183000
A115: Q2 2008 | B115: 6273000 | C115: =SUM(D115:E115) -> 3359000 | D115: 2614000 | E115: 745000 | F115: =B115-D115-E115 -> 2914000 | G115: 167000
A116: Q3 2008 | B116: 6295000 | C116: =SUM(D116:E116) -> 3312000 | D116: 2583000 | E116: 729000 | F116: =B116-D116-E116 -> 2983000 | G116: 186000
A117: Q4 2008 | B117: 6318000 | C117: 3321000 | D117: 2631000 | E117: 690000 | F117: =B117-D117-E117 -> 2997000 | G117: 224000
A118: Q1 2009 | B118: 6340000 | C118: 3248000 | D118: 2514000 | E118: 733000 | F118: =B118-D118-E118 -> 3093000 | G118: 271000
A119: Q2 2009 | B119: 6362000 | C119: 3043000 | D119: 2457000 | E119: 586000 | F119: 3319000 | G119: 448000
A141: National Credit Extended to the Private Sector - Year-on-Year %
A168: Civil Cases for Debt - Year-on-Year %
A197: Electricity Distribution - Year-on-Year %
A227: Expansion of Economic Space in the Province
A286: Provincial Inflation per Item
A327: National Business Confidence - Index
A360: =Inflation!A68 -> Feb Inflation Rate
A362: (R'000) | C362: 2009/10. | I362: 2008/09.
C363: Budget estimate | D363: April | E363: May | F363: June | G363: July | H363: Year To Date | I363: Preliminary outcome | J363: =H363 -> Year To Date
A365: Revenue | C365: 642990150 | D365: 24300741 | E365: 32435284 | F365: 65574859 | G365: 34978288 | H365: =SUM(D365:G365) -> 157289172 | I365: 608347998 | J365: 174111002
A367: Expenditure | C367: =C369+C371+C378 -> 738562766 | D367: =D369+D371+D378 -> 61667077 | E367: =E369+E371+E378 -> 52349208 | F367: =F369+F371+F378 -> 66052175 | G367: =G369+G371+G378 -> 66614468 | H367: =H369+H371+H378 -> 246682928 | I367: =I369+I371+I378 -> 635636199 | J367: 193080773
B369: Appropriation by vote | C369: 429643150 | D369: 38846083 | E369: 30230480 | F369: 37791888 | G369: 42630424 | H369: =SUM(D369:G369) -> 149498875 | I369: 368088226 | J369: 110706537
B371: Direct charges against National Revenue Fund | C371: =SUM(C373:C376) -> 302919616 | D371: =SUM(D373:D376) -> 22820994 | E371: =SUM(E373:E376) -> 22118728 | F371: =SUM(F373:F376) -> 28260287 | G371: =SUM(G373:G376) -> 23984044 | H371: =SUM(D371:G371) -> 97184053 | I371: =SUM(I373:I376) -> 267547973 | J371: 82374236
B373: State Debt Costs | C373: 55268000 | D373: 1893082 | E373: 1668775 | F373: 8766455 | G373: 3081896 | H373: =SUM(D373:G373) -> 15410208 | I373: 54393684 | J373: 13142097
B374: Provincial Equitable Share | C374: 231050881 | D374: 20101427 | E374: 19639326 | F374: 18715121 | G374: 20101427 | H374: =SUM(D374:G374) -> 78557301 | I374: 204009924 | J374: 66459003
B375: General Fuel Levy sharing with Metros | C375: 6800104
B376: Other | C376: 9800631 | D376: 826485 | E376: 810627 | F376: 778711 | G376: 800721 | H376: =SUM(D376:G376) -> 3216544 | I376: 9144365 | J376: 2773136
B378: Contingency Reserve | C378: 6000000
A380: Budget Deficit/Surplus | C380: =C365-C367 -> -95572616 | D380: =D365-D367 -> -37366336 | E380: =E365-E367 -> -19913924 | F380: =F365-F367 -> -477316 | G380: =G365-G367 -> -31636180 | H380: =SUM(D380:G380) -> -89393756 | I380: =I365-I367 -> -27288201 | J380: =J365-J367 -> -18969771
B382: Extraordinary Receipts | C382: 6100000 | D382: 85 | E382: 269470 | F382: 3941127 | G382: 650164 | H382: =SUM(D382:G382) -> 4860846 | I382: 8203424 | J382: 1705201
B384: Extraordinary Payments | C384: 900000 | F384: 20270 | G384: 48999 | H384: =SUM(D384:G384) -> 69269 | I384: 4284094 | J384: 152689
A386: Net Borrowing Requirement | C386: =C365-C367+C382-C384 -> -90372616 | D386: =D365-D367+D382-D384 -> -37366251 | E386: =E365-E367+E382-E384 -> -19644454 | F386: =F365-F367+F382-F384 -> 3443541 | G386: =G365-G367+G382-G384 -> -31035015 | H386: =SUM(D386:G386) -> -84602179 | I386: =I365-I367+I382-I384 -> -23368871 | J386: =J365-J367+J382-J384 -> -17417259
A389: Financing of the Net Borrowing Requirement
A391: Domestic Short Term Loans (net) | C391: 15400000 | D391: 7336278 | E391: 10011803 | F391: 8812057 | G391: 1229482 | H391: =SUM(D391:G391) -> 27389620 | I391: 12225111 | J391: 7258154
A393: Domestic Long Terms Loans (net) | C393: 61521800 | D393: 9014812 | E393: 7916315 | F393: 7343895 | G393: 10721849 | H393: =SUM(D393:G393) -> 34996871 | I393: 23059005 | J393: 8851530
A395: Foreign Loans (net) | C395: 3836800 | D395: -796355 | E395: 6849714 | F395: -80222 | G395: -407091 | H395: =SUM(D395:G395) -> 5566046 | I395: -3954404 | J395: -4464573
A397: Change in cash and other balances ( - increase) | C397: 9614016 | D397: 21811516 | E397: -5133378 | F397: -19519271 | G397: 19490775 | H397: =SUM(D397:G397) -> 16649642 | I397: -7960841 | J397: 5772148
A399: Total Financing (net) | C399: =SUM(C391:C397) -> 90372616 | D399: =SUM(D391:D397) -> 37366251 | E399: =SUM(E391:E397) -> 19644454 | F399: =SUM(F391:F397) -> -3443541 | G399: =SUM(G391:G397) -> 31035015 | H399: =SUM(H391:H397) -> 84602179 | I399: =SUM(I391:I397) -> 23368871 | J399: =SUM(J391:J397) -> 17417259

Sheet KZN Population
B1: Medium mid-year population estimates by year | C1: Year-on-Year | D1: Change in Year-on-Year | G1: Age Cohort | H1: 2001 | I1: 2011 | J1: Cumulative Change
A3: 2001 | B3: 9557165 | G3: 0-4 | H3: 1226022 | I3: 1220882 | J3: =(I3-H3)/H3*100 -> -0.41924207
A4: 2002 | B4: 9659485 | C4: =(B4-B3)/B3*100 -> 1.0706104 | D4: 0 | G4: 5-9. | H4: 1228580 | I4: 1228646 | J4: =(I4-H4)/H4*100 -> 0.0053720555
A5: 2003 | B5: 9752211 | C5: =(B5-B4)/B4*100 -> 0.95994766 | D5: =C5-C4 -> -0.11066272 | G5: 10-14. | H5: 1161534 | I5: 1212070 | J5: =(I5-H5)/H5*100 -> 4.3507982
A6: 2004 | B6: 9835710 | C6: =(B6-B5)/B5*100 -> 0.85620584 | D6: =C6-C5 -> -0.10374182 | G6: 15-19 | H6: 1069722 | I6: 1195857 | J6: =(I6-H6)/H6*100 -> 11.791381
A7: 2005 | B7: 9910636 | C7: =(B7-B6)/B6*100 -> 0.7617752 | D7: =C7-C6 -> -0.094430634 | G7: 20-24 | H7: 938824 | I7: 1096194 | J7: =(I7-H7)/H7*100 -> 16.76246
A8: 2006 | B8: 9974344 | C8: =(B8-B7)/B7*100 -> 0.64282454 | D8: =C8-C7 -> -0.11895067 | G8: 25-29 | H8: 835220 | I8: 998783 | J8: =(I8-H8)/H8*100 -> 19.583224
A9: 2007 | B9: 10045594 | C9: =(B9-B8)/B8*100 -> 0.71433269 | D9: =C9-C8 -> 0.071508155 | G9: 30-34 | H9: 599610 | I9: 823321 | J9: =(I9-H9)/H9*100 -> 37.309418
A10: 2008 | B10: 10105436 | C10: =(B10-B9)/B9*100 -> 0.59570395 | D10: =C10-C9 -> -0.11862874 | G10: 35-39 | H10: 508694 | I10: 710320 | J10: =(I10-H10)/H10*100 -> 39.636009
A11: 2009 | B11: 10449300 | C11: =(B11-B10)/B10*100 -> 3.4027626 | D11: =C11-C10 -> 2.8070587 | G11: 40-44 | H11: 450700 | I11: 487821 | J11: =(I11-H11)/H11*100 -> 8.2362991
A12: 2010 | B12: 10645400 | C12: =(B12-B11)/B11*100 -> 1.8766807 | D12: =C12-C11 -> -1.5260819 | G12: 45-49 | H12: 379359 | I12: 420211 | J12: =(I12-H12)/H12*100 -> 10.768691
A13: 2011 | B13: 10819130 | C13: =(B13-B12)/B12*100 -> 1.6319725 | D13: =C13-C12 -> -0.24470824 | G13: 50-54 | H13: 334531 | I13: 374063 | J13: =(I13-H13)/H13*100 -> 11.817141
G14: 55-59 | H14: 263979 | I14: 307829 | J14: =(I14-H14)/H14*100 -> 16.61117
A15: Average | B15: =AVERAGE(B3:B13) -> 10068583 | C15: =AVERAGE(C4:C13) -> 1.2512816 | D15: =AVERAGE(D5:D13) -> 0.062373569 | G15: 60-64 | H15: 208250 | I15: 264645 | J15: =(I15-H15)/H15*100 -> 27.080432
A16: Median | B16: =MEDIAN(B3:B13) -> 9974344 | C16: =MEDIAN(C4:C13) -> 0.90807675 | D16: =MEDIAN(D5:D13) -> -0.11066272 | G16: 65-69 | H16: 146629 | I16: 188851 | J16: =(I16-H16)/H16*100 -> 28.795122
A17: St Dev | B17: =STDEV(B3:B13) -> 407422.33 | C17: =STDEV(C4:C13) -> 0.86708037 | D17: =STDEV(D5:D13) -> 1.1346053 | G17: 70-74 | H17: 103728 | I17: 136241 | J17: =(I17-H17)/H17*100 -> 31.344478
A18: Range | B18: =MAX(B3:B13)-MIN(B3:B12) -> 1261965 | C18: =MAX(C4:C13)-MIN(C4:C12) -> 2.8070587 | D18: =MAX(D5:D13)-MIN(D5:D12) -> 4.3331406 | G18: 75-79 | H18: 59070 | I18: 84739 | J18: =(I18-H18)/H18*100 -> 43.455223
G19: 80+ | H19: 42713 | I19: 68657 | J19: =(I19-H19)/H19*100 -> 60.74029

Sheet National Government
B1: NATIONAL REVENUE, EXPENDITURE AND BORROWING - YTD
B3: (R'000) | D3: 2009/10. | S3: 2008/09.
D4: Budget Estimate | E4: Revised Estimate | F4: April | G4: May | H4: June | I4: July | J4: Aug | K4: Sep | L4: Oct | M4: Nov | N4: Dec | O4: Jan | P4: Feb | Q4: Mar | R4: Year To Date | S4: Prelimanary outcome | T4: =R4 -> Year To Date
V5: Decrease in Revenue | W5: =(R6-T6)/T6*100 -> -4.779518
B6: Revenue | D6: 642990150 | E6: 570935394 | F6: 24300741 | G6: 32435284 | H6: 65574859 | I6: 34978288 | J6: 45333126 | K6: 58825063 | L6: 35718501 | M6: 40151274 | N6: 74163382 | O6: 39764075 | P6: 58568534 | Q6: 69872795 | R6: =SUM(F6:Q6) -> 579685922 | S6: 608347998 | T6: 608782806 | V6: Cumulative Revenue | W6: =R6/12*12 -> 579685922
V7: Cumulative Revenue Shortage | W7: =D6-W6 -> 63304228
B8: Expenditure | D8: =D10+D12+D19 -> 738562766 | E8: =E10+E12+E19 -> 752522894 | F8: =F10+F12+F19 -> 61667077 | G8: =G10+G12+G19 -> 52349208 | H8: =H10+H12+H19 -> 66052175 | I8: =I10+I12+I19 -> 66614468 | J8: =J10+J12+J19 -> 53886090 | K8: =K10+K12+K19 -> 67381632 | ... P8: =P10+P12+P19 -> 55525308 | Q8: 81578571 | R8: =SUM(F8:Q8) -> 747270581 | S8: =S10+S12+S19 -> 635636199 | T8: =T10+T12+T19 -> 635796335
V9: Change in Total Expenditure | W9: =(R8-T8)/T8*100 -> 17.533012
C10: Appropraition by vote | D10: 429643150 | E10: 438881102 | F10: 38846083 | G10: 30230480 | H10: 37791888 | I10: 42630424 | J10: 31198699 | K10: 37395695 | L10: 33365721 | M10: 37712077 | N10: 37322945 | O10: 26944233 | P10: 32946403 | Q10: 46942572 | R10: =SUM(F10:Q10) -> 433327220 | S10: 368088226 | T10: 368241460
C12: Direct charges against National Revenue Fund | D12: =SUM(D14:D17) -> 302919616 | E12: =SUM(E14:E17) -> 316641792 | F12: =SUM(F14:F17) -> 22820994 | G12: =SUM(G14:G17) -> 22118728 | H12: =SUM(H14:H17) -> 28260287 | I12: =SUM(I14:I17) -> 23984044 | J12: =SUM(J14:J17) -> 22687391 | K12: =SUM(K14:K17) -> 29985937 | ... P12: =SUM(P14:P17) -> 22578905 | Q12: 34635999 | R12: =SUM(F12:Q12) -> 313943361 | S12: =SUM(S14:S17) -> 267547973 | T12: =SUM(T14:T17) -> 267554875 | V12: Change in Equitable Share | W12: =(R15-T15)/T15*100 -> 17.663934
C14: State Debt Costs | D14: 55268000 | E14: 59994954 | F14: 1893082 | G14: 1668775 | H14: 8766455 | I14: 3081896 | J14: 3188956 | K14: 9625403 | L14: 1282096 | M14: 1452993 | N14: 9499552 | O14: 3261558 | P14: 2405148 | Q14: 11003303 | R14: =SUM(F14:Q14) -> 57129217 | S14: 54393684 | T14: 54393684 | V14: Cumulative Equitable Share | W14: =R15/12*12 -> 240046103
C15: Provincial Equitable Share | D15: 231050881 | E15: 240046103 | F15: 20101427 | G15: 19639326 | H15: 18715121 | I15: 20101427 | J15: 18715121 | K15: 19408275 | L15: 22370377 | M15: 22139326 | N15: 17927219 | O15: 21731685 | P15: 19251824 | Q15: 19944975 | R15: =SUM(F15:Q15) -> 240046103 | S15: 204009924 | T15: 204009924 | V15: Cumulative Equitable Shortage | W15: =W14-D15 -> 8995222
C16: General Fuel Levy sharing with Metros | D16: 6800104 | E16: 6800104 | K16: 153731 | M16: 1526390 | N16: 2266701 | Q16: 2853282 | R16: =SUM(F16:Q16) -> 6800104
C17: Other | D17: 9800631 | E17: 9800631 | F17: 826485 | G17: 810627 | H17: 778711 | I17: 800721 | J17: 783314 | K17: 798528 | L17: 839912 | M17: 826182 | N17: 855858 | O17: 891227 | P17: 921933 | Q17: 834439 | R17: =SUM(F17:Q17) -> 9967937 | S17: 9144365 | T17: 9151267
C19: Contingency Reserve | D19: 6000000 | E19: -3000000
B21: Budget Deficit/Surplus | D21: =D6-D8 -> -95572616 | E21: =E6-E8 -> -181587500 | F21: =F6-F8 -> -37366336 | G21: =G6-G8 -> -19913924 | H21: =H6-H8 -> -477316 | I21: =I6-I8 -> -31636180 | J21: =J6-J8 -> -8552964 | K21: =K6-K8 -> -8556569 | ... Q21: =Q6-Q8 -> -11705776 | R21: =SUM(F21:Q21) -> -167584659 | S21: =S6-S8 -> -27288201 | T21: =T6-T8 -> -27013529
C23: Extraordinary Receipts | D23: 6100000 | E23: 6297000 | F23: 85 | G23: 269470 | H23: 3941127 | I23: 650164 | J23: 151953 | K23: 419035 | L23: 150335 | M23: 100663 | N23: 278308 | O23: 143 | P23: 283333 | Q23: 190032 | R23: =SUM(F23:Q23) -> 6434648 | S23: 8203424 | T23: 8203424
C25: Extraordinary Payments | D25: 900000 | E25: 553000 | H25: 20270 | I25: 48999 | J25: 15127 | K25: 28839 | L25: 368071 | M25: 85773 | N25: 79902 | O25: 13534 | P25: 422 | Q25: -10276 | R25: =SUM(F25:Q25) -> 650661 | S25: 4284094 | T25: 4284094
V26: Increase in Defecit | W26: =(R27+T27)/T27*100 -> 800.70074
B27: Net Borrowing Requirement | D27: =D6-D8+D23-D25 -> -90372616 | E27: =E6-E8+E23-E25 -> -175843500 | F27: =F6-F8+F23-F25 -> -37366251 | G27: =G6-G8+G23-G25 -> -19644454 | H27: =H6-H8+H23-H25 -> 3443541 | I27: =I6-I8+I23-I25 -> -31035015 | J27: =J6-J8+J23-J25 -> -8416138 | K27: =K6-K8+K23-K25 -> -8166373 | ... P27: =P6-P8+P23-P25 -> 3326137 | Q27: -11526020 | R27: =SUM(F27:Q27) -> -161821224 | S27: =S6-S8+S23-S25 -> -23368871 | T27: =T6-T8+T23-T25 -> -23094199 | V27: YTD as a % of Total Budgeted | W27: =R27/D27*100 -> 179.06002
V28: Cumulative Borrowing | W28: =R27/12*-12 -> 161821224
V29: Cumulative Borrowing Shortage | W29: =W28+D27 -> 71448608
B30: Financing of the Net Borrowing Requirement
B32: Domestic Short Term Loans (net) | D32: 15400000 | E32: 49700000 | F32: 7336278 | G32: 10011803 | H32: 8812057 | I32: 1229482 | J32: 4533046 | K32: 11395449 | L32: 905258 | M32: 2015884 | N32: 827286 | O32: 3115342 | P32: -3409987 | Q32: 2998413 | R32: =SUM(F32:Q32) -> 49770311 | S32: 12225111 | T32: 12225111 | V32: YTD as a % of Total Budgeted | W32: =R32/D32*100 -> 323.18384
B34: Domestic Long Terms Loans (net) | D34: 61521800 | E34: 115828654 | F34: 9014812 | G34: 7916315 | H34: 7343895 | I34: 10721849 | J34: -1953249 | K34: 13597924 | L34: 14059800 | M34: 13031838 | N34: 9478928 | O34: 9227746 | P34: 12774616 | Q34: 13641251 | R34: =SUM(F34:Q34) -> 118855725 | S34: 23059005 | T34: 23059005 | V34: YTD as a % of Total Budgeted | W34: =R34/D34*100 -> 193.19286
B36: Foreign Loans (net) | D36: 3836800 | E36: 11456835 | F36: -796355 | G36: 6849714 | H36: -80222 | I36: -407091 | J36: -47071 | K36: 3802418 | L36: -736000 | M36: -197729 | N36: 551706 | O36: -445379 | P36: -38885 | Q36: 14802463 | R36: =SUM(F36:Q36) -> 23257569 | S36: -3954404 | T36: -3954404 | V36: YTD as a % of Total Budgeted | W36: =R36/D36*100 -> 606.171
B38: Change in cash and other balances ( - increase) | D38: 9614016 | E38: -1141989 | F38: 21811516 | G38: -5133378 | H38: -19519271 | I38: 19490775 | J38: 5883412 | K38: -20629418 | L38: 8128283 | M38: 8640811 | N38: -17347433 | O38: 1180310 | P38: -12651881 | Q38: -19916107 | R38: =SUM(F38:Q38) -> -30062381 | S38: -7960841 | T38: -8235513 | V38: YTD as a % of Total Budgeted | W38: =R38/D38*100 -> -312.69327
B40: Total Financing (net) | D40: =SUM(D32:D38) -> 90372616 | E40: =SUM(E32:E38) -> 175843500 | F40: =SUM(F32:F38) -> 37366251 | G40: =SUM(G32:G38) -> 19644454 | H40: =SUM(H32:H38) -> -3443541 | I40: =SUM(I32:I38) -> 31035015 | J40: =SUM(J32:J38) -> 8416138 | K40: =SUM(K32:K38) -> 8166373 | ... T40: =SUM(T32:T38) -> 23094199 | V40: YTD as a % of Total Budgeted | W40: =R40/D40*100 -> 179.06002
B42: =D3 -> 2009/10.
B43: SA GDP | C43: 1.7888699e+12
B44: Constant 2005 prices
B45: Deficit as a % of GDP
C46: =R40*1000/C43*100 -> 9.0460028
B48: (R'000) | D48: 2010/11. | S48: =D3 -> 2009/10.
D49: Budget Estimate | E49: Revised Estimate | F49: April | G49: May | H49: June | I49: July | J49: Aug | K49: Sep | L49: Oct | M49: Nov | N49: Dec | O49: Jan | P49: Feb | Q49: Mar | R49: Year To Date | S49: Prelimanary outcome | T49: =R49 -> Year To Date
V50: Increase in Revenue | W50: =(R51-T51)/T51*100 -> -73.070553
B51: Revenue | D51: 643239001 | E51: 673559175 | F51: 37006775 | G51: 38526421 | H51: 74652497 | I51: 43188235 | J51: 54060349 | K51: 56450912 | L51: 41014307 | M51: 43562059 | N51: 83242116 | O51: 47934349 | P51: 64550108 | Q51: 84807072 | R51: =SUM(F51:O51) -> 519638020 | S51: 579685922 | T51: =SUM(F6:O45) -> 1929627484 | V51: Cumulative Revenue | W51: =R51/10*12 -> 623565624
R52: =SUM(F52:N52) -> 0 | V52: Cumulative Revenue Shortage | W52: =D51-W51 -> 19673377
B53: Expenditure | D53: 818142943 | E53: =E55+E57+E64 -> 815678638 | F53: 62148799 | G53: 59384116 | H53: 65726819 | I53: 74868153 | J53: 63470501 | K53: 68875340 | L53: =L55+L57+L64 -> 58499608 | M53: =M55+M57+M64 -> 70534191 | N53: =N55+N57+N64 -> 77171933 | O53: 58637243 | P53: =P55+P57+P64 -> 56618009 | Q53: 89684288 | R53: =SUM(F53:O53) -> 659316703 | S53: 747270581 | T53: =SUM(F8:O45) -> 1478382891
R54: =SUM(F54:N54) -> 0 | V54: Change in Total Expenditure | W54: =(R53-T53)/T53*100 -> -55.402845
C55: Appropraition by vote | D55: 461517932 | E55: 466338623 | F55: 38373030 | G55: 34602092 | H55: 32536163 | I55: 48399286 | J55: 35856206 | K55: 33700788 | L55: 35393939 | M55: 45702974 | N55: 37700521 | O55: 31022346 | P55: 32286574 | Q55: 50458498 | R55: =SUM(F55:O55) -> 373287345 | S55: 433327220 | T55: =SUM(F10:O10) -> 353438245
R56: =SUM(F56:N56) -> 0
C57: Direct charges against National Revenue Fund | D57: 350625011 | E57: =SUM(E59:E62) -> 351040015 | F57: =SUM(F59:F62) -> 23775769 | G57: =SUM(G59:G62) -> 24782024 | H57: =SUM(H59:H62) -> 33190656 | I57: =SUM(I59:I62) -> 26468867 | J57: =SUM(J59:J62) -> 27614295 | K57: =SUM(K59:K62) -> 35174552 | L57: =SUM(L59:L62) -> 23105669 | ... Q57: =SUM(Q59:Q62) -> 39225790 | R57: =SUM(F57:O57) -> 286029358 | S57: 313943361 | T57: =SUM(F12:O45) -> 514777944 | V57: Change in Equitable Share | W57: =(R60-T60)/T60*100 -> 9.9736935
R58: =SUM(F58:N58) -> 0
C59: State Debt Costs | D59: 71357578 | E59: 67606879 | F59: 1682076 | G59: 1945794 | H59: 10672571 | I59: 3877771 | J59: 2524554 | K59: 12284947 | L59: 1189516 | M59: 1440570 | N59: 11197832 | O59: 4555421 | P59: 2011769 | Q59: 12844023 | R59: =SUM(F59:O59) -> 51371052 | S59: 57129217 | T59: =SUM(F14:O14) -> 43720766 | V59: Cumulative Equitable Share | W59: =R60/10*12 -> 2.6505768e+08
C60: Provincial Equitable Share | D60: 260973745 | E60: 265139448 | F60: 21747817 | G60: 21747817 | H60: 21747816 | I60: 21747814 | J60: 21747813 | K60: 21747813 | L60: 21747811 | M60: 21747810 | N60: 24769861 | O60: 22129026 | P60: 22129025 | Q60: 22129025 | R60: =SUM(F60:O60) -> 220881398 | S60: 240046103 | T60: =SUM(F15:O15) -> 200849304 | V60: Cumulative Equitable Shortage | W60: =W59-D60 -> 4083932.6
C61: General Fuel Levy sharing with Metros | D61: 7542361 | E61: 7542361 | J61: 2514120 | N61: 2514120 | O61: - | P61: 0 | Q61: 2514121 | R61: =SUM(F61:O61) -> 5028240 | S61: 6800104 | T61: =SUM(F16:O16) -> 3946822
C62: Other | D62: 10751327 | E62: 10751327 | F62: 345876 | G62: 1088413 | H62: 770269 | I62: 843282 | J62: 827808 | K62: 1141792 | L62: 168342 | M62: 1642837 | N62: 989599 | O62: 930450 | P62: 190641 | Q62: 1738621 | R62: =SUM(F62:O62) -> 8748668 | S62: 9967937 | T62: =SUM(F17:O17) -> 8211565
C64: Contingency Reserve | D64: 6000000 | E64: -1700000
B66: Budget Deficit/Surplus | D66: =D51-D53 -> -174903942 | E66: =E51-E53 -> -142119463 | F66: =F51-F53 -> -25142024 | G66: =G51-G53 -> -20857695 | H66: =H51-H53 -> 8925678 | I66: =I51-I53 -> -31679918 | J66: =J51-J53 -> -9410152 | K66: =K51-K53 -> -12424428 | ... Q66: =Q51-Q53 -> -4877216 | R66: =SUM(F66:O66) -> -139678683 | S66: -167584659 | T66: =SUM(F21:O41) -> 1321030
C68: Extraordinary Receipts | E68: 2450000 | F68: 318 | G68: 298309 | H68: 26115 | I68: 375196 | J68: 221424 | K68: 77660 | L68: 109931 | M68: 426995 | N68: 7114 | O68: 174361 | P68: 522028 | Q68: 770287 | R68: =SUM(F68:O68) -> 1717423 | S68: 6434648 | T68: =SUM(F23:O43) -> 160243139
C70: Extraordinary Payments | E70: -572000 | F70: -66828 | G70: -325 | H70: -84 | I70: -302 | J70: -4227 | K70: -195996 | L70: -117325 | M70: -287095 | N70: -42196 | O70: -47415 | P70: -11453 | Q70: -65371 | R70: =SUM(F70:O70) -> -761793 | S70: 650661 | T70: =SUM(F25:O45) -> 154281856
V71: Decrease in Defecit | W71: =(R72+T72)/T72*100 -> 9.6980588
B72: Net Borrowing Requirement | D72: =D51-D53+D68-D70 -> -174903942 | E72: =E51-E53+E68+E70 -> -140241463 | F72: =F51-F53+F68+F70 -> -25208534 | G72: =G51-G53+G68+G70 -> -20559711 | H72: =H51-H53+H68+H70 -> 8951709 | I72: =I51-I53+I68+I70 -> -31305024 | J72: =J51-J53+J68+J70 -> -9192955 | K72: =K51-K53+K68+K70 -> -12542764 | L72: =L51-L53+L68+L70 -> -17492695 | ... Q72: =Q51-Q53+Q68+Q70 -> -4172300 | R72: =SUM(F72:O72) -> -138723053 | S72: -161821224 | T72: =SUM(F27:O45) -> 153621341 | V72: YTD as a % of Total Budgeted | W72: =R72/D72*100 -> 79.313852
V73: Cumulative Borrowing | W73: =R72/10*12 -> -1.6646766e+08
V74: Cumulative Borrowing Shortage | W74: =W73-D72 -> 8436278.4
B75: Financing of the Net Borrowing Requirement
B77: Domestic Short Term Loans (net) | D77: 22000000 | E77: 22000000 | F77: 3491872 | G77: 5104250 | H77: 10305563 | I77: 100367 | J77: 5571633 | K77: 1547001 | L77: 2044415 | M77: 6868423 | N77: 4462732 | O77: -4758494 | P77: 2197732 | Q77: -2042495 | R77: =SUM(F77:O77) -> 34737762 | S77: 49770311 | T77: =SUM(F32:O32) -> 50181885 | V77: YTD as a % of Total Budgeted | W77: =R77/D77*100 -> 157.89892
R78: =SUM(F78:N78) -> 0
B79: Domestic Long Terms Loans (net) | D79: 137740042 | E79: 137740042 | F79: 10634428 | G79: 14282461 | H79: 12650855 | I79: 14242923 | J79: 834955 | K79: 13172310 | L79: 14916608 | M79: 13007363 | N79: 8654266 | O79: 8607704 | P79: 13305054 | Q79: 12540789 | R79: =SUM(F79:O79) -> 111003873 | S79: 118855725 | T79: =SUM(F34:O34) -> 92439858 | V79: YTD as a % of Total Budgeted | W79: =R79/D79*100 -> 80.5894
R80: =SUM(F80:N80) -> 0
B81: Foreign Loans (net) | D81: 11563900 | E81: -2430700 | F81: -688349 | G81: -164907 | H81: -60791 | I81: -300868 | J81: -55094 | K81: -17707 | L81: -340372 | M81: -180360 | N81: -53272 | O81: -401817 | P81: -58646 | Q81: 5161662 | R81: =SUM(F81:O81) -> -2263537 | S81: 23257569 | T81: =SUM(F36:O36) -> 8493991 | V81: YTD as a % of Total Budgeted | W81: =R81/D81*100 -> -19.574166
R82: =SUM(F82:N82) -> 0
B83: Change in cash and other balances ( - increase) | D83: 3600000 | E83: -17067879 | F83: 11770583 | G83: 1337907 | H83: -31847336 | I83: 17262602 | J83: 2841461 | K83: -2158840 | L83: 872044 | M83: 7136806 | N83: -19098827 | O83: 7128555 | P83: -23886814 | Q83: -11487656 | R83: =SUM(F83:O83) -> -4755045 | S83: -30062381 | T83: =SUM(F38:O38) -> 2505607 | V83: YTD as a % of Total Budgeted | W83: =R83/D83*100 -> -132.08458
B85: Total Financing (net) | D85: =SUM(D77:D83) -> 174903942 | E85: =SUM(E77:E83) -> 140241463 | F85: =SUM(F77:F83) -> 25208534 | G85: =SUM(G77:G83) -> 20559711 | H85: =SUM(H77:H83) -> -8951709 | I85: =SUM(I77:I83) -> 31305024 | J85: =SUM(J77:J83) -> 9192955 | K85: =SUM(K77:K83) -> 12542764 | ... Q85: =SUM(Q77:Q83) -> 4172300 | R85: =SUM(F85:O85) -> 138723053 | S85: 161821224 | T85: =SUM(F40:O40) -> 153621341 | V85: YTD as a % of Total Budgeted | W85: =R85/D85*100 -> 79.313852
B87: =D48 -> 2010/11.
B88: SA GDP | C88: 1.8494375e+12
B89: Constant 2005 prices
B90: Deficit as a % of GDP
C91: =R85*1000/C88*100 -> 7.5008239
B93: (R'000) | D93: 2011/12. | S93: =D48 -> 2010/11.
D94: Budget Estimate | E94: Revised Estimate | F94: April | G94: May | H94: June | I94: July | J94: Aug | K94: Sep | L94: Oct | M94: Nov | N94: Dec | O94: Jan | P94: Feb | Q94: Mar | R94: Year To Date | S94: Prelimanary outcome | T94: =R94 -> Year To Date
V95: Increase in Revenue | W95: =(R96-T96)/T96*100 -> 11.242425
B96: Revenue | D96: 729857668 | F96: 36997670 | G96: 42075894 | H96: 82200460 | I96: 41175954 | J96: 62289400 | K96: 60799593 | L96: 48397926 | M96: 50824697 | N96: 102065243 | O96: 51231100 | R96: =SUM(F96:O96) -> 578057937 | S96: 668995200 | T96: =SUM(F51:O51) -> 519638020 | V96: Cumulative Revenue | W96: =R96/10*12 -> 6.9366952e+08
V97: Cumulative Revenue Shortage | W97: =D96-W96 -> 36188144
B98: Expenditure | D98: =D100+D102+D109 -> 888923308 | F98: =F100+F102+F109 -> 62584555 | G98: =G100+G102+G109 -> 66302576 | H98: 69642934 | I98: 85237035 | J98: 67722731 | K98: 77807680 | L98: 58263409 | M98: 79406737 | N98: 81123686 | O98: 73969242 | P98: =P100+P102+P109 -> 0 | Q98: =Q100+Q102+Q109 -> 0 | R98: =SUM(F98:O98) -> 722060585 | S98: 805619000 | T98: =SUM(F53:O53) -> 659316703
V99: Change in Total Expenditure | W99: =(R98-T98)/T98*100 -> 9.5165012
C100: Appropraition by vote | D100: 499480936 | F100: 35695898 | G100: 39876109 | H100: 32522502 | I100: 55034037 | J100: 37310787 | K100: 39067262 | L100: 31691346 | M100: 52328042 | N100: 39538272 | O100: 40839423 | R100: =SUM(F100:O100) -> 403903678 | S100: 456032417 | T100: =SUM(F55:O55) -> 373287345
C102: Direct charges against National Revenue Fund | D102: =SUM(D104:D107) -> 385311972 | F102: =SUM(F104:F107) -> 26888657 | G102: =SUM(G104:G107) -> 26426467 | H102: 37120433 | I102: 30202998 | J102: 30411944 | K102: 38740418 | L102: 26572063 | M102: 27078695 | N102: 41584959 | O102: 33129819 | P102: =SUM(P104:P107) -> 0 | Q102: =SUM(Q104:Q107) -> 0 | R102: =SUM(F102:O102) -> 318156453 | S102: 349586583 | T102: =SUM(F57:O57) -> 286029358 | V102: Change in Equitable Share | W102: =(R105-T105)/T105*100 -> 10.288317
C104: State Debt Costs | D104: 76578687 | F104: 1763753 | G104: 2180975 | H104: 12123487 | I104: 5003366 | J104: 2610341 | K104: 13717255 | M104: 1913082 | N104: 12967264 | O104: 5655974 | R104: =SUM(F104:O104) -> 57935497 | S104: 66226844 | T104: =SUM(F59:O59) -> 51371052 | V104: Cumulative Equitable Share | W104: =R105/10*12 -> 2.9232765e+08
C105: Provincial Equitable Share | D105: 288492831 | F105: 24041073 | G105: 24041073 | H105: 24041072 | I105: 24041072 | J105: 24041071 | K105: 24041069 | L105: 24014069 | M105: 24041067 | N105: 24041067 | O105: 27263744 | R105: =SUM(F105:O105) -> 243606377 | S105: 265139448 | T105: =SUM(F60:O60) -> 220881398 | V105: Cumulative Equitable Shortage | W105: =W104-D105 -> 3834821.4
C106: General Fuel Levy sharing with Metros | D106: 8573130 | S106: 7542361
C107: Other | D107: 11667324 | F107: 1083831 | G107: 204419 | H107: 955874 | I107: 1158560 | J107: 2857710 | L107: 1061789 | M107: 1124546 | N107: 1718918 | O107: 190101 | R107: =SUM(F107:O107) -> 10355748 | S107: 10677930 | T107: =SUM(F62:O62) -> 8748668
C109: Contingency Reserve | D109: =40000+4090400 -> 4130400 | J109: 902822
B111: Budget Deficit/Surplus | D111: =D96-D98 -> -159065640 | F111: =F96-F98 -> -25586885 | G111: =G96-G98 -> -24226682 | H111: =H96-H98 -> 12557526 | I111: =I96-I98 -> -44061081 | J111: =J96-J98 -> -5433331 | K111: =K96-K98 -> -17008087 | L111: =L96-L98 -> -9865483 | M111: =M96-M98 -> -28582040 | ... Q111: =Q96-Q98 -> 0 | R111: =SUM(F111:O111) -> -144002648 | S111: -136623800 | T111: =SUM(F66:O66) -> -139678683
C113: Extraordinary Receipts | D113: 1350000 | F113: 280276 | G113: 202806 | H113: 361054 | I113: 300945 | J113: 354282 | K113: 713220 | L113: 548904 | M113: 736582 | N113: 298420 | O113: 89949 | R113: =SUM(F113:O113) -> 3886438 | S113: 3009738 | T113: =SUM(F68:O68) -> 1717423
C115: Extraordinary Payments | D115: -150000 | F115: -206868 | G115: -116641 | H115: -191358 | I115: 25855 | J115: -2744 | K115: -1139 | O115: -9206 | R115: =SUM(F115:O115) -> -502101 | S115: -838617 | T115: =SUM(F70:O70) -> -761793
V116: Decrease in Defecit | W116: =(R117+T117)/T117*100 -> 185.08052
B117: Net Borrowing Requirement | D117: =D96-D98+D113+D115 -> -157865640 | F117: =F96-F98+F113+F115 -> -25513477 | G117: =G96-G98+G113+G115 -> -24140517 | H117: =H96-H98+H113+H115 -> 12727222 | I117: =I96-I98+I113+I115 -> -43734281 | J117: =J96-J98+J113+J115 -> -5081793 | K117: 6296006 | L117: =L96-L98+L113+L115 -> -9316579 | M117: =M96-M98+M113+M115 -> -27845458 | N117: =N96-N98+N113+N115 -> 21239977 | O117: =O96-O98+O113+O115 -> -22657399 | P117: =P96-P98+P113+P115 -> 0 | Q117: =Q96-Q98+Q113+Q115 -> 0 | R117: =SUM(F117:O117) -> -118026299 | S117: -134452679 | T117: =SUM(F72:O72) -> -138723053 | V117: YTD as a % of Total Budgeted | W117: =R117/D117*100 -> 74.763767
V118: Cumulative Borrowing | W118: =R117/10*12 -> -1.4163156e+08
V119: Cumulative Borrowing Shortage | W119: =W118-D117 -> 16234081
B120: Financing of the Net Borrowing Requirement
B122: Domestic Short Term Loans (net) | D122: 22000000 | F122: -246256 | G122: 2370485 | H122: 5226110 | I122: 9353101 | J122: 1627102 | K122: -647011 | L122: 9107858 | M122: 6769658 | N122: 100932 | O122: -626076 | R122: =SUM(F122:O122) -> 33035903 | S122: 34892999 | T122: =SUM(F77:O77) -> 34737762 | V122: YTD as a % of Total Budgeted | W122: =R122/D122*100 -> 150.1632
B124: Domestic Long Terms Loans (net) | D124: 135367000 | F124: 10528543 | G124: 11861698 | H124: 12479571 | I124: 14439042 | J124: 1209159 | K124: 12307670 | L124: 14167473 | M124: 15379538 | N124: 8661736 | O124: 8972610 | R124: =SUM(F124:O124) -> 110007040 | S124: 136849716 | T124: =SUM(F79:O79) -> 111003873 | V124: YTD as a % of Total Budgeted | W124: =R124/D124*100 -> 81.265774
B126: Foreign Loans (net) | D126: 4999000 | F126: -770381 | G126: -189454 | H126: -74183 | I126: -405823 | J126: -38830 | K126: -20741 | L126: -796155 | M126: -216319 | N126: 32010 | O126: 11597452 | R126: =SUM(F126:O126) -> 9117576 | S126: 2839479 | T126: =SUM(F81:O81) -> -2263537 | V126: YTD as a % of Total Budgeted | W126: =R126/D126*100 -> 182.388
B128: Change in cash and other balances ( - increase) | D128: -4500360 | F128: 16001571 | G128: 10097788 | H128: -30358720 | I128: 20347961 | J128: 2284362 | K128: 4656088 | L128: -13162597 | M128: 5912581 | N128: -30034655 | O128: 2713413 | R128: =SUM(F128:O128) -> -11542208 | S128: -40129515 | T128: =SUM(F83:O83) -> -4755045 | V128: YTD as a % of Total Budgeted | W128: =R128/D128*100 -> 256.47299
B130: Total Financing (net) | D130: =SUM(D122:D128) -> 157865640 | F130: =SUM(F122:F128) -> 25513477 | G130: =SUM(G122:G128) -> 24140517 | H130: =SUM(H122:H128) -> -12727222 | I130: =SUM(I122:I128) -> 43734281 | J130: =SUM(J122:J128) -> 5081793 | K130: =SUM(K122:K128) -> 16296006 | L130: =SUM(L122:L128) -> 9316579 | M130: =SUM(M122:M128) -> 27845458 | ... Q130: =SUM(Q122:Q128) -> 0 | R130: =SUM(F130:O130) -> 140618311 | S130: 134452679 | T130: =SUM(F85:O85) -> 138723053 | V130: YTD as a % of Total Budgeted | W130: =R130/D130*100 -> 89.074678
C132: Total national government debt (R millions ) | D132: Monthly Change | E132: Annual Change
B133: 36495 | C133: 391420
B134: 36526 | C134: 390273 | D134: =(C134-C133)/C133*100 -> -0.29303561
...

Sheet Manufacturing
A1: TOTAL MANUFACTURING (SA)
B3: Indices of Physical Volume Production | C3: Value of IP Sales
B4: 2005=100 | C4: Seasonally adjus, R1000
A6: 35796 | B6: 76.9 | C6: 40276088
A7: 35827 | B7: 87.3 | C7: 39494290
A8: 35855 | B8: 88.4 | C8: 39779879
A9: 35886 | B9: 82.7 | C9: 40837325
A10: 35916 | B10: 87.1 | C10: 39204839
A11: 35947 | B11: 89.6 | C11: 40226963
A12: 35977 | B12: 89.8 | C12: 41053694
A13: 36008 | B13: 85.9 | C13: 39012908
A14: 36039 | B14: 91.9 | C14: 41059985
A15: 36069 | B15: 95.7 | C15: 40422982
A16: 36100 | B16: 94.5 | C16: 39850547
A17: 36130 | B17: 72.7 | C17: 40663405
... A177: 41000 | B177: 95.8 | C177: 122533399
A179: Average 1998 | B179: =AVERAGE(B6:B17) -> 86.875 | C179: =AVERAGE(C6:C17) -> 40156909
A180: Average 1999 | B180: =AVERAGE(B18:B29) -> 86.433333 | C180: =AVERAGE(C18:C29) -> 42624745
A181: Average 2000 | B181: =AVERAGE(B30:B41) -> 89.566667 | C181: =AVERAGE(C30:C41) -> 48139255
A182: Average 2001 | B182: =AVERAGE(B42:B53) -> 91.466667 | C182: =AVERAGE(C42:C53) -> 54007773
A183: Average 2002 | B183: =AVERAGE(B54:B65) -> 95.341667 | C183: =AVERAGE(C54:C65) -> 65951376
A184: Average 2003 | B184: =AVERAGE(B66:B77) -> 93.408333 | C184: =AVERAGE(C66:C77) -> 65168852
A185: Average 2004 | B185: =AVERAGE(B78:B89) -> 97.116667 | C185: =AVERAGE(C78:C89) -> 70637872
A186: Average 2005 | B186: =AVERAGE(B90:B101) -> 99.983333 | C186: =AVERAGE(C90:C101) -> 75071374
A187: Average 2006 | B187: =AVERAGE(B102:B113) -> 104.80833 | C187: =AVERAGE(C102:C113) -> 84741793
A188: Average 2007 | B188: =AVERAGE(B115:B125) -> 110.91818 | C188: =AVERAGE(C115:C125) -> 98005032
A189: Average 2008 | B189: =AVERAGE(B126:B137) -> 110.58333 | C189: =AVERAGE(C126:C137) -> 1.1515017e+08
A190: Average 2009 | B190: =AVERAGE(B138:B149) -> 96.275 | C190: =AVERAGE(C138:C149) -> 99394151
A191: Average 2010 | B191: =AVERAGE(B150:B161) -> 100.9 | C191: =AVERAGE(C150:C161) -> 1.0563893e+08
A192: Average 2011 | B192: =AVERAGE(B162:B173) -> 103.45833 | C192: =AVERAGE(C162:C173) -> 1.1551329e+08
A193: Average 2012 | B193: =AVERAGE(B174:B177) -> 99.175 | C193: =AVERAGE(C174:C177) -> 1.236463e+08
A195: Year-on-Year 1999 | B195: =(B180-B179)/B179*100 -> -0.50839329 | C195: =(C180/C179-1)*100 -> 6.1454836
A196: Year-on-Year 2000 | B196: =(B181-B180)/B180*100 -> 3.6251446 | C196: =(C181/C180-1)*100 -> 12.937344
A197: Year-on-Year 2001 | B197: =(B182-B181)/B181*100 -> 2.1213249 | C197: =(C182/C181-1)*100 -> 12.190712
A198: Year-on-Year 2002 | B198: =(B183-B182)/B182*100 -> 4.236516 | C198: =(C183/C182-1)*100 -> 22.114601
A199: Year-on-Year 2003 | B199: =(B184-B183)/B183*100 -> -2.0277948 | C199: =(C184/C183-1)*100 -> -1.1865168
A200: Year-on-Year 2004 | B200: =(B185-B184)/B184*100 -> 3.9700241 | C200: =(C185/C184-1)*100 -> 8.3920767
A201: Year-on-Year 2005 | B201: =(B186-B185)/B185*100 -> 2.9517762 | C201: =(C186/C185-1)*100 -> 6.2763811
A202: Year-on-Year 2006 | B202: =(B187-B186)/B186*100 -> 4.8258043 | C202: =(C187/C186-1)*100 -> 12.881633
A203: Year-on-Year 2007 | B203: =(B188-B187)/B187*100 -> 5.8295446 | C203: =(C188/C187-1)*100 -> 15.651355
A204: Year-on-Year 2008 | B204: =(B189-B188)/B188*100 -> -0.30188782 | C204: =(C189/C188-1)*100 -> 17.494136
A205: Year-on-Year 2009 | B205: =(B190-B189)/B189*100 -> -12.93896 | C205: =(C190/C189-1)*100 -> -13.683015
A206: Year-on-Year 2010 | B206: =(B191-B190)/B190*100 -> 4.803947 | C206: =(C191/C190-1)*100 -> 6.2828405
A207: Year-on-Year 2011 | B207: =(B192-B191)/B191*100 -> 2.5355137 | C207: =(C192/C191-1)*100 -> 9.3472741
A208: Year-on-Year 2012 | B208: =(B193-B192)/B192*100 -> -4.140153 | C208: =(C193-C192)/C192*100 -> 7.0407639

Sheet Retail
A1: RETAIL AND TRADE (SA)
B3: Retail Sales | C3: Motor Trade Sales | D3: Wholesale Trade Sales
A4: (at constant prices) | B4: R million | C4: Seasonally adjus, R million | D4: Seasonally adjus, R million
A6: 35796 | B6: 17027 | C6: 7973 | D6: 26051
A7: 35827 | B7: 15707 | C7: 7862 | D7: 26099
A8: 35855 | B8: 17393 | C8: 7890 | D8: 26606
A9: 35886 | B9: 16979 | C9: 8289 | D9: 26537
A10: 35916 | B10: 17358 | C10: 7727 | D10: 25951
A11: 35947 | B11: 16469 | C11: 7671 | D11: 26449
A12: 35977 | B12: 16675 | C12: 8335 | D12: 27102
A13: 36008 | B13: 16318 | C13: 7536 | D13: 26222
A14: 36039 | B14: 16501 | C14: 7411 | D14: 26632
A15: 36069 | B15: 17236 | C15: 7761 | D15: 26370
A16: 36100 | B16: 17810 | C16: 7771 | D16: 25781
A17: 36130 | B17: 23633 | C17: 7935 | D17: 25786
... A164: 40603 | B164: 42309 | C164: 34662 | D164: 47044
A165: 40634 | B165: 43848 | C165: 34053 | D165: 46394 | E165: 31675 | F165: 33115
A166: 40664 | B166: 41580 | C166: 34404 | D166: 47392
A167: 40695 | B167: 42333 | C167: 35515 | D167: 48036
A168: 40725 | B168: 43475 | C168: 33115 | D168: 45677
A169: 40756 | B169: 43230 | C169: 35521 | D169: 48965
A170: 40787 | B170: 44357 | C170: 37304 | D170: 49346
A171: 40817 | B171: 45938 | C171: 36115 | D171: 47825
A172: 40848 | B172: 47988 | C172: 37091 | D172: 48767
A173: 40878 | B173: 64850 | C173: 35833 | D173: 48949
A174: 40909 | B174: 43109 | C174: 37612 | D174: 50218
A175: 40940 | B175: 42756 | C175: 38084 | D175: 52145
A176: 40969 | B176: 45163 | C176: 37536 | D176: 49500
A177: 41000 | B177: 44284 | C177: 38164 | D177: 50193
A179: Average 1998 | B179: =AVERAGE(B6:B17) -> 17425.5 | C179: =AVERAGE(C6:C17) -> 7846.75 | D179: =AVERAGE(D6:D17) -> 26298.833
A180: Average 1999 | B180: =AVERAGE(B18:B29) -> 17237.583 | C180: =AVERAGE(C18:C29) -> 8154.5833 | D180: =AVERAGE(D18:D29) -> 27085.75
A181: Average 2000 | B181: =AVERAGE(B30:B41) -> 17300.667 | C181: =AVERAGE(C30:C41) -> 10719.5 | D181: =AVERAGE(D30:D41) -> 30049.667
A182: Average 2001 | B182: =AVERAGE(B42:B53) -> 17772.833 | C182: =AVERAGE(C42:C53) -> 12432.167 | D182: =AVERAGE(D42:D53) -> 31074.75
A183: Average 2002 | B183: =AVERAGE(B54:B65) -> 27842.333 | C183: =AVERAGE(C54:C65) -> 14848.5 | D183: =AVERAGE(D54:D65) -> 31871.167
A184: Average 2003 | B184: =AVERAGE(B66:B77) -> 29220 | C184: =AVERAGE(C66:C77) -> 16683.667 | D184: =AVERAGE(D66:D77) -> 34191.083
A185: Average 2004 | B185: =AVERAGE(B78:B89) -> 32489.5 | C185: =AVERAGE(C78:C89) -> 19690.083 | D185: =AVERAGE(D78:D89) -> 38525.167
A186: Average 2005 | B186: =AVERAGE(B90:B101) -> 35149.25 | C186: =AVERAGE(C90:C101) -> 22862.083 | D186: =AVERAGE(D90:D101) -> 39687.417
A187: Average 2006 | B187: =AVERAGE(B102:B113) -> 39339.083 | C187: =AVERAGE(C102:C113) -> 26248.75 | D187: =AVERAGE(D102:D113) -> 42240.167
A188: Average 2007 | B188: =AVERAGE(B115:B125) -> 42275.091 | C188: =AVERAGE(C115:C125) -> 28723.818 | D188: =AVERAGE(D115:D125) -> 44669.182
A189: Average 2008 | B189: =AVERAGE(B126:B137) -> 42005.25 | C189: =AVERAGE(C126:C137) -> 29934.917 | D189: =AVERAGE(D126:D137) -> 48128.667
A190: Average 2009 | B190: =AVERAGE(B138:B149) -> 40463 | C190: =AVERAGE(C138:C149) -> 26746.583 | D190: =AVERAGE(D138:D149) -> 43576.917
A191: Average 2010 | B191: =AVERAGE(B150:B161) -> 42532.667 | C191: =AVERAGE(C150:C161) -> 30808.833 | D191: =AVERAGE(D150:D161) -> 44661.417
A192: Average 2011 | B192: =AVERAGE(B162:B173) -> 45113.083 | C192: =AVERAGE(C162:C173) -> 35094.167 | D192: =AVERAGE(D162:D173) -> 47437.75
A193: Average 2012 | B193: =AVERAGE(B174:B177) -> 43828 | C193: =AVERAGE(C174:C177) -> 37849 | D193: =AVERAGE(D174:D177) -> 50514
A195: Year-on-Year 1999 | B195: =(B180-B179)/B179*100 -> -1.0784004 | C195: =(C180/C179-1)*100 -> 3.9230679 | D195: =(D180/D179-1)*100 -> 2.9922113
A196: Year-on-Year 2000 | B196: =(B181-B180)/B180*100 -> 0.36596391 | C196: =(C181/C180-1)*100 -> 31.453681 | D196: =(D181/D180-1)*100 -> 10.942716
A197: Year-on-Year 2001 | B197: =(B182-B181)/B181*100 -> 2.7291819 | C197: =(C182/C181-1)*100 -> 15.977113 | D197: =(D182/D181-1)*100 -> 3.4112969
A198: Year-on-Year 2002 | B198: =(B183-B182)/B182*100 -> 56.656695 | C198: =(C183/C182-1)*100 -> 19.43614 | D198: =(D183/D182-1)*100 -> 2.5629061
A199: Year-on-Year 2003 | B199: =(B184-B183)/B183*100 -> 4.9481006 | C199: =(C184/C183-1)*100 -> 12.359273 | D199: =(D184/D183-1)*100 -> 7.2790453
A200: Year-on-Year 2004 | B200: =(B185-B184)/B184*100 -> 11.189254 | C200: =(C185/C184-1)*100 -> 18.020119 | D200: =(D185/D184-1)*100 -> 12.676063
A201: Year-on-Year 2005 | B201: =(B186-B185)/B185*100 -> 8.186491 | C201: =(C186/C185-1)*100 -> 16.109632 | D201: =(D186/D185-1)*100 -> 3.0168591
A202: Year-on-Year 2006 | B202: =(B187-B186)/B186*100 -> 11.920122 | C202: =(C187/C186-1)*100 -> 14.813465 | D202: =(D187/D186-1)*100 -> 6.4321395
A203: Year-on-Year 2007 | B203: =(B188-B187)/B187*100 -> 7.463335 | C203: =(C188/C187-1)*100 -> 9.4292802 | D203: =(D188/D187-1)*100 -> 5.7504867
A204: Year-on-Year 2008 | B204: =(B189-B188)/B188*100 -> -0.63829764 | C204: =(C189/C188-1)*100 -> 4.2163562 | D204: =(D189/D188-1)*100 -> 7.7446792
A205: Year-on-Year 2009 | B205: =(B190-B189)/B189*100 -> -3.6715649 | C205: =(C190/C189-1)*100 -> -10.650884 | D205: =(D190/D189-1)*100 -> -9.4574612
A206: Year-on-Year 2010 | B206: =(B191-B190)/B190*100 -> 5.114961 | C206: =(C191/C190-1)*100 -> 15.187921 | D206: =(D191/D190-1)*100 -> 2.4887029
... A208: Year-on-Year 2012 | B208: =(B193-B192)/B192*100 -> -2.8485824 | C208: =(C193/C192-1)*100 -> 7.8498326 | D208: =(D193/D192-1)*100 -> 6.4848143

Sheet Monetary
A1: MONETARY INDICATORS
B3: CPI | C3: Long Term Interest Rates | D3: Real Interest Rates | E3: Rand Dollar Exchange Rate
B4: Year-on-Year | C4: R157 Yields | E4: per 1USD
A6: 35796 | B6: 5.7 | C6: 13.6 | D6: =C6-B6 -> 7.9 | E6: 4.9409
A7: 35827 | B7: 5.3 | C7: 13.52 | D7: =C7-B7 -> 8.22 | E7: 4.939
A8: 35855 | B8: 5.4 | C8: 13.31 | D8: =C8-B8 -> 7.91 | E8: 5.0365
A9: 35886 | B9: 5 | C9: 13.09 | D9: =C9-B9 -> 8.09 | E9: 5.056
A10: 35916 | B10: 5.1 | C10: 15.574 | D10: =C10-B10 -> 10.474 | E10: 5.157
A11: 35947 | B11: 5.2 | C11: 15.235 | D11: =C11-B11 -> 10.035 | E11: 5.8902
A12: 35977 | B12: 6.6 | C12: 15.5 | D12: =C12-B12 -> 8.9 | E12: 6.145
A13: 36008 | B13: 7.6 | C13: 19.53 | D13: =C13-B13 -> 11.93 | E13: 6.416
A14: 36039 | B14: 9 | C14: 17.29 | D14: =C14-B14 -> 8.29 | E14: 5.8752
A15: 36069 | B15: 9 | C15: 15.51 | D15: =C15-B15 -> 6.51 | E15: 5.6452
A16: 36100 | B16: 9.3 | C16: 16.02 | D16: =C16-B16 -> 6.72 | E16: 5.6952
A17: 36130 | B17: 9 | C17: 15.885 | D17: =C17-B17 -> 6.885 | E17: 5.865
... A178: 41030 | B178: 6.1 | C178: 6.39 | D178: =C178-B178 -> 0.29 | E178: 8.53
A181: Average 1998 | B181: =AVERAGE(B6:B17) -> 6.85 | C181: =AVERAGE(C6:C17) -> 15.338667 | D181: =AVERAGE(D6:D17) -> 8.4886667 | E181: =AVERAGE(E6:E17) -> 5.5551
A182: Average 1999 | B182: =AVERAGE(B18:B29) -> 5.2583333 | C182: =AVERAGE(C18:C29) -> 14.825417 | D182: =AVERAGE(D18:D29) -> 9.5670833 | E182: =AVERAGE(E18:E29) -> 6.1224667
A183: Average 2000 | B183: =AVERAGE(B30:B41) -> 5.325 | C183: =AVERAGE(C30:C41) -> 13.722083 | D183: =AVERAGE(D30:D41) -> 8.3970833 | E183: =AVERAGE(E30:E41) -> 6.9959
A184: Average 2001 | B184: =AVERAGE(B42:B53) -> 5.725 | C184: =AVERAGE(C42:C53) -> 11.30625 | D184: =AVERAGE(D42:D53) -> 5.58125 | E184: =AVERAGE(E42:E53) -> 8.7372417
A185: Average 2002 | B185: =AVERAGE(B54:B65) -> 9.15 | C185: =AVERAGE(C54:C65) -> 11.548333 | D185: =AVERAGE(D54:D65) -> 2.3983333 | E185: =AVERAGE(E54:E65) -> 10.360967
A186: Average 2003 | B186: =AVERAGE(B66:B77) -> 5.9666667 | C186: =AVERAGE(C66:C77) -> 9.5420833 | D186: =AVERAGE(D66:D77) -> 3.5754167 | E186: =AVERAGE(E66:E77) -> 7.403725
A187: Average 2004 | B187: =AVERAGE(B78:B89) -> 1.3916667 | C187: =AVERAGE(C78:C89) -> 9.5 | D187: =AVERAGE(D78:D89) -> 8.1083333 | E187: =AVERAGE(E78:E89) -> 6.3881583
A188: Average 2005 | B188: =AVERAGE(B90:B101) -> 3.4 | C188: =AVERAGE(C90:C101) -> 8.0225 | D188: =AVERAGE(D90:D101) -> 4.6225 | E188: =AVERAGE(E90:E101) -> 6.367425
A189: Average 2006 | B189: =AVERAGE(B102:B113) -> 4.4333333 | C189: =AVERAGE(C102:C113) -> 8.0008333 | D189: =AVERAGE(D102:D113) -> 3.5675 | E189: =AVERAGE(E102:E113) -> 6.8117583
A190: Average 2007 | B190: =AVERAGE(B115:B125) -> 6.9 | C190: =AVERAGE(C115:C125) -> 8.19 | D190: =AVERAGE(D115:D125) -> 1.29 | E190: =AVERAGE(E115:E125) -> 7.0046091
A191: Average 2008 | B191: =AVERAGE(B126:B137) -> 11.483333 | C191: =AVERAGE(C126:C137) -> 9.0925 | D191: =AVERAGE(D126:D137) -> -2.3908333 | E191: =AVERAGE(E126:E137) -> 7.238725
A192: Average 2009 | B192: =AVERAGE(B138:B149) -> 7.4083333 | C192: =AVERAGE(C138:C149) -> 8.2158333 | D192: =AVERAGE(D138:D149) -> 0.8075 | E192: =AVERAGE(E138:E149) -> 6.5155667
A193: Average 2010 | B193: =AVERAGE(B150:B161) -> 4.525 | C193: =AVERAGE(C150:C161) -> 7.6895833 | D193: =AVERAGE(D150:D161) -> 3.1645833 | E193: =AVERAGE(E150:E161) -> 6.7169167
A194: Average 2011 | B194: =AVERAGE(B162:B173) -> 4.7583333 | C194: =AVERAGE(C162:C173) -> 7.2570833 | D194: =AVERAGE(D162:D173) -> 2.49875 | E194: =AVERAGE(E162:E173) -> 7.3033333
A195: Average 2012 | B195: =AVERAGE(B174:B178) -> 6.12 | C195: =AVERAGE(C174:C178) -> 6.518 | D195: =AVERAGE(D174:D178) -> 0.398 | E195: =AVERAGE(E174:E178) -> 7.858
A197: Year-on-Year 1999 | B197: =(B182-B181)/B181*100 -> -23.23601 | C197: =(C182-C181)/C181*100 -> -3.3461187 | D197: =(D182-D181)/D181*100 -> 12.704194 | E197: =(E182-E181)/E181*100 -> 10.213438
A198: Year-on-Year 2000 | B198: =(B183-B182)/B182*100 -> 1.2678288 | C198: =(C183-C182)/C182*100 -> -7.4421742 | D198: =(D183-D182)/D182*100 -> -12.229433 | E198: =(E183-E182)/E182*100 -> 14.266037
A199: Year-on-Year 2001 | B199: =(B184-B183)/B183*100 -> 7.5117371 | C199: =(C184-C183)/C183*100 -> -17.605441 | D199: =(D184-D183)/D183*100 -> -33.533469 | E199: =(E184-E183)/E183*100 -> 24.890888
A200: Year-on-Year 2002 | B200: =(B185-B184)/B184*100 -> 59.825328 | C200: =(C185-C184)/C184*100 -> 2.1411461 | D200: =(D185-D184)/D184*100 -> -57.028742 | E200: =(E185-E184)/E184*100 -> 18.583954
A201: Year-on-Year 2003 | B201: =(B186-B185)/B185*100 -> -34.790528 | C201: =(C186-C185)/C185*100 -> -17.372637 | D201: =(D186-D185)/D185*100 -> 49.079222 | E201: =(E186-E185)/E185*100 -> -28.542141
A202: Year-on-Year 2004 | B202: =(B187-B186)/B186*100 -> -76.675978 | C202: =(C187-C186)/C186*100 -> -0.44102878 | D202: =(D187-D186)/D186*100 -> 126.7801 | E202: =(E187-E186)/E186*100 -> -13.716969
A203: Year-on-Year 2005 | B203: =(B188-B187)/B187*100 -> 144.31138 | C203: =(C188-C187)/C187*100 -> -15.552632 | D203: =(D188-D187)/D187*100 -> -42.99075 | E203: =(E188-E187)/E187*100 -> -0.32455885
A204: Year-on-Year 2006 | B204: =(B189-B188)/B188*100 -> 30.392157 | C204: =(C189-C188)/C188*100 -> -0.27007375 | D204: =(D189-D188)/D188*100 -> -22.823148 | E204: =(E189-E188)/E188*100 -> 6.9782264
A205: Year-on-Year 2007 | B205: =(B190-B189)/B189*100 -> 55.639098 | C205: =(C190-C189)/C189*100 -> 2.364337 | D205: =(D190-D189)/D189*100 -> -63.840224 | E205: =(E190-E189)/E189*100 -> 2.831145
A206: Year-on-Year 2008 | B206: =(B191-B190)/B190*100 -> 66.425121 | C206: =(C191-C190)/C190*100 -> 11.019536 | D206: =(D191-D190)/D190*100 -> -285.33592 | E206: =(E191-E190)/E190*100 -> 3.3423123
A207: Year-on-Year 2009 | B207: =(B192-B191)/B191*100 -> -35.486212 | C207: =(C192-C191)/C191*100 -> -9.641646 | D207: =(D192-D191)/D191*100 -> -133.77483 | E207: =(E192-E191)/E191*100 -> -9.9901341
A208: Year-on-Year 2010 | B208: =(B193-B192)/B192*100 -> -38.920135 | C208: =(C193-C192)/C192*100 -> -6.4053149 | D208: =(D193-D192)/D192*100 -> 291.89886 | E208: =(E193-E192)/E192*100 -> 3.0902915
... A210: Year-on-Year 2012 | B210: =(B195-B194)/B194*100 -> 28.616462 | C210: =(C195-C194)/C194*100 -> -10.184303 | D210: =(D195-D194)/D194*100 -> -84.072036 | E210: =(E195-E194)/E194*100 -> 7.5947056
C296: 39822 | D296: =E296/10000 -> 10.2189 | E296: 102189
C297: 39853 | D297: =E297/10000 -> 10.0605 | E297: 100605
C298: 39881 | D298: =E298/10000 -> 9.531 | E298: 95310
C299: 39912 | D299: =E299/10000 -> 8.4534 | E299: 84534
C300: 39942 | D300: =E300/10000 -> 7.9894 | E300: 79894
C301: 39973 | D301: =E301/10000 -> 7.746 | E301: 77460
C302: 40003 | D302: =E302/10000 -> 7.785 | E302: 77850
C303: 40034 | D303: =E303/10000 -> 7.7796 | E303: 77796
C304: 40065 | D304: =E304/10000 -> 7.5077 | E304: 75077
C305: 10-98 | D305: =E305/1000 -> 15.51 | E305: 15510
C306: 11-98 | D306: =E306/1000 -> 16.02 | E306: 16020
C307: 12-98 | D307: =E307/1000 -> 15.885 | E307: 15885
C308: 01-99 | D308: =E308/1000 -> 15.605 | E308: 15605
C309: 02-99 | D309: =E309/1000 -> 14.365 | E309: 14365
C310: 03-99 | D310: =E310/1000 -> 14.82 | E310: 14820
C311: 04-99 | D311: =E311/1000 -> 14.6 | E311: 14600
C312: 05-99 | D312: =E312/1000 -> 15.09 | E312: 15090
C313: 06-99 | D313: =E313/1000 -> 15.175 | E313: 15175
C314: 07-99 | D314: =E314/1000 -> 15.195 | E314: 15195
C315: 08-99 | D315: =E315/1000 -> 15.215 | E315: 15215
C316: 09-99 | D316: =E316/1000 -> 15.015 | E316: 15015
... C331: 12-00 | D331: =E331/1000 -> 12.69 | E331: 12690
C332: 39814 | D332: =E332/1000 -> 12.365 | E332: 12365
C333: 39845 | D333: =E333/1000 -> 11.64 | E333: 11640
C334: 39873 | D334: =E334/1000 -> 12.23 | E334: 12230
C335: 39904 | D335: =E335/1000 -> 12.085 | E335: 12085
C336: 39934 | D336: =E336/1000 -> 11.845 | E336: 11845
C337: 39965 | D337: =E337/1000 -> 10.88 | E337: 10880
C338: 39995 | D338: =E338/1000 -> 10.635 | E338: 10635
C339: 40026 | D339: =E339/1000 -> 10.86 | E339: 10860
C340: 40057 | D340: =E340/1000 -> 10.74 | E340: 10740
C341: 40087 | D341: =E341/1000 -> 10.52 | E341: 10520
C342: 40118 | D342: =E342/1000 -> 10.315 | E342: 10315
C343: 40148 | D343: =E343/1000 -> 11.56 | E343: 11560
... C436: 40065 | D436: =E436/1000 -> 8.29 | E436: 8290

Sheet Trade
A1: `YEAR ON YEAR TRADE BALANCE IN RANDS MILLION 2004-2012
C4: 2004 | E4: Trade balance | F4: 2005 | H4: Trade balance | I4: 2006 | K4: Trade balance | M4: Trade Balance
B5: MONTH | C5: Imports | D5: Exports | F5: Imports | G5: Exports | I5: Imports | J5: Exports | M5: 2004 | N5: =SUM(E6:E17) -> -10209.38
B6: JANUARY | C6: 19640.28 | D6: 19390.78 | E6: =D6-C6 -> -249.5 | F6: 23818.28 | G6: 21670.26 | H6: =G6-F6 -> -2148.02 | I6: 29281.04 | J6: 21543.37 | K6: =J6-I6 -> -7737.67 | M6: =M5+1 -> 2005 | N6: =SUM(H6:H17) -> -19420.5
B7: FEBRUARY | C7: 20225.74 | D7: 22722.98 | E7: =D7-C7 -> 2497.24 | F7: 23681.58 | G7: 23202.23 | H7: =G7-F7 -> -479.35 | I7: 30398.37 | J7: 26482.51 | K7: =J7-I7 -> -3915.86 | M7: =M6+1 -> 2006 | N7: =SUM(K6:K17) -> -66780.87
B8: MARCH | C8: 23716.87 | D8: 25917.95 | E8: =D8-C8 -> 2201.08 | F8: 27747.51 | G8: 26099.84 | H8: =G8-F8 -> -1647.67 | I8: 32750.44 | J8: 29928.69 | K8: =J8-I8 -> -2821.75 | M8: =M7+1 -> 2007 | N8: =SUM(E22:E33) -> -71003.89
B9: APRIL | C9: 25892.69 | D9: 22533.6 | E9: =D9-C9 -> -3359.09 | F9: 28039.3 | G9: 28139.9 | H9: =G9-F9 -> 100.6 | I9: 28930.8 | J9: 26497.31 | K9: =J9-I9 -> -2433.49 | M9: =M8+1 -> 2008 | N9: =SUM(H22:H33) -> -83519.22
B10: MAY | C10: 24708.5 | D10: 24804.95 | E10: =D10-C10 -> 96.45 | F10: 31253.96 | G10: 28166.37 | H10: =G10-F10 -> -3087.59 | I10: 37645.17 | J10: 30670.76 | K10: =J10-I10 -> -6974.41 | M10: =M9+1 -> 2009 | N10: =SUM(K22:K33) -> -18251.537
B11: JUNE | C11: 28205.21 | D11: 25731.79 | E11: =D11-C11 -> -2473.42 | F11: 29432.83 | G11: 30654.5 | H11: =G11-F11 -> 1221.67 | I11: 39725.02 | J11: 35489 | K11: =J11-I11 -> -4236.02 | M11: =M10+1 -> 2010 | N11: =SUM(E38:E52) -> 11364.847
B12: JULY | C12: 25518.77 | D12: 24906.73 | E12: =D12-C12 -> -612.04 | F12: 29387.37 | G12: 28027.02 | H12: =G12-F12 -> -1360.35 | I12: 42596.36 | J12: 34791.77 | K12: =J12-I12 -> -7804.59 | M12: =M11+1 -> 2011 | N12: =SUM(H38:H49) -> -30365.157
B13: AUGUST | C13: 24703.73 | D13: 21377.11 | E13: =D13-C13 -> -3326.62 | F13: 31979.01 | G13: 28632.27 | H13: =G13-F13 -> -3346.74 | I13: 41215.34 | J13: 35863.74 | K13: =J13-I13 -> -5351.6 | M13: =M12+1 -> 2012 | N13: =SUM(K38:K49) -> -45297.58
B14: SEPTEMBER | C14: 28169.12 | D14: 27279.63 | E14: =D14-C14 -> -889.49 | F14: 33023.9 | G14: 29270.84 | H14: =G14-F14 -> -3753.06 | I14: 37767 | J14: 37454.22 | K14: =J14-I14 -> -312.78
B15: OCTOBER | C15: 29574.35 | D15: 23704 | E15: =D15-C15 -> -5870.35 | F15: 31545.09 | G15: 25960.68 | H15: =G15-F15 -> -5584.41 | I15: 52699.89 | J15: 39710.59 | K15: =J15-I15 -> -12989.3
B16: NOVEMBER | C16: 28434.31 | D16: 27518.13 | E16: =D16-C16 -> -916.18 | F16: 33561 | G16: 30406.86 | H16: =G16-F16 -> -3154.14 | I16: 52903.65 | J16: 40331.52 | K16: =J16-I16 -> -12572.13
B17: DECEMBER | C17: 25825.73 | D17: 28518.27 | E17: =D17-C17 -> 2692.54 | F17: 25741.04 | G17: 29559.6 | H17: =G17-F17 -> 3818.56 | I17: 36147.75 | J17: 36516.48 | K17: =J17-I17 -> 368.73
C20: 2007 | E20: Trade balance | F20: 2008 | H20: Trade balance | I20: 2009 | K20: Trade balance
C21: Imports | D21: Exports | F21: Imports | G21: Exports | I21: Imports | J21: Exports
B22: JANUARY | C22: 42393.78 | D22: 30456.49 | E22: =D22-C22 -> -11937.29 | F22: 49574.31 | G22: 39346.64 | H22: =G22-F22 -> -10227.67 | I22: 53698.62 | J22: 36232.29 | K22: =J22-I22 -> -17466.33
B23: FEBRUARY | C23: 40095.14 | D23: 37428.19 | E23: =D23-C23 -> -2666.95 | F23: 52766.11 | G23: 46881.63 | H23: =G23-F23 -> -5884.48 | I23: 44632.44 | J23: 44037.55 | K23: =J23-I23 -> -594.89
B24: MARCH | C24: 45258.4 | D24: 42514.43 | E24: =D24-C24 -> -2743.97 | F24: 56181.04 | G24: 51092.69 | H24: =G24-F24 -> -5088.35 | I24: 52478.2 | J24: 51906.59 | K24: =J24-I24 -> -571.61
B25: APRIL | C25: 43717.72 | D25: 38043.53 | E25: =D25-C25 -> -5674.19 | F25: 66168.99 | G25: 55841.25 | H25: =G25-F25 -> -10327.74 | I25: 42112.41 | J25: 40483.43 | K25: =J25-I25 -> -1628.98
B26: MAY | C26: 46227.6 | D26: 43556.49 | E26: =D26-C26 -> -2671.11 | F26: 57900.04 | G26: 56683.72 | H26: =G26-F26 -> -1216.32 | I26: 39437 | J26: 41456 | K26: =J26-I26 -> 2019
B27: JUNE | C27: 47655.23 | D27: 42341.59 | E27: =D27-C27 -> -5313.64 | F27: 60343.81 | G27: 60110.82 | H27: =G27-F27 -> -232.99 | I27: 39817 | J27: 42986.13 | K27: =J27-I27 -> 3169.13
B28: JULY | C28: 51521.67 | D28: 42088.6 | E28: =D28-C28 -> -9433.07 | F28: 75599.59 | G28: 61255.89 | H28: =G28-F28 -> -14343.7 | I28: 44015.13 | J28: 44461.89 | K28: =J28-I28 -> 446.76
B29: AUGUST | C29: 51590.31 | D29: 42355.25 | E29: =D29-C29 -> -9235.06 | F29: 65514.46 | G29: 60210.17 | H29: =G29-F29 -> -5304.29 | I29: 42361.865 | J29: 40380.625 | K29: =J29-I29 -> -1981.2402
B30: SEPTEMBER | C30: 44152.97 | D30: 39764.35 | E30: =D30-C30 -> -4388.62 | F30: 68179.04 | G30: 61001.24 | H30: =G30-F30 -> -7177.8 | I30: 41664.309 | J30: 45535.407 | K30: =J30-I30 -> 3871.0989
B31: OCTOBER | C31: 56264.78 | D31: 41350.59 | E31: =D31-C31 -> -14914.19 | F31: 75445.25 | G31: 65624.08 | H31: =G31-F31 -> -9821.17 | I31: 50797.616 | J31: 44088.885 | K31: =J31-I31 -> -6708.7301
B32: NOVEMBER | C32: 48989.28 | D32: 48224.4 | E32: =D32-C32 -> -764.88 | F32: 65944.26 | G32: 53776 | H32: =G32-F32 -> -12168.26 | I32: 48330.425 | J32: 45855.858 | K32: =J32-I32 -> -2474.567
B33: DECEMBER | C33: 43834.42 | D33: 42573.5 | E33: =D33-C33 -> -1260.92 | F33: 50176.82 | G33: 48450.37 | H33: =G33-F33 -> -1726.45 | I33: 41692.849 | J33: 45361.67 | K33: =J33-I33 -> 3668.8211
C36: 2010 | E36: Trade balance | F36: 2011 | H36: Trade balance | I36: 2012 | K36: Trade balance
C37: Imports | D37: Exports | F37: Imports | G37: Exports | I37: Imports | J37: Exports
B38: JANUARY | C38: 39966.558 | D38: 36635.517 | E38: =D38-C38 -> -3331.0413 | F38: 49681.591 | G38: 44755.25 | H38: =G38-F38 -> -4926.3412 | I38: 67506.49 | J38: 54003.27 | K38: =J38-I38 -> -13503.22
B39: FEBRUARY | C39: 45947.344 | D39: 40257.281 | E39: =D39-C39 -> -5690.0625 | F39: 52584.55 | G39: 52234.64 | H39: =G39-F39 -> -349.91 | I39: 63740.78 | J39: 56254.83 | K39: =J39-I39 -> -7485.95
B40: MARCH | C40: 51075.05 | D40: 51532.804 | E40: =D40-C40 -> 457.75405 | F40: 59272.536 | G40: 60243.141 | H40: =G40-F40 -> 970.60514 | I40: 66819.86 | J40: 61313.39 | K40: =J40-I40 -> -5506.47
B41: APRIL | C41: 46056.187 | D41: 44167.037 | E41: =D41-C41 -> -1889.1503 | F41: 54112.61 | G41: 51666.262 | H41: =G41-F41 -> -2446.3481 | I41: 62027.81 | J41: 52153.92 | K41: =J41-I41 -> -9873.89
B42: MAY | C42: 47478.66 | D42: 47176.642 | E42: =D42-C42 -> -302.0181 | F42: 57346.02 | G42: 56315.82 | H42: =G42-F42 -> -1030.2 | I42: 71719.17 | J42: 62791.12 | K42: =J42-I42 -> -8928.05
B43: JUNE | C43: 49933.203 | D43: 55561.827 | E43: =D43-C43 -> 5628.6245 | F43: 55684.72 | G43: 60553.83 | H43: =G43-F43 -> 4869.11 | K43: =J43-I43 -> 0
B44: JULY | C44: 53992.198 | D44: 56010.23 | E44: =D44-C44 -> 2018.0321 | F44: 60406.11 | G44: 56503.96 | H44: =G44-F44 -> -3902.15 | K44: =J44-I44 -> 0
B45: AUGUST | C45: 53187.036 | D45: 48523.381 | E45: =D45-C45 -> -4663.6547 | F45: 64735.39 | G45: 60997.64 | H45: =G45-F45 -> -3737.75 | K45: =J45-I45 -> 0
B46: SEPTEMBER | C46: 49543.031 | D46: 53160.461 | E46: =D46-C46 -> 3617.43 | F46: 65254.85 | G46: 67768.43 | H46: =G46-F46 -> 2513.58 | K46: =J46-I46 -> 0
B47: OCTOBER | C47: 53034.126 | D47: 49824.55 | E47: =D47-C47 -> -3209.5757 | F47: 70769.47 | G47: 61189.97 | H47: =G47-F47 -> -9579.5 | K47: =J47-I47 -> 0
B48: NOVEMBER | C48: 51783.811 | D48: 60184.286 | E48: =D48-C48 -> 8400.4748 | F48: 76501.55 | G48: 68456.82 | H48: =G48-F48 -> -8044.73 | K48: =J48-I48 -> 0
B49: DECEMBER | C49: 43575.731 | D49: 53903.765 | E49: =D49-C49 -> 10328.034 | F49: 62982.943 | G49: 58281.42 | H49: =G49-F49 -> -4701.523 | K49: =J49-I49 -> 0

Sheet Employment
A1: LABOUR FORCE CHARACTERISTICS BY PROVINCE (KZN)
A2: . | B2: Population of working age (15–64 years) | C2: Labour Force | D2: Employed | E2: Unemployed | F2: Not Economically Active | G2: Discourage Work Seekers
A3: Q1 2008 | B3: 6250000 | C3: =SUM(D3:E3) -> 3315000 | D3: 2562000 | E3: 753000 | F3: =B3-D3-E3 -> 2935000 | G3: 183000
A4: Q2 2008 | B4: 6273000 | C4: =SUM(D4:E4) -> 3359000 | D4: 2614000 | E4: 745000 | F4: =B4-D4-E4 -> 2914000 | G4: 167000
A5: Q3 2008 | B5: 6295000 | C5: =SUM(D5:E5) -> 3312000 | D5: 2583000 | E5: 729000 | F5: =B5-D5-E5 -> 2983000 | G5: 186000
A6: Q4 2008 | B6: 6318000 | C6: 3321000 | D6: 2631000 | E6: 690000 | F6: =B6-D6-E6 -> 2997000 | G6: 224000
A7: Q1 2009 | B7: 6340000 | C7: 3248000 | D7: 2514000 | E7: 733000 | F7: =B7-D7-E7 -> 3093000 | G7: 271000
A8: Q2 2009 | B8: 6362000 | C8: 3043000 | D8: 2457000 | E8: 586000 | F8: =B8-D8-E8 -> 3319000 | G8: 448000
A9: Q3 2009 | B9: 6384000 | C9: 3105000 | D9: 2526000 | E9: 579000 | F9: =B9-D9-E9 -> 3279000 | G9: 495000
A10: Q4 2009 | B10: 6405000 | C10: 3068000 | D10: 2476000 | E10: 592000 | F10: =B10-D10-E10 -> 3337000 | G10: 467000
A11: Q1 2010 | B11: 6426000 | C11: 3084000 | D11: 2488000 | E11: 596000 | F11: =B11-D11-E11 -> 3342000 | G11: 503000
A12: Q2 2010 | B12: 6439000 | C12: 3081000 | D12: 2436000 | E12: 645000 | F12: =B12-D12-E12 -> 3358000 | G12: 504000
A13: Q3 2010 | B13: 6664000 | C13: 2990000 | D13: 2401000 | E13: 588000 | F13: =B13-D13-E13 -> 3675000 | G13: 563000
A14: Q4 2010 | B14: 6692000 | C14: 3040000 | D14: 2439000 | E14: 601000 | F14: =B14-D14-E14 -> 3652000 | G14: 540000
A15: Q1 2011 | B15: 6720000 | C15: 3049000 | D15: 2429000 | E15: 620000 | F15: =B15-D15-E15 -> 3671000 | G15: 592000
A16: Q2 2011 | B16: 6748000 | C16: 3137000 | D16: 2500000 | E16: 638000 | F16: =B16-D16-E16 -> 3610000 | G16: 604000
A17: Q3 2011 | B17: 6776000 | C17: 3103000 | D17: 2510000 | E17: 593000 | F17: =B17-D17-E17 -> 3673000 | G17: 549000
... A19: Q1 2012 | B19: 6828000 | C19: 3168000 | D19: 2519000 | E19: 649000 | F19: =B19-D19-E19 -> 3660000 | G19: 579000
A21: Quarterly % Change Q2 2008 | B21: =(B4-B3)/B3*100 -> 0.368 | C21: =(C4-C3)/C3*100 -> 1.3273002 | D21: =(D4-D3)/D3*100 -> 2.0296643 | E21: =(E4-E3)/E3*100 -> -1.062417 | F21: =(F4-F3)/F3*100 -> -0.71550256 | G21: =(G4-G3)/G3*100 -> -8.7431694
A22: Quarterly % Change Q3 2008 | B22: =(B5-B4)/B4*100 -> 0.35070939 | C22: =(C5-C4)/C4*100 -> -1.399226 | D22: =(D5-D4)/D4*100 -> -1.185922 | E22: =(E5-E4)/E4*100 -> -2.147651 | F22: =(F5-F4)/F4*100 -> 2.3678792 | G22: =(G5-G4)/G4*100 -> 11.377246
A23: Quarterly % Change Q4 2008 | B23: =(B6-B5)/B5*100 -> 0.36536934 | C23: =(C6-C5)/C5*100 -> 0.27173913 | D23: =(D6-D5)/D5*100 -> 1.8583043 | E23: =(E6-E5)/E5*100 -> -5.3497942 | F23: =(F6-F5)/F5*100 -> 0.46932618 | G23: =(G6-G5)/G5*100 -> 20.430108
A24: Quarterly % Change Q1 2009 | B24: =(B7-B6)/B6*100 -> 0.34821146 | C24: =(C7-C6)/C6*100 -> -2.1981331 | D24: =(D7-D6)/D6*100 -> -4.4469783 | E24: =(E7-E6)/E6*100 -> 6.2318841 | F24: =(F7-F6)/F6*100 -> 3.2032032 | G24: =(G7-G6)/G6*100 -> 20.982143
A25: Quarterly % Change Q2 2009 | B25: =(B8-B7)/B7*100 -> 0.34700315 | C25: =(C8-C7)/C7*100 -> -6.3115764 | D25: =(D8-D7)/D7*100 -> -2.2673031 | E25: =(E8-E7)/E7*100 -> -20.05457 | F25: =(F8-F7)/F7*100 -> 7.3068219 | G25: =(G8-G7)/G7*100 -> 65.313653
A26: Quarterly % Change Q3 2009 | B26: =(B9-B8)/B8*100 -> 0.34580321 | C26: =(C9-C8)/C8*100 -> 2.037463 | D26: =(D9-D8)/D8*100 -> 2.8083028 | E26: =(E9-E8)/E8*100 -> -1.1945392 | F26: =(F9-F8)/F8*100 -> -1.2051823 | G26: =(G9-G8)/G8*100 -> 10.491071
A27: Quarterly % Change Q4 2009 | B27: =(B10-B9)/B9*100 -> 0.32894737 | C27: =(C10-C9)/C9*100 -> -1.1916264 | D27: =(D10-D9)/D9*100 -> -1.9794141 | E27: =(E10-E9)/E9*100 -> 2.2452504 | F27: =(F10-F9)/F9*100 -> 1.768832 | G27: =(G10-G9)/G9*100 -> -5.6565657
A28: Quarterly % Change Q1 2010 | B28: =(B11-B10)/B10*100 -> 0.32786885 | C28: =(C11-C10)/C10*100 -> 0.52151239 | D28: =(D11-D10)/D10*100 -> 0.48465267 | E28: =(E11-E10)/E10*100 -> 0.67567568 | F28: =(F11-F10)/F10*100 -> 0.14983518 | G28: =(G11-G10)/G10*100 -> 7.7087794
A29: Quarterly % Change Q2 2010 | B29: =(B12-B11)/B11*100 -> 0.20230314 | C29: =(C12-C11)/C11*100 -> -0.097276265 | D29: =(D12-D11)/D11*100 -> -2.0900322 | E29: =(E12-E11)/E11*100 -> 8.2214765 | F29: =(F12-F11)/F11*100 -> 0.47875524 | G29: =(G12-G11)/G11*100 -> 0.19880716
A30: Quarterly % Change Q3 2010 | B30: =(B13-B12)/B12*100 -> 3.4943314 | C30: =(C13-C12)/C12*100 -> -2.9535865 | D30: =(D13-D12)/D12*100 -> -1.4367816 | E30: =(E13-E12)/E12*100 -> -8.8372093 | F30: =(F13-F12)/F12*100 -> 9.4401429 | G30: =(G13-G12)/G12*100 -> 11.706349
A31: Quarterly % Change Q4 2010 | B31: =(B14-B13)/B13*100 -> 0.42016807 | C31: =(C14-C13)/C13*100 -> 1.6722408 | D31: =(D14-D13)/D13*100 -> 1.5826739 | E31: =(E14-E13)/E13*100 -> 2.2108844 | F31: =(F14-F13)/F13*100 -> -0.62585034 | G31: =(G14-G13)/G13*100 -> -4.0852575
A32: Quarterly % Change Q1 2011 | B32: =(B15-B14)/B14*100 -> 0.41841004 | C32: =(C15-C14)/C14*100 -> 0.29605263 | D32: =(D15-D14)/D14*100 -> -0.4100041 | E32: =(E15-E14)/E14*100 -> 3.1613977 | F32: =(F15-F14)/F14*100 -> 0.52026287 | G32: =(G15-G14)/G14*100 -> 9.6296296
... A36: Quarterly % Change Q1 2012 | B36: =(B19-B18)/B18*100 -> 0.38224052 | C36: =(C19-C18)/C18*100 -> -0.25188917 | D36: =(D19-D18)/D18*100 -> -1.6783763 | E36: =(E19-E18)/E18*100 -> 5.7003257 | F36: =(F19-F18)/F18*100 -> 0.93767237 | G36: =(G19-G18)/G18*100 -> 5.8500914
A38: Q1 2009 Year-on-Year % | B38: =(B7-B3)/B3*100 -> 1.44 | C38: =(C7-C3)/C3*100 -> -2.0211161 | D38: =(D7-D3)/D3*100 -> -1.8735363 | E38: =(E7-E3)/E3*100 -> -2.6560425 | F38: =(F7-F3)/F3*100 -> 5.3833049 | G38: =(G7-G3)/G3*100 -> 48.087432
A39: Q2 2009 Year-on-Year % | B39: =(B8-B4)/B4*100 -> 1.4187789 | C39: =(C8-C4)/C4*100 -> -9.4075618 | D39: =(D8-D4)/D4*100 -> -6.0061209 | E39: =(E8-E4)/E4*100 -> -21.342282 | F39: =(F8-F4)/F4*100 -> 13.898421 | G39: =(G8-G4)/G4*100 -> 168.26347
A40: Q3 2009 Year-on-Year % | B40: =(B9-B5)/B5*100 -> 1.4138205 | C40: =(C9-C5)/C5*100 -> -6.25 | D40: =(D9-D5)/D5*100 -> -2.2067364 | E40: =(E9-E5)/E5*100 -> -20.576132 | F40: =(F9-F5)/F5*100 -> 9.9228964 | G40: =(G9-G5)/G5*100 -> 166.12903
A41: Q4 2009 Year-on-Year % | B41: =(B10-B6)/B6*100 -> 1.377018 | C41: =(C10-C6)/C6*100 -> -7.6181873 | D41: =(D10-D6)/D6*100 -> -5.8912961 | E41: =(E10-E6)/E6*100 -> -14.202899 | F41: =(F10-F6)/F6*100 -> 11.344678 | G41: =(G10-G6)/G6*100 -> 108.48214
A42: Q1 2010 Year-on-Year % | B42: =(B11-B7)/B7*100 -> 1.3564669 | C42: =(C11-C7)/C7*100 -> -5.0492611 | D42: =(D11-D7)/D7*100 -> -1.0342084 | E42: =(E11-E7)/E7*100 -> -18.690314 | F42: =(F11-F7)/F7*100 -> 8.0504365 | G42: =(G11-G7)/G7*100 -> 85.608856
A43: Q2 2010 Year-on-Year % | B43: =(B12-B8)/B8*100 -> 1.2103112 | C43: =(C12-C8)/C8*100 -> 1.2487677 | D43: =(D12-D8)/D8*100 -> -0.85470085 | E43: =(E12-E8)/E8*100 -> 10.068259 | F43: =(F12-F8)/F8*100 -> 1.1750527 | G43: =(G12-G8)/G8*100 -> 12.5
A44: Q3 2010 Year-on-Year % | B44: =(B13-B9)/B9*100 -> 4.3859649 | C44: =(C13-C9)/C9*100 -> -3.7037037 | D44: =(D13-D9)/D9*100 -> -4.9485352 | E44: =(E13-E9)/E9*100 -> 1.5544041 | F44: =(F13-F9)/F9*100 -> 12.076853 | G44: =(G13-G9)/G9*100 -> 13.737374
A45: Q4 2010 Year-on-Year % | B45: =(B14-B10)/B10*100 -> 4.4808743 | C45: =(C14-C10)/C10*100 -> -0.91264668 | D45: =(D14-D10)/D10*100 -> -1.4943457 | E45: =(E14-E10)/E10*100 -> 1.5202703 | F45: =(F14-F10)/F10*100 -> 9.4396164 | G45: =(G14-G10)/G10*100 -> 15.631692
A46: Q1 2011 Year-on-Year % | B46: =(B15-B11)/B11*100 -> 4.5751634 | C46: =(C15-C11)/C11*100 -> -1.1348898 | D46: =(D15-D11)/D11*100 -> -2.3713826 | E46: =(E15-E11)/E11*100 -> 4.0268456 | F46: =(F15-F11)/F11*100 -> 9.8444045 | G46: =(G15-G11)/G11*100 -> 17.693837
A47: Q2 2011 Year-on-Year % | B47: =(B16-B12)/B12*100 -> 4.7988818 | C47: =(C16-C12)/C12*100 -> 1.8175917 | D47: =(D16-D12)/D12*100 -> 2.6272578 | E47: =(E16-E12)/E12*100 -> -1.0852713 | F47: =(F16-F12)/F12*100 -> 7.5044669 | G47: =(G16-G12)/G12*100 -> 19.84127
A48: Q3 2011 Year-on-Year % | B48: =(B17-B13)/B13*100 -> 1.6806723 | C48: =(C17-C13)/C13*100 -> 3.7792642 | D48: =(D17-D13)/D13*100 -> 4.5397751 | E48: =(E17-E13)/E13*100 -> 0.85034014 | F48: =(F17-F13)/F13*100 -> -0.054421769 | G48: =(G17-G13)/G13*100 -> -2.4866785
A49: Q4 2011 Year-on-Year % | B49: =(B18-B14)/B14*100 -> 1.6437537 | C49: =(C18-C14)/C14*100 -> 4.4736842 | D49: =(D18-D14)/D14*100 -> 5.0430504 | E49: =(E18-E14)/E14*100 -> 2.1630616 | F49: =(F18-F14)/F14*100 -> -0.71193866 | G49: =(G18-G14)/G14*100 -> 1.2962963
A50: Q1 2012 Year-on-Year % | B50: =(B19-B15)/B15*100 -> 1.6071429 | C50: =(C19-C15)/C15*100 -> 3.902919 | D50: =(D19-D15)/D15*100 -> 3.7052285 | E50: =(E19-E15)/E15*100 -> 4.6774194 | F50: =(F19-F15)/F15*100 -> -0.29964587 | G50: =(G19-G15)/G15*100 -> -2.1959459
B52: Unemployment rate | C52: Employed / population ratio (Absorption) | D52: Labour force participation rate | F52: Unemployment Rate (Expanded Def)
A53: =A3 -> Q1 2008 | B53: =E3/C3*100 -> 22.714932 | C53: =D3/B3*100 -> 40.992 | D53: =(C3/B3)*100 -> 53.04 | F53: =(E3+G3)/C3*100 -> 28.235294
A54: =A4 -> Q2 2008 | B54: =E4/C4*100 -> 22.17922 | C54: =D4/B4*100 -> 41.670652 | D54: =(C4/B4)*100 -> 53.546947 | F54: =(E4+G4)/C4*100 -> 27.150938
A55: =A5 -> Q3 2008 | B55: =E5/C5*100 -> 22.01087 | C55: =D5/B5*100 -> 41.032566 | D55: =(C5/B5)*100 -> 52.613185 | F55: =(E5+G5)/C5*100 -> 27.626812
A56: =A6 -> Q4 2008 | B56: =E6/C6*100 -> 20.776874 | C56: =D6/B6*100 -> 41.642925 | D56: =(C6/B6)*100 -> 52.564103 | F56: =(E6+G6)/C6*100 -> 27.521831
A57: =A7 -> Q1 2009 | B57: =E7/C7*100 -> 22.567734 | C57: =D7/B7*100 -> 39.652997 | D57: =(C7/B7)*100 -> 51.230284 | F57: =(E7+G7)/C7*100 -> 30.91133
A58: =A8 -> Q2 2009 | B58: =E8/C8*100 -> 19.257312 | C58: =D8/B8*100 -> 38.619931 | D58: =(C8/B8)*100 -> 47.830871 | F58: =(E8+G8)/C8*100 -> 33.979625
A59: =A9 -> Q3 2009 | B59: =E9/C9*100 -> 18.647343 | C59: =D9/B9*100 -> 39.567669 | D59: =(C9/B9)*100 -> 48.637218 | F59: =(E9+G9)/C9*100 -> 34.589372
A60: =A10 -> Q4 2009 | B60: =E10/C10*100 -> 19.295958 | C60: =D10/B10*100 -> 38.657299 | D60: =(C10/B10)*100 -> 47.900078 | F60: =(E10+G10)/C10*100 -> 34.517601
A61: =A11 -> Q1 2010 | B61: =E11/C11*100 -> 19.325551 | C61: =D11/B11*100 -> 38.717709 | D61: =(C11/B11)*100 -> 47.99253 | F61: =(E11+G11)/C11*100 -> 35.635538
A62: =A12 -> Q2 2010 | B62: =E12/C12*100 -> 20.934761 | C62: =D12/B12*100 -> 37.831961 | D62: =(C12/B12)*100 -> 47.849045 | F62: =(E12+G12)/C12*100 -> 37.293087
A63: =A13 -> Q3 2010 | B63: =E13/C13*100 -> 19.665552 | C63: =D13/B13*100 -> 36.029412 | D63: =(C13/B13)*100 -> 44.867947 | F63: =(E13+G13)/C13*100 -> 38.494983
A64: =A14 -> Q4 2010 | B64: =E14/C14*100 -> 19.769737 | C64: =D14/B14*100 -> 36.446503 | D64: =(C14/B14)*100 -> 45.427376 | F64: =(E14+G14)/C14*100 -> 37.532895
A65: =A15 -> Q1 2011 | B65: =E15/C15*100 -> 20.334536 | C65: =D15/B15*100 -> 36.145833 | D65: =(C15/B15)*100 -> 45.372024 | F65: =(E15+G15)/C15*100 -> 39.750738
A66: Q2 2011 | B66: =E16/C16*100 -> 20.337902 | C66: =D16/B16*100 -> 37.048014 | D66: =C16/B16*100 -> 46.487848 | F66: =(E16+G16)/C16*100 -> 39.591967
A67: Q3 2011 | B67: =E17/C17*100 -> 19.110538 | C67: =F17/D17*100 -> 146.33466 | D67: =G17/E17*100 -> 92.580101 | F67: =(E17+G17)/C17*100 -> 36.803094
A68: Q4 2011 | B68: =E18/C18*100 -> 19.332494 | C68: =F18/D18*100 -> 141.53005 | D68: =G18/E18*100 -> 89.087948 | F68: =(E18+G18)/C18*100 -> 36.555416
A69: Q1 2012 | B69: 20.5 | C69: =F19/D19*100 -> 145.29575 | D69: =G19/E19*100 -> 89.214176 | F69: =(E19+G19)/C19*100 -> 38.762626
A71: EMPLOYED BY INDUSTRY AND PROVINCE (KZN)
B72: Agriculture | C72: Mining | D72: Manufacturing | E72: Utilities | F72: Construction | G72: Trade | H72: Transport | I72: Finance | J72: Community and social services | K72: Private households
A73: =A53 -> Q1 2008 | B73: 129000 | C73: 8000 | D73: 441000 | E73: 13000 | F73: 209000 | G73: 593000 | H73: 168000 | I73: 289000 | J73: 484000 | K73: 229000
A74: =A54 -> Q2 2008 | B74: 165000 | C74: 8000 | D74: 428000 | E74: 16000 | F74: 219000 | G74: 583000 | H74: 171000 | I74: 296000 | J74: 497000 | K74: 230000
A75: =A55 -> Q3 2008 | B75: 151000 | C75: 8000 | D75: 397000 | E75: 14000 | F75: 224000 | G75: 617000 | H75: 169000 | I75: 264000 | J75: 475000 | K75: 265000
A76: =A56 -> Q4 2008 | B76: 163000 | C76: 9000 | D76: 400000 | E76: 11000 | F76: 242000 | G76: 595000 | H76: 182000 | I76: 270000 | J76: 476000 | K76: 283000
A77: =A57 -> Q1 2009 | B77: 134000 | C77: 8000 | D77: 389000 | E77: 13000 | F77: 218000 | G77: 516000 | H77: 184000 | I77: 279000 | J77: 490000 | K77: 283000
A78: =A58 -> Q2 2009 | B78: 103000 | C78: 11000 | D78: 415000 | E78: 8000 | F78: 233000 | G78: 521000 | H78: 173000 | I78: 280000 | J78: 465000 | K78: 245000
A79: =A59 -> Q3 2009 | B79: 116000 | C79: 6000 | D79: 407000 | E79: 4000 | F79: 244000 | G79: 532000 | H79: 177000 | I79: 313000 | J79: 489000 | K79: 236000
A80: =A60 -> Q4 2009 | B80: 111000 | C80: 7000 | D80: 397000 | E80: 9000 | F80: 238000 | G80: 531000 | H80: 159000 | I80: 306000 | J80: 490000 | K80: 227000
A81: =A61 -> Q1 2010 | B81: 120000 | C81: 9000 | D81: 419000 | E81: 5000 | F81: 243000 | G81: 528000 | H81: 159000 | I81: 275000 | J81: 501000 | K81: 228000
A82: =A62 -> Q2 2010 | B82: 114000 | C82: 8000 | D82: 372000 | E82: 8000 | F82: 236000 | G82: 513000 | H82: 164000 | I82: 312000 | J82: 482000 | K82: 226000
A83: =A63 -> Q3 2010 | B83: 119000 | C83: 7000 | D83: 371000 | E83: 9000 | F83: 231000 | G83: 509000 | H83: 194000 | I83: 279000 | J83: 470000 | K83: 213000
A84: =A64 -> Q4 2010 | B84: 121000 | C84: 13000 | D84: 371000 | E84: 17000 | F84: 225000 | G84: 523000 | H84: 185000 | I84: 266000 | J84: 266000 | K84: 208000
... A86: =A66 -> Q2 2011 | B86: 99000 | C86: 6000 | D86: 397000 | E86: 18000 | F86: 235000 | G86: 555000 | H86: 181000 | I86: 274000 | J86: 509000 | K86: 226000
A87: Q3 2011 | B87: 97000 | C87: 16000 | D87: 400000 | E87: 8000 | F87: 234000 | G87: 605000 | H87: 156000 | I87: 287000 | J87: 486000 | K87: 220000
A88: Q4 2011 | B88: 95000 | C88: 13000 | D88: 428000 | E88: 7000 | F88: 239000 | G88: 614000 | H88: 171000 | I88: 277000 | J88: 516000 | K88: 201000
A89: Q1 2012 | B89: 91000 | C89: 16000 | D89: 386000 | E89: 9000 | F89: 210000 | G89: 570000 | H89: 180000 | I89: 276000 | J89: 540000 | K89: 239000
A91: =A21 -> Quarterly % Change Q2 2008 | B91: =(B74-B73)/B73*100 -> 27.906977 | C91: =(C74-C73)/C73*100 -> 0 | D91: =(D74-D73)/D73*100 -> -2.9478458 | E91: =(E74-E73)/E73*100 -> 23.076923 | F91: =(F74-F73)/F73*100 -> 4.784689 | G91: =(G74-G73)/G73*100 -> -1.6863406 | H91: =(H74-H73)/H73*100 -> 1.7857143 | I91: =(I74-I73)/I73*100 -> 2.4221453 | ... K91: =(K74-K73)/K73*100 -> 0.43668122
A92: =A22 -> Quarterly % Change Q3 2008 | B92: =(B75-B74)/B74*100 -> -8.4848485 | C92: =(C75-C74)/C74*100 -> 0 | D92: =(D75-D74)/D74*100 -> -7.2429907 | E92: =(E75-E74)/E74*100 -> -12.5 | F92: =(F75-F74)/F74*100 -> 2.283105 | G92: =(G75-G74)/G74*100 -> 5.8319039 | H92: =(H75-H74)/H74*100 -> -1.1695906 | I92: =(I75-I74)/I74*100 -> -10.810811 | ... K92: =(K75-K74)/K74*100 -> 15.217391
A93: =A23 -> Quarterly % Change Q4 2008 | B93: =(B76-B75)/B75*100 -> 7.9470199 | C93: =(C76-C75)/C75*100 -> 12.5 | D93: =(D76-D75)/D75*100 -> 0.75566751 | E93: =(E76-E75)/E75*100 -> -21.428571 | F93: =(F76-F75)/F75*100 -> 8.0357143 | G93: =(G76-G75)/G75*100 -> -3.5656402 | H93: =(H76-H75)/H75*100 -> 7.6923077 | I93: =(I76-I75)/I75*100 -> 2.2727273 | ... K93: =(K76-K75)/K75*100 -> 6.7924528
A94: =A24 -> Quarterly % Change Q1 2009 | B94: =(B77-B76)/B76*100 -> -17.791411 | C94: =(C77-C76)/C76*100 -> -11.111111 | D94: =(D77-D76)/D76*100 -> -2.75 | E94: =(E77-E76)/E76*100 -> 18.181818 | F94: =(F77-F76)/F76*100 -> -9.9173554 | G94: =(G77-G76)/G76*100 -> -13.277311 | H94: =(H77-H76)/H76*100 -> 1.0989011 | I94: =(I77-I76)/I76*100 -> 3.3333333 | ... K94: =(K77-K76)/K76*100 -> 0
A95: =A25 -> Quarterly % Change Q2 2009 | B95: =(B78-B77)/B77*100 -> -23.134328 | C95: =(C78-C77)/C77*100 -> 37.5 | D95: =(D78-D77)/D77*100 -> 6.6838046 | E95: =(E78-E77)/E77*100 -> -38.461538 | F95: =(F78-F77)/F77*100 -> 6.8807339 | G95: =(G78-G77)/G77*100 -> 0.96899225 | H95: =(H78-H77)/H77*100 -> -5.9782609 | I95: =(I78-I77)/I77*100 -> 0.35842294 | ... K95: =(K78-K77)/K77*100 -> -13.427562
A96: =A26 -> Quarterly % Change Q3 2009 | B96: =(B79-B78)/B78*100 -> 12.621359 | C96: =(C79-C78)/C78*100 -> -45.454545 | D96: =(D79-D78)/D78*100 -> -1.9277108 | E96: =(E79-E78)/E78*100 -> -50 | F96: =(F79-F78)/F78*100 -> 4.72103 | G96: =(G79-G78)/G78*100 -> 2.1113244 | H96: =(H79-H78)/H78*100 -> 2.3121387 | I96: =(I79-I78)/I78*100 -> 11.785714 | ... K96: =(K79-K78)/K78*100 -> -3.6734694
A97: =A27 -> Quarterly % Change Q4 2009 | B97: =(B80-B79)/B79*100 -> -4.3103448 | C97: =(C80-C79)/C79*100 -> 16.666667 | D97: =(D80-D79)/D79*100 -> -2.4570025 | E97: =(E80-E79)/E79*100 -> 125 | F97: =(F80-F79)/F79*100 -> -2.4590164 | G97: =(G80-G79)/G79*100 -> -0.18796992 | H97: =(H80-H79)/H79*100 -> -10.169492 | I97: =(I80-I79)/I79*100 -> -2.2364217 | ... K97: =(K80-K79)/K79*100 -> -3.8135593
A98: =A28 -> Quarterly % Change Q1 2010 | B98: =(B81-B80)/B80*100 -> 8.1081081 | C98: =(C81-C80)/C80*100 -> 28.571429 | D98: =(D81-D80)/D80*100 -> 5.5415617 | E98: =(E81-E80)/E80*100 -> -44.444444 | F98: =(F81-F80)/F80*100 -> 2.1008403 | G98: =(G81-G80)/G80*100 -> -0.56497175 | H98: =(H81-H80)/H80*100 -> 0 | I98: =(I81-I80)/I80*100 -> -10.130719 | ... K98: =(K81-K80)/K80*100 -> 0.44052863
A99: =A29 -> Quarterly % Change Q2 2010 | B99: =(B82-B81)/B81*100 -> -5 | C99: =(C82-C81)/C81*100 -> -11.111111 | D99: =(D82-D81)/D81*100 -> -11.217184 | E99: =(E82-E81)/E81*100 -> 60 | F99: =(F82-F81)/F81*100 -> -2.8806584 | G99: =(G82-G81)/G81*100 -> -2.8409091 | H99: =(H82-H81)/H81*100 -> 3.1446541 | I99: =(I82-I81)/I81*100 -> 13.454545 | ... K99: =(K82-K81)/K81*100 -> -0.87719298
A100: =A30 -> Quarterly % Change Q3 2010 | B100: =(B83-B82)/B82*100 -> 4.3859649 | C100: =(C83-C82)/C82*100 -> -12.5 | D100: =(D83-D82)/D82*100 -> -0.2688172 | E100: =(E83-E82)/E82*100 -> 12.5 | F100: =(F83-F82)/F82*100 -> -2.1186441 | G100: =(G83-G82)/G82*100 -> -0.7797271 | H100: =(H83-H82)/H82*100 -> 18.292683 | I100: =(I83-I82)/I82*100 -> -10.576923 | ... K100: =(K83-K82)/K82*100 -> -5.7522124
A101: =A31 -> Quarterly % Change Q4 2010 | B101: =(B84-B83)/B83*100 -> 1.6806723 | C101: =(C84-C83)/C83*100 -> 85.714286 | D101: =(D84-D83)/D83*100 -> 0 | E101: =(E84-E83)/E83*100 -> 88.888889 | F101: =(F84-F83)/F83*100 -> -2.5974026 | G101: =(G84-G83)/G83*100 -> 2.7504912 | H101: =(H84-H83)/H83*100 -> -4.6391753 | I101: =(I84-I83)/I83*100 -> -4.6594982 | ... K101: =(K84-K83)/K83*100 -> -2.3474178
A102: =A32 -> Quarterly % Change Q1 2011 | B102: =(B85-B84)/B84*100 -> -10.743802 | C102: =(C85-C84)/C84*100 -> 7.6923077 | D102: =(D85-D84)/D84*100 -> 4.851752 | E102: =(E85-E84)/E84*100 -> 11.764706 | F102: =(F85-F84)/F84*100 -> 0.44444444 | G102: =(G85-G84)/G84*100 -> 2.4856597 | H102: =(H85-H84)/H84*100 -> -5.9459459 | I102: =(I85-I84)/I84*100 -> -2.6315789 | ... K102: =(K85-K84)/K84*100 -> -9.6153846
... A106: =A36 -> Quarterly % Change Q1 2012 | B106: =(B89-B88)/B88*100 -> -4.2105263 | C106: =(C89-C88)/C88*100 -> 23.076923 | D106: =(D89-D88)/D88*100 -> -9.8130841 | E106: =(E89-E88)/E88*100 -> 28.571429 | F106: =(F89-F88)/F88*100 -> -12.133891 | G106: =(G89-G88)/G88*100 -> -7.1661238 | H106: =(H89-H88)/H88*100 -> 5.2631579 | I106: =(I89-I88)/I88*100 -> -0.36101083 | ... K106: =(K89-K88)/K88*100 -> 18.905473
A108: =A38 -> Q1 2009 Year-on-Year % | B108: =(B77-B73)/B73*100 -> 3.875969 | C108: =(C77-C73)/C73*100 -> 0 | D108: =(D77-D73)/D73*100 -> -11.791383 | E108: =(E77-E73)/E73*100 -> 0 | F108: =(F77-F73)/F73*100 -> 4.3062201 | G108: =(G77-G73)/G73*100 -> -12.984823 | H108: =(H77-H73)/H73*100 -> 9.5238095 | I108: =(I77-I73)/I73*100 -> -3.4602076 | ... K108: =(K77-K73)/K73*100 -> 23.580786
A109: =A39 -> Q2 2009 Year-on-Year % | B109: =(B78-B74)/B74*100 -> -37.575758 | C109: =(C78-C74)/C74*100 -> 37.5 | D109: =(D78-D74)/D74*100 -> -3.0373832 | E109: =(E78-E74)/E74*100 -> -50 | F109: =(F78-F74)/F74*100 -> 6.3926941 | G109: =(G78-G74)/G74*100 -> -10.634648 | H109: =(H78-H74)/H74*100 -> 1.1695906 | I109: =(I78-I74)/I74*100 -> -5.4054054 | ... K109: =(K78-K74)/K74*100 -> 6.5217391
A110: =A40 -> Q3 2009 Year-on-Year % | B110: =(B79-B75)/B75*100 -> -23.178808 | C110: =(C79-C75)/C75*100 -> -25 | D110: =(D79-D75)/D75*100 -> 2.5188917 | E110: =(E79-E75)/E75*100 -> -71.428571 | F110: =(F79-F75)/F75*100 -> 8.9285714 | G110: =(G79-G75)/G75*100 -> -13.776337 | H110: =(H79-H75)/H75*100 -> 4.7337278 | I110: =(I79-I75)/I75*100 -> 18.560606 | ... K110: =(K79-K75)/K75*100 -> -10.943396
A111: =A41 -> Q4 2009 Year-on-Year % | B111: =(B80-B76)/B76*100 -> -31.90184 | C111: =(C80-C76)/C76*100 -> -22.222222 | D111: =(D80-D76)/D76*100 -> -0.75 | E111: =(E80-E76)/E76*100 -> -18.181818 | F111: =(F80-F76)/F76*100 -> -1.6528926 | G111: =(G80-G76)/G76*100 -> -10.756303 | H111: =(H80-H76)/H76*100 -> -12.637363 | I111: =(I80-I76)/I76*100 -> 13.333333 | ... K111: =(K80-K76)/K76*100 -> -19.787986
A112: =A42 -> Q1 2010 Year-on-Year % | B112: =(B81-B77)/B77*100 -> -10.447761 | C112: =(C81-C77)/C77*100 -> 12.5 | D112: =(D81-D77)/D77*100 -> 7.7120823 | E112: =(E81-E77)/E77*100 -> -61.538462 | F112: =(F81-F77)/F77*100 -> 11.46789 | G112: =(G81-G77)/G77*100 -> 2.3255814 | H112: =(H81-H77)/H77*100 -> -13.586957 | I112: =(I81-I77)/I77*100 -> -1.4336918 | ... K112: =(K81-K77)/K77*100 -> -19.434629
A113: =A43 -> Q2 2010 Year-on-Year % | B113: =(B82-B78)/B78*100 -> 10.679612 | C113: =(C82-C78)/C78*100 -> -27.272727 | D113: =(D82-D78)/D78*100 -> -10.361446 | E113: =(E82-E78)/E78*100 -> 0 | F113: =(F82-F78)/F78*100 -> 1.2875536 | G113: =(G82-G78)/G78*100 -> -1.5355086 | H113: =(H82-H78)/H78*100 -> -5.2023121 | I113: =(I82-I78)/I78*100 -> 11.428571 | ... K113: =(K82-K78)/K78*100 -> -7.755102
A114: =A44 -> Q3 2010 Year-on-Year % | B114: =(B83-B79)/B79*100 -> 2.5862069 | C114: =(C83-C79)/C79*100 -> 16.666667 | D114: =(D83-D79)/D79*100 -> -8.8452088 | E114: =(E83-E79)/E79*100 -> 125 | F114: =(F83-F79)/F79*100 -> -5.3278689 | G114: =(G83-G79)/G79*100 -> -4.3233083 | H114: =(H83-H79)/H79*100 -> 9.6045198 | I114: =(I83-I79)/I79*100 -> -10.86262 | ... K114: =(K83-K79)/K79*100 -> -9.7457627
...

Sheet PSCE
A1: SA | B1: Credit extended to the domestic private sector - R millions
B4: Investments | C4: Bills discounted | D4: Total loans and advances | E4: Instalment sales credit | F4: Leasing finance | G4: Mortgage advances | H4: Other loans and advances
A5: 32874 | B5: 4504 | C5: 9002 | D5: =E5+F5+G5+H5 -> 134728 | E5: 15499 | F5: 9161 | G5: 52126 | H5: 57942
A6: 32905 | B6: 2915 | C6: 9348 | D6: =E6+F6+G6+H6 -> 136214 | E6: 15710 | F6: 9308 | G6: 52915 | H6: 58281
A7: 32933 | B7: 2517 | C7: 8932 | D7: =E7+F7+G7+H7 -> 137551 | E7: 15855 | F7: 9548 | G7: 53481 | H7: 58667
A8: 32964 | B8: 2777 | C8: 9367 | D8: =E8+F8+G8+H8 -> 138847 | E8: 15936 | F8: 9645 | G8: 53980 | H8: 59286
A9: 32994 | B9: 2796 | C9: 9731 | D9: =E9+F9+G9+H9 -> 140240 | E9: 16189 | F9: 9828 | G9: 54644 | H9: 59579
A10: 33025 | B10: 3088 | C10: 9849 | D10: =E10+F10+G10+H10 -> 142392 | E10: 16601 | F10: 9851 | G10: 55319 | H10: 60621
A11: 33055 | B11: 3476 | C11: 10381 | D11: =E11+F11+G11+H11 -> 143387 | E11: 16703 | F11: 10061 | G11: 56091 | H11: 60532
A12: 33086 | B12: 3674 | C12: 10548 | D12: =E12+F12+G12+H12 -> 144999 | E12: 16966 | F12: 10219 | G12: 56903 | H12: 60911
A13: 33117 | B13: 2979 | C13: 9980 | D13: =E13+F13+G13+H13 -> 145571 | E13: 17336 | F13: 10422 | G13: 57479 | H13: 60334
A14: 33147 | B14: 3114 | C14: 9410 | D14: =E14+F14+G14+H14 -> 147119 | E14: 17445 | F14: 10674 | G14: 58078 | H14: 60922
A15: 33178 | B15: 4691 | C15: 9086 | D15: =E15+F15+G15+H15 -> 149748 | E15: 17651 | F15: 10802 | G15: 58770 | H15: 62525
A16: 33208 | B16: 4857 | C16: 10236 | D16: =E16+F16+G16+H16 -> 153247 | E16: 18054 | F16: 10976 | G16: 59506 | H16: 64711
... A233: 39814 | B233: 106306 | C233: 5585 | D233: =E233+F233+G233+H233 -> 1881285 | E233: 204605 | F233: 46340 | G233: 967627 | H233: 662713
A234: 39845 | B234: 109953 | C234: 6190 | D234: 1881957 | E234: 204173 | F234: 45265 | G234: 974904 | H234: 657615
A235: 39873 | B235: 120222 | C235: 6320 | D235: =E235+F235+G235+H235 -> 1881612 | E235: 203817 | F235: 44474 | G235: 981192 | H235: 652129
A236: 39904 | B236: 124730 | C236: 5447 | D236: =E236+F236+G236+H236 -> 1878861 | E236: 203074 | F236: 43337 | G236: 982059 | H236: 650391
A237: 39934 | B237: 126593 | C237: 4282 | D237: =E237+F237+G237+H237 -> 1850167 | E237: 202485 | F237: 42418 | G237: 982229 | H237: 623035
A238: 39965 | B238: 122118 | C238: 5023 | D238: 1859581 | E238: 201887 | F238: 41195 | G238: 983387 | H238: 633112
A239: 39995 | B239: 116876 | C239: 4951 | D239: 1865152 | E239: 201233 | F239: 40264 | G239: 982819 | H239: 640835
A240: 40026 | B240: 117719 | C240: 4637 | D240: 1861800 | E240: 200360 | F240: 39352 | G240: 985225 | H240: 636862
A241: 40057 | B241: 113451 | C241: 4944 | D241: 1860769 | E241: 200375 | F241: 38368 | G241: 993696 | H241: 628330
A242: 40087 | B242: 109637 | C242: 4378 | D242: 1861142 | E242: 200736 | F242: 37444 | G242: 996619 | H242: 626334
A243: 40118 | B243: 113282 | C243: 4669 | D243: 1861389 | E243: 200963 | F243: 36300 | G243: 999352 | H243: 624774
A244: 40148 | B244: 113033 | C244: 4059 | D244: 1861277 | E244: 201490 | F244: 35403 | G244: 1001946 | H244: 622438
A245: 40179 | B245: 108111 | C245: 4399 | D245: 1866644 | E245: 201662 | F245: 34374 | G245: 1005530 | H245: 625078
A246: 40210 | B246: 109918 | C246: 4204 | D246: 1875897 | E246: 202285 | F246: 33752 | G246: 1012749 | H246: 627111
A247: 40238 | B247: 114651 | C247: 3932 | D247: 1875507 | E247: 203061 | F247: 32999 | G247: 1016617 | H247: 622831
A248: 40269 | B248: 112827 | C248: 4778 | D248: 1873274 | E248: 203575 | F248: 32113 | G248: 1017851 | H248: 619734
A249: 40299 | B249: 115666 | C249: 5097 | D249: =E249+F249+G249+H249 -> 1880871 | E249: 204882 | F249: 31420 | G249: 1021373 | H249: 623196
A250: 40330 | B250: 116973 | C250: 5236 | D250: 1888631 | E250: 206001 | F250: 30658 | G250: 1023395 | H250: 628576
A251: 40360 | B251: 123754 | C251: 5104 | D251: 1903532 | E251: 207012 | F251: 30933 | G251: 1028514 | H251: 637073
A252: 40391 | B252: 127688 | C252: 5212 | D252: =E252+F252+G252+H252 -> 1917768 | E252: 207927 | F252: 30329 | G252: 1039813 | H252: 639699
A253: 40422 | B253: 123692 | C253: 5266 | D253: 1936914 | E253: 209187 | F253: 29704 | G253: 1041775 | H253: 656246
A254: 40452 | B254: 133272 | C254: 5846 | D254: 1935498 | E254: 210980 | F254: 29103 | G254: 1043530 | H254: 651866
A255: 40483 | B255: 122087 | C255: 5005 | D255: 1943218 | E255: 212231 | F255: 28621 | G255: 1046835 | H255: 655532
A256: 40513 | B256: 140270 | C256: 2929 | D256: 1941730 | E256: 213646 | F256: 28150 | G256: 1042107 | H256: 657827
A257: 40544 | B257: 118246 | C257: 5722 | D257: 1955015 | E257: 215096 | F257: 27531 | G257: 1043875 | H257: 668513
A258: 40575 | B258: 121956 | C258: 5174 | D258: 1971557 | E258: 216899 | F258: 27051 | G258: 1047603 | H258: 680003
A259: 40603 | B259: 117228 | C259: 4570 | D259: 1975168 | E259: 219190 | F259: 26540 | G259: 1045995 | H259: 683443
A260: 40634 | B260: 124811 | C260: 3217 | D260: 1986284 | E260: 220333 | F260: 25927 | G260: 1048056 | H260: 691968
A261: 40664 | B261: 117250 | C261: 3498 | D261: 1984829 | E261: 221624 | F261: 25501 | G261: 1053488 | H261: 684216
A262: 40695 | B262: 118979 | C262: 3450 | D262: 1994629 | E262: 223522 | F262: 25272 | G262: 1057279 | H262: 688556
A263: 40725 | B263: 123592 | C263: 3657 | D263: 2019970 | E263: 225628 | F263: 24694 | G263: 1058371 | H263: 711277
A264: 40756 | B264: 137132 | C264: 4469 | D264: 2033242 | E264: 224231 | F264: 24089 | G264: 1059656 | H264: 725266
... A273: 41030 | B273: 130444 | C273: 5608 | D273: 2144453 | E273: 251479 | F273: 18744 | G273: 1076531 | H273: 797699
A275: Per Month
A276: Average 1990 | B276: =AVERAGE(B5:B16) -> 3449 | C276: =AVERAGE(C5:C16) -> 9655.8333 | D276: =AVERAGE(D5:D16) -> 142836.92 | E276: =AVERAGE(E5:E16) -> 16662.083 | F276: =AVERAGE(F5:F16) -> 10041.25 | G276: =AVERAGE(G5:G16) -> 55774.333 | H276: =AVERAGE(H5:H16) -> 60359.25
A277: Average 1991 | B277: =AVERAGE(B17:B28) -> 4402.4167 | C277: =AVERAGE(C17:C28) -> 10577.833 | D277: =AVERAGE(D17:D28) -> 167269 | E277: =AVERAGE(E17:E28) -> 18433.083 | F277: =AVERAGE(F17:F28) -> 11864.167 | G277: =AVERAGE(G17:G28) -> 65278.083 | H277: =AVERAGE(H17:H28) -> 71693.667
A278: Average 1992 | B278: =AVERAGE(B29:B40) -> 4667 | C278: =AVERAGE(C29:C40) -> 12245.5 | D278: =AVERAGE(D29:D40) -> 183192.67 | E278: =AVERAGE(E29:E40) -> 18768.5 | F278: =AVERAGE(F29:F40) -> 14102.917 | G278: =AVERAGE(G29:G40) -> 76558.167 | H278: =AVERAGE(H29:H40) -> 73763.083
A279: Average 1993 | B279: =AVERAGE(B41:B52) -> 6212.4167 | C279: =AVERAGE(C41:C52) -> 9091.4167 | D279: =AVERAGE(D41:D52) -> 201169.42 | E279: =AVERAGE(E41:E52) -> 20959.083 | F279: =AVERAGE(F41:F52) -> 14963.417 | G279: =AVERAGE(G41:G52) -> 90123.417 | H279: =AVERAGE(H41:H52) -> 75123.5
A280: Average 1994 | B280: =AVERAGE(B53:B64) -> 9064.8333 | C280: =AVERAGE(C53:C64) -> 6421.4167 | D280: =AVERAGE(D53:D64) -> 230859.25 | E280: =AVERAGE(E53:E64) -> 25954 | F280: =AVERAGE(F53:F64) -> 15962.75 | G280: =AVERAGE(G53:G64) -> 105359.33 | H280: =AVERAGE(H53:H64) -> 83583.167
A281: Average 1995 | B281: =AVERAGE(B65:B76) -> 11866 | C281: =AVERAGE(C65:C76) -> 6692.5 | D281: =AVERAGE(D65:D76) -> 272838.33 | E281: =AVERAGE(E65:E76) -> 33013.417 | F281: =AVERAGE(F65:F76) -> 18006.5 | G281: =AVERAGE(G65:G76) -> 125662.17 | H281: =AVERAGE(H65:H76) -> 96156.25
A282: Average 1996 | B282: =AVERAGE(B77:B88) -> 13343.167 | C282: =AVERAGE(C77:C88) -> 6175.25 | D282: =AVERAGE(D77:D88) -> 323967.42 | E282: =AVERAGE(E77:E88) -> 41532.333 | F282: =AVERAGE(F77:F88) -> 21168.583 | G282: =AVERAGE(G77:G88) -> 148595 | H282: =AVERAGE(H77:H88) -> 112671.5
A283: Average 1997 | B283: =AVERAGE(B89:B100) -> 14494.167 | C283: =AVERAGE(C89:C100) -> 5996.1667 | D283: =AVERAGE(D89:D100) -> 376592 | E283: =AVERAGE(E89:E100) -> 47453.833 | F283: =AVERAGE(F89:F100) -> 22602 | G283: =AVERAGE(G89:G100) -> 169484.83 | H283: =AVERAGE(H89:H100) -> 137051.33
A284: Average 1998 | B284: =AVERAGE(B101:B112) -> 17505.5 | C284: =AVERAGE(C101:C112) -> 6938.1667 | D284: =AVERAGE(D101:D112) -> 435516.5 | E284: =AVERAGE(E101:E112) -> 51143.5 | F284: =AVERAGE(F101:F112) -> 21876.917 | G284: =AVERAGE(G101:G112) -> 188294.75 | H284: =AVERAGE(H101:H112) -> 174201.33
A285: Average 1999 | B285: =AVERAGE(B114:B124) -> 22564.455 | C285: =AVERAGE(C114:C124) -> 6530.9091 | D285: =AVERAGE(D114:D124) -> 482961 | E285: =AVERAGE(E114:E124) -> 51879.091 | F285: =AVERAGE(F114:F124) -> 21836.182 | G285: =AVERAGE(G114:G124) -> 198923.82 | H285: =AVERAGE(H114:H124) -> 210321.91
A286: Average 2000 | B286: =AVERAGE(B125:B136) -> 30017.583 | C286: =AVERAGE(C125:C136) -> 5530.5833 | D286: =AVERAGE(D125:D136) -> 522371.58 | E286: =AVERAGE(E125:E136) -> 54488.667 | F286: =AVERAGE(F125:F136) -> 22905 | G286: =AVERAGE(G125:G136) -> 213769.58 | H286: =AVERAGE(H125:H136) -> 231208.33
A287: Average 2001 | B287: =AVERAGE(B137:B147) -> 29285.818 | C287: =AVERAGE(C137:C147) -> 8177 | D287: =AVERAGE(D137:D147) -> 571103.82 | E287: =AVERAGE(E137:E147) -> 61161.364 | F287: =AVERAGE(F137:F147) -> 26862.364 | G287: =AVERAGE(G137:G147) -> 244476.64 | H287: =AVERAGE(H137:H147) -> 238603.45
A288: Average 2002 | B288: =AVERAGE(B149:B160) -> 35636.25 | C288: =AVERAGE(C149:C160) -> 8501.3333 | D288: =AVERAGE(D149:D160) -> 637028.08 | E288: =AVERAGE(E149:E160) -> 70966.333 | F288: =AVERAGE(F149:F160) -> 31100.833 | G288: =AVERAGE(G149:G160) -> 274873.33 | H288: =AVERAGE(H149:H160) -> 260087.58
A289: Average 2003 | B289: =AVERAGE(B161:B172) -> 83536.75 | C289: =AVERAGE(C161:C172) -> 6526.4167 | D289: =AVERAGE(D161:D172) -> 710867.08 | E289: =AVERAGE(E161:E172) -> 84007.167 | F289: =AVERAGE(F161:F172) -> 33815.25 | G289: =AVERAGE(G161:G172) -> 309819.33 | H289: =AVERAGE(H161:H172) -> 283225.33
A290: Average 2004 | B290: =AVERAGE(B173:B184) -> 61041.667 | C290: =AVERAGE(C173:C184) -> 5747 | D290: =AVERAGE(D173:D184) -> 798733.25 | E290: =AVERAGE(E173:E184) -> 99388 | F290: =AVERAGE(F173:F184) -> 40236.667 | G290: =AVERAGE(G173:G184) -> 368591.92 | H290: =AVERAGE(H173:H184) -> 290516.67
A291: Average 2005 | B291: =AVERAGE(B185:B196) -> 72545.917 | C291: =AVERAGE(C185:C196) -> 4985.5833 | D291: =AVERAGE(D185:D196) -> 964176.67 | E291: =AVERAGE(E185:E196) -> 119700.67 | F291: =AVERAGE(F185:F196) -> 45549.583 | G291: =AVERAGE(G185:G196) -> 467276.58 | H291: =AVERAGE(H185:H196) -> 331649.83
A292: Average 2006 | B292: =AVERAGE(B197:B208) -> 88683 | C292: =AVERAGE(C197:C208) -> 4617.0833 | D292: =AVERAGE(D197:D208) -> 1201030.9 | E292: =AVERAGE(E197:E208) -> 139721.67 | F292: =AVERAGE(F197:F208) -> 54815.083 | G292: =AVERAGE(G197:G208) -> 606976.58 | H292: =AVERAGE(H197:H208) -> 399517.58
A293: Average 2007 | B293: =AVERAGE(B209:B220) -> 86156.5 | C293: =AVERAGE(C209:C220) -> 4884.8333 | D293: =AVERAGE(D209:D220) -> 1509941.2 | E293: =AVERAGE(E209:E220) -> 160597.83 | F293: =AVERAGE(F209:F220) -> 61720.917 | G293: =AVERAGE(G209:G220) -> 769995.92 | H293: =AVERAGE(H209:H220) -> 517626.5
A294: Average 2008 | B294: =AVERAGE(B221:B232) -> 89977.5 | C294: =AVERAGE(C221:C232) -> 5474.9167 | D294: =AVERAGE(D221:D232) -> 1807369.5 | E294: =AVERAGE(E221:E232) -> 195741.08 | F294: =AVERAGE(F221:F232) -> 52315 | G294: =AVERAGE(G221:G232) -> 916337.33 | H294: =AVERAGE(H221:H232) -> 642976.08
A295: Average 2009 | B295: =AVERAGE(B233:B244) -> 116160 | C295: =AVERAGE(C233:C244) -> 5040.4167 | D295: =AVERAGE(D233:D244) -> 1867082.7 | E295: =AVERAGE(E233:E244) -> 202099.83 | F295: =AVERAGE(F233:F244) -> 40846.667 | G295: =AVERAGE(G233:G244) -> 985921.25 | H295: =AVERAGE(H233:H244) -> 638214
A296: Average 2010 | B296: =AVERAGE(B245:B256) -> 120742.42 | C296: =AVERAGE(C245:C256) -> 4750.6667 | D296: =AVERAGE(D245:D256) -> 1903290.3 | E296: =AVERAGE(E245:E256) -> 206870.75 | F296: =AVERAGE(F245:F256) -> 31013 | G296: =AVERAGE(G245:G256) -> 1028340.8 | H296: =AVERAGE(H245:H256) -> 637064.08
A297: Average 2011 | B297: =AVERAGE(B257:B268) -> 125608.42 | C297: =AVERAGE(C257:C268) -> 4363.4167 | D297: =AVERAGE(D257:D268) -> 2013138.2 | E297: =AVERAGE(E257:E268) -> 224419 | F297: =AVERAGE(F257:F268) -> 24811.5 | G297: =AVERAGE(G257:G268) -> 1056634 | H297: =AVERAGE(H257:H268) -> 707273.67
A298: Average 2012 | B298: =AVERAGE(B269:B273) -> 128651.6 | C298: =AVERAGE(C269:C273) -> 4891.2 | D298: =AVERAGE(D269:D273) -> 2133574.2 | E298: =AVERAGE(E269:E273) -> 245490.2 | F298: =AVERAGE(F269:F273) -> 19474.4 | G298: =AVERAGE(G269:G273) -> 1072742.4 | H298: =AVERAGE(H269:H273) -> 795867

Sheet PSCE Yearly
A1: SA | B1: Credit extended to the domestic private sector - Year-on-Year Change
B4: =PSCE!B4 -> Investments | C4: =PSCE!C4 -> Bills discounted | D4: =PSCE!D4 -> Total loans and advances | E4: =PSCE!E4 -> Instalment sales credit | F4: =PSCE!F4 -> Leasing finance | G4: =PSCE!G4 -> Mortgage advances | H4: =PSCE!H4 -> Other loans and advances
A5: 33239 | B5: =(PSCE!B17-PSCE!B5)/PSCE!B5*100 -> -26.531972 | C5: =(PSCE!C17-PSCE!C5)/PSCE!C5*100 -> 5.221062 | D5: =(PSCE!D17-PSCE!D5)/PSCE!D5*100 -> 14.607209 | E5: =(PSCE!E17-PSCE!E5)/PSCE!E5*100 -> 15.601007 | F5: =(PSCE!F17-PSCE!F5)/PSCE!F5*100 -> 19.64851 | G5: =(PSCE!G17-PSCE!G5)/PSCE!G5*100 -> 15.865403 | H5: =(PSCE!H17-PSCE!H5)/PSCE!H5*100 -> 12.412412
A6: 33270 | B6: =(PSCE!B18-PSCE!B6)/PSCE!B6*100 -> 63.018868 | C6: =(PSCE!C18-PSCE!C6)/PSCE!C6*100 -> 20.539153 | D6: =(PSCE!D18-PSCE!D6)/PSCE!D6*100 -> 17.634017 | E6: =(PSCE!E18-PSCE!E6)/PSCE!E6*100 -> 13.914704 | F6: =(PSCE!F18-PSCE!F6)/PSCE!F6*100 -> 17.436614 | G6: =(PSCE!G18-PSCE!G6)/PSCE!G6*100 -> 15.625059 | H6: =(PSCE!H18-PSCE!H6)/PSCE!H6*100 -> 20.492099
A7: 33298 | B7: =(PSCE!B19-PSCE!B7)/PSCE!B7*100 -> 135.75685 | C7: =(PSCE!C19-PSCE!C7)/PSCE!C7*100 -> 18.159427 | D7: =(PSCE!D19-PSCE!D7)/PSCE!D7*100 -> 16.795952 | E7: =(PSCE!E19-PSCE!E7)/PSCE!E7*100 -> 13.33964 | F7: =(PSCE!F19-PSCE!F7)/PSCE!F7*100 -> 16.726016 | G7: =(PSCE!G19-PSCE!G7)/PSCE!G7*100 -> 15.915933 | H7: =(PSCE!H19-PSCE!H7)/PSCE!H7*100 -> 18.543645
A8: 33329 | B8: =(PSCE!B20-PSCE!B8)/PSCE!B8*100 -> 53.366943 | C8: =(PSCE!C20-PSCE!C8)/PSCE!C8*100 -> 9.1918437 | D8: =(PSCE!D20-PSCE!D8)/PSCE!D8*100 -> 16.043559 | E8: =(PSCE!E20-PSCE!E8)/PSCE!E8*100 -> 12.951807 | F8: =(PSCE!F20-PSCE!F8)/PSCE!F8*100 -> 17.128046 | G8: =(PSCE!G20-PSCE!G8)/PSCE!G8*100 -> 16.908114 | H8: =(PSCE!H20-PSCE!H8)/PSCE!H8*100 -> 15.911008
A9: 33359 | B9: =(PSCE!B21-PSCE!B9)/PSCE!B9*100 -> 71.781116 | C9: =(PSCE!C21-PSCE!C9)/PSCE!C9*100 -> -0.13359367 | D9: =(PSCE!D21-PSCE!D9)/PSCE!D9*100 -> 18.174558 | E9: =(PSCE!E21-PSCE!E9)/PSCE!E9*100 -> 11.43369 | F9: =(PSCE!F21-PSCE!F9)/PSCE!F9*100 -> 15.974766 | G9: =(PSCE!G21-PSCE!G9)/PSCE!G9*100 -> 16.962521 | H9: =(PSCE!H21-PSCE!H9)/PSCE!H9*100 -> 21.480723
A10: 33390 | B10: =(PSCE!B22-PSCE!B10)/PSCE!B10*100 -> 65.382124 | C10: =(PSCE!C22-PSCE!C10)/PSCE!C10*100 -> -12.051985 | D10: =(PSCE!D22-PSCE!D10)/PSCE!D10*100 -> 17.581044 | E10: =(PSCE!E22-PSCE!E10)/PSCE!E10*100 -> 10.258418 | F10: =(PSCE!F22-PSCE!F10)/PSCE!F10*100 -> 17.00335 | G10: =(PSCE!G22-PSCE!G10)/PSCE!G10*100 -> 17.01043 | H10: =(PSCE!H22-PSCE!H10)/PSCE!H10*100 -> 20.20092
A11: 33420 | B11: =(PSCE!B23-PSCE!B11)/PSCE!B11*100 -> 20.857307 | C11: =(PSCE!C23-PSCE!C11)/PSCE!C11*100 -> -12.879299 | D11: =(PSCE!D23-PSCE!D11)/PSCE!D11*100 -> 17.659202 | E11: =(PSCE!E23-PSCE!E11)/PSCE!E11*100 -> 11.494941 | F11: =(PSCE!F23-PSCE!F11)/PSCE!F11*100 -> 15.982507 | G11: =(PSCE!G23-PSCE!G11)/PSCE!G11*100 -> 17.081172 | H11: =(PSCE!H23-PSCE!H11)/PSCE!H11*100 -> 20.174453
A12: 33451 | B12: =(PSCE!B24-PSCE!B12)/PSCE!B12*100 -> 30.919978 | C12: =(PSCE!C24-PSCE!C12)/PSCE!C12*100 -> -11.651498 | D12: =(PSCE!D24-PSCE!D12)/PSCE!D12*100 -> 17.46081 | E12: =(PSCE!E24-PSCE!E12)/PSCE!E12*100 -> 9.807851 | F12: =(PSCE!F24-PSCE!F12)/PSCE!F12*100 -> 16.136608 | G12: =(PSCE!G24-PSCE!G12)/PSCE!G12*100 -> 17.090487 | H12: =(PSCE!H24-PSCE!H12)/PSCE!H12*100 -> 20.160562
A13: 33482 | B13: =(PSCE!B25-PSCE!B13)/PSCE!B13*100 -> 46.559248 | C13: =(PSCE!C25-PSCE!C13)/PSCE!C13*100 -> 10.851703 | D13: =(PSCE!D25-PSCE!D13)/PSCE!D13*100 -> 18.400643 | E13: =(PSCE!E25-PSCE!E13)/PSCE!E13*100 -> 7.2219659 | F13: =(PSCE!F25-PSCE!F13)/PSCE!F13*100 -> 18.71042 | G13: =(PSCE!G25-PSCE!G13)/PSCE!G13*100 -> 17.549018 | H13: =(PSCE!H25-PSCE!H13)/PSCE!H13*100 -> 22.370471
A14: 33512 | B14: =(PSCE!B26-PSCE!B14)/PSCE!B14*100 -> 20.809249 | C14: =(PSCE!C26-PSCE!C14)/PSCE!C14*100 -> 23.655685 | D14: =(PSCE!D26-PSCE!D14)/PSCE!D14*100 -> 18.606706 | E14: =(PSCE!E26-PSCE!E14)/PSCE!E14*100 -> 6.8386357 | F14: =(PSCE!F26-PSCE!F14)/PSCE!F14*100 -> 21.360315 | G14: =(PSCE!G26-PSCE!G14)/PSCE!G14*100 -> 17.889734 | H14: =(PSCE!H26-PSCE!H14)/PSCE!H14*100 -> 22.177538
A15: 33543 | B15: =(PSCE!B27-PSCE!B15)/PSCE!B15*100 -> -2.813899 | C15: =(PSCE!C27-PSCE!C15)/PSCE!C15*100 -> 41.415364 | D15: =(PSCE!D27-PSCE!D15)/PSCE!D15*100 -> 16.993883 | E15: =(PSCE!E27-PSCE!E15)/PSCE!E15*100 -> 9.5235397 | F15: =(PSCE!F27-PSCE!F15)/PSCE!F15*100 -> 20.486947 | G15: =(PSCE!G27-PSCE!G15)/PSCE!G15*100 -> 18.167432 | H15: =(PSCE!H27-PSCE!H15)/PSCE!H15*100 -> 17.396242
A16: 33573 | B16: =(PSCE!B28-PSCE!B16)/PSCE!B16*100 -> -38.912909 | C16: =(PSCE!C28-PSCE!C16)/PSCE!C16*100 -> 28.184838 | D16: =(PSCE!D28-PSCE!D16)/PSCE!D16*100 -> 15.228357 | E16: =(PSCE!E28-PSCE!E16)/PSCE!E16*100 -> 6.6744212 | F16: =(PSCE!F28-PSCE!F16)/PSCE!F16*100 -> 20.572157 | G16: =(PSCE!G28-PSCE!G16)/PSCE!G16*100 -> 18.030115 | H16: =(PSCE!H28-PSCE!H16)/PSCE!H16*100 -> 14.132064
... A261: 41030 | B261: =(PSCE!B273-PSCE!B261)/PSCE!B261*100 -> 11.252878 | C261: =(PSCE!C273-PSCE!C261)/PSCE!C261*100 -> 60.320183 | D261: =(PSCE!D273-PSCE!D261)/PSCE!D261*100 -> 8.0422041 | E261: =(PSCE!E273-PSCE!E261)/PSCE!E261*100 -> 13.471014 | F261: =(PSCE!F273-PSCE!F261)/PSCE!F261*100 -> -26.497 | G261: =(PSCE!G273-PSCE!G261)/PSCE!G261*100 -> 2.1873054 | H261: =(PSCE!H273-PSCE!H261)/PSCE!H261*100 -> 16.585844
A263: Average 1991 | B263: =AVERAGE(B5:B16) -> 36.682742 | C263: =AVERAGE(C5:C16) -> 10.041892 | D263: =AVERAGE(D5:D16) -> 17.098828 | E263: =AVERAGE(E5:E16) -> 10.755052 | F263: =AVERAGE(F5:F16) -> 18.097188 | G263: =AVERAGE(G5:G16) -> 17.007952 | H263: =AVERAGE(H5:H16) -> 18.787678
A264: Average 1992 | B264: =AVERAGE(B17:B28) -> 12.20869 | C264: =AVERAGE(C17:C28) -> 17.295471 | D264: =AVERAGE(D17:D28) -> 9.6136335 | E264: =AVERAGE(E17:E28) -> 1.8334356 | F264: =AVERAGE(F17:F28) -> 19.26699 | G264: =AVERAGE(G17:G28) -> 17.288036 | H264: =AVERAGE(H17:H28) -> 3.0585895
A265: Average 1993 | B265: =AVERAGE(B29:B40) -> 48.776872 | C265: =AVERAGE(C29:C40) -> -25.925458 | D265: =AVERAGE(D29:D40) -> 9.7712557 | E265: =AVERAGE(E29:E40) -> 11.590147 | F265: =AVERAGE(F29:F40) -> 6.122194 | G265: =AVERAGE(G29:G40) -> 17.715442 | H265: =AVERAGE(H29:H40) -> 1.8771306
A266: Average 1994 | B266: =AVERAGE(B41:B52) -> 46.063497 | C266: =AVERAGE(C41:C52) -> -25.171897 | D266: =AVERAGE(D41:D52) -> 14.737452 | E266: =AVERAGE(E41:E52) -> 23.692025 | F266: =AVERAGE(F41:F52) -> 6.6909268 | G266: =AVERAGE(G41:G52) -> 16.886954 | H266: =AVERAGE(H41:H52) -> 11.257463
A267: Average 1995 | B267: =AVERAGE(B53:B64) -> 34.735953 | C267: =AVERAGE(C53:C64) -> 4.88015 | D267: =AVERAGE(D53:D64) -> 18.176482 | E267: =AVERAGE(E53:E64) -> 27.178108 | F267: =AVERAGE(F53:F64) -> 12.753719 | G267: =AVERAGE(G53:G64) -> 19.283371 | H267: =AVERAGE(H53:H64) -> 15.076743
A268: Average 1996 | B268: =AVERAGE(B65:B76) -> 13.672008 | C268: =AVERAGE(C65:C76) -> -6.8360463 | D268: =AVERAGE(D65:D76) -> 18.72902 | E268: =AVERAGE(E65:E76) -> 26.022789 | F268: =AVERAGE(F65:F76) -> 17.569338 | G268: =AVERAGE(G65:G76) -> 18.263516 | H268: =AVERAGE(H65:H76) -> 17.13045
A269: Average 1997 | B269: =AVERAGE(B77:B88) -> 8.8841116 | C269: =AVERAGE(C77:C88) -> -2.0848998 | D269: =AVERAGE(D77:D88) -> 16.321723 | E269: =AVERAGE(E77:E88) -> 14.500783 | F269: =AVERAGE(F77:F88) -> 7.1494905 | G269: =AVERAGE(G77:G88) -> 14.145015 | H269: =AVERAGE(H77:H88) -> 21.608224
A270: Average 1998 | B270: =AVERAGE(B89:B100) -> 20.857082 | C270: =AVERAGE(C89:C100) -> 16.054674 | D270: =AVERAGE(D89:D100) -> 15.607807 | E270: =AVERAGE(E89:E100) -> 7.8210235 | F270: =AVERAGE(F89:F100) -> -3.1845916 | G270: =AVERAGE(G89:G100) -> 11.109482 | H270: =AVERAGE(H89:H100) -> 26.928809
A271: Average 1999 | B271: =AVERAGE(B102:B112) -> 28.593548 | C271: =AVERAGE(C102:C112) -> -6.0666892 | D271: =AVERAGE(D102:D112) -> 10.142988 | E271: =AVERAGE(E102:E112) -> 1.1806688 | F271: =AVERAGE(F102:F112) -> -0.21004067 | G271: =AVERAGE(G102:G112) -> 5.2375958 | H271: =AVERAGE(H102:H112) -> 19.369662
A272: Average 2000 | B272: =AVERAGE(B113:B124) -> 34.045639 | C272: =AVERAGE(C113:C124) -> -13.895556 | D272: =AVERAGE(D113:D124) -> 8.5138925 | E272: =AVERAGE(E113:E124) -> 5.0027993 | F272: =AVERAGE(F113:F124) -> 5.0038132 | G272: =AVERAGE(G113:G124) -> 7.5643524 | H272: =AVERAGE(H113:H124) -> 10.807772
A273: Average 2001 | B273: =AVERAGE(B125:B135) -> 2.0880678 | C273: =AVERAGE(C125:C135) -> 56.493885 | D273: =AVERAGE(D125:D135) -> 9.7213824 | E273: =AVERAGE(E125:E135) -> 12.71687 | F273: =AVERAGE(F125:F135) -> 17.724716 | G273: =AVERAGE(G125:G135) -> 14.984106 | H273: =AVERAGE(H125:H135) -> 3.3898087
A274: Average 2002 | B274: =AVERAGE(B137:B148) -> 19.247166 | C274: =AVERAGE(C137:C148) -> 3.800048 | D274: =AVERAGE(D137:D148) -> 10.883518 | E274: =AVERAGE(E137:E148) -> 15.393544 | F274: =AVERAGE(F137:F148) -> 15.27411 | G274: =AVERAGE(G137:G148) -> 11.887515 | H274: =AVERAGE(H137:H148) -> 8.2524206
A275: Average 2003 | B275: =AVERAGE(B149:B160) -> 137.21447 | C275: =AVERAGE(C149:C160) -> -23.373049 | D275: =AVERAGE(D149:D160) -> 11.568576 | E275: =AVERAGE(E149:E160) -> 18.388382 | F275: =AVERAGE(F149:F160) -> 8.6933314 | G275: =AVERAGE(G149:G160) -> 12.668403 | H275: =AVERAGE(H149:H160) -> 8.9208326
A276: Average 2004 | B276: =AVERAGE(B161:B172) -> -26.350538 | C276: =AVERAGE(C161:C172) -> -9.6913754 | D276: =AVERAGE(D161:D172) -> 12.319083 | E276: =AVERAGE(E161:E172) -> 18.230595 | F276: =AVERAGE(F161:F172) -> 19.002479 | G276: =AVERAGE(G161:G172) -> 18.853835 | H276: =AVERAGE(H161:H172) -> 2.6205332
A277: Average 2005 | B277: =AVERAGE(B173:B184) -> 20.490644 | C277: =AVERAGE(C173:C184) -> -12.635332 | D277: =AVERAGE(D173:D184) -> 20.697646 | E277: =AVERAGE(E173:E184) -> 20.518656 | F277: =AVERAGE(F173:F184) -> 13.186373 | G277: =AVERAGE(G173:G184) -> 26.698939 | H277: =AVERAGE(H173:H184) -> 14.254367
A278: Average 2006 | B278: =AVERAGE(B185:B196) -> 22.753024 | C278: =AVERAGE(C185:C196) -> -6.8138407 | D278: =AVERAGE(D185:D196) -> 24.459163 | E278: =AVERAGE(E185:E196) -> 16.848019 | F278: =AVERAGE(F185:F196) -> 20.352957 | G278: =AVERAGE(G185:G196) -> 29.86255 | H278: =AVERAGE(H185:H196) -> 20.338024
A279: Average 2007 | B279: =AVERAGE(B197:B208) -> -2.6401395 | C279: =AVERAGE(C197:C208) -> 6.0329885 | D279: =AVERAGE(D197:D208) -> 25.833266 | E279: =AVERAGE(E197:E208) -> 14.907246 | F279: =AVERAGE(F197:F208) -> 13.02728 | G279: =AVERAGE(G197:G208) -> 26.982371 | H279: =AVERAGE(H197:H208) -> 29.762962
A280: Average 2008 | B280: =AVERAGE(B209:B220) -> 4.8305543 | C280: =AVERAGE(C209:C220) -> 12.425923 | D280: =AVERAGE(D209:D220) -> 19.851759 | E280: =AVERAGE(E209:E220) -> 21.992793 | F280: =AVERAGE(F209:F220) -> -15.238985 | G280: =AVERAGE(G209:G220) -> 19.233846 | H280: =AVERAGE(H209:H220) -> 24.333327
A281: Average 2009 | B281: =AVERAGE(B221:B232) -> 30.038606 | C281: =AVERAGE(C221:C225) -> 25.970672 | D281: =AVERAGE(D221:D225) -> 7.8158786 | E281: =AVERAGE(E221:E225) -> 8.2576339 | F281: =AVERAGE(F221:F225) -> -20.369403 | G281: =AVERAGE(G221:G225) -> 10.994821 | H281: =AVERAGE(H221:H225) -> 5.7404786
A282: Average 2010 | B282: =AVERAGE(B233:B244) -> 4.2876008 | C282: =AVERAGE(C233:C244) -> -3.7683991 | D282: =AVERAGE(D233:D244) -> 1.9474499 | E282: =AVERAGE(E233:E244) -> 2.3769827 | F282: =AVERAGE(F233:F244) -> -23.922149 | G282: =AVERAGE(G233:G244) -> 4.3002308 | H282: =AVERAGE(H233:H244) -> -0.10234097
A283: Average 2011 | B283: =AVERAGE(B246:B256) -> 3.8808411 | C283: =AVERAGE(C246:C256) -> -7.2397186 | D283: =AVERAGE(D246:D256) -> 5.8592314 | E283: =AVERAGE(E246:E256) -> 8.629814 | F283: =AVERAGE(F246:F256) -> -20.038811 | G283: =AVERAGE(G246:G256) -> 2.6627639 | H283: =AVERAGE(H246:H256) -> 11.356232
A284: Average 2012 | B284: =AVERAGE(B257:B261) -> 7.3928925 | C284: =AVERAGE(C257:C261) -> 17.697425 | D284: =AVERAGE(D257:D261) -> 8.0514195 | E284: =AVERAGE(E257:E261) -> 12.279597 | F284: =AVERAGE(F257:F261) -> -26.540086 | G284: =AVERAGE(G257:G261) -> 2.3803945 | H284: =AVERAGE(H257:H261) -> 16.755572

Sheet PSCE Monthly
A1: SA
B2: Credit extended to the domestic private sector - Month-on-Month Change
B4: =PSCE!B4 -> Investments | C4: =PSCE!C4 -> Bills discounted | D4: =PSCE!D4 -> Total loans and advances | E4: =PSCE!E4 -> Instalment sales credit | F4: =PSCE!F4 -> Leasing finance | G4: =PSCE!G4 -> Mortgage advances | H4: =PSCE!H4 -> Other loans and advances
A5: =PSCE!A6 -> 32905 | B5: =(PSCE!B6-PSCE!B5)/PSCE!B5*100 -> -35.279751 | C5: =(PSCE!C6-PSCE!C5)/PSCE!C5*100 -> 3.8435903 | D5: =(PSCE!D6-PSCE!D5)/PSCE!D5*100 -> 1.102963 | E5: =(PSCE!E6-PSCE!E5)/PSCE!E5*100 -> 1.3613782 | F5: =(PSCE!F6-PSCE!F5)/PSCE!F5*100 -> 1.6046283 | G5: =(PSCE!G6-PSCE!G5)/PSCE!G5*100 -> 1.51364 | H5: =(PSCE!H6-PSCE!H5)/PSCE!H5*100 -> 0.58506783
A6: =PSCE!A7 -> 32933 | B6: =(PSCE!B7-PSCE!B6)/PSCE!B6*100 -> -13.653516 | C6: =(PSCE!C7-PSCE!C6)/PSCE!C6*100 -> -4.4501498 | D6: =(PSCE!D7-PSCE!D6)/PSCE!D6*100 -> 0.98154375 | E6: =(PSCE!E7-PSCE!E6)/PSCE!E6*100 -> 0.92297899 | F6: =(PSCE!F7-PSCE!F6)/PSCE!F6*100 -> 2.5784272 | G6: =(PSCE!G7-PSCE!G6)/PSCE!G6*100 -> 1.06964 | H6: =(PSCE!H7-PSCE!H6)/PSCE!H6*100 -> 0.66230847
A7: =PSCE!A8 -> 32964 | B7: =(PSCE!B8-PSCE!B7)/PSCE!B7*100 -> 10.329758 | C7: =(PSCE!C8-PSCE!C7)/PSCE!C7*100 -> 4.8701299 | D7: =(PSCE!D8-PSCE!D7)/PSCE!D7*100 -> 0.94219599 | E7: =(PSCE!E8-PSCE!E7)/PSCE!E7*100 -> 0.51087985 | F7: =(PSCE!F8-PSCE!F7)/PSCE!F7*100 -> 1.0159196 | G7: =(PSCE!G8-PSCE!G7)/PSCE!G7*100 -> 0.93304164 | H7: =(PSCE!H8-PSCE!H7)/PSCE!H7*100 -> 1.0551076
A8: =PSCE!A9 -> 32994 | B8: =(PSCE!B9-PSCE!B8)/PSCE!B8*100 -> 0.68419157 | C8: =(PSCE!C9-PSCE!C8)/PSCE!C8*100 -> 3.8859827 | D8: =(PSCE!D9-PSCE!D8)/PSCE!D8*100 -> 1.0032626 | E8: =(PSCE!E9-PSCE!E8)/PSCE!E8*100 -> 1.5876004 | F8: =(PSCE!F9-PSCE!F8)/PSCE!F8*100 -> 1.8973561 | G8: =(PSCE!G9-PSCE!G8)/PSCE!G8*100 -> 1.2300852 | H8: =(PSCE!H9-PSCE!H8)/PSCE!H8*100 -> 0.49421449
A9: =PSCE!A10 -> 33025 | B9: =(PSCE!B10-PSCE!B9)/PSCE!B9*100 -> 10.443491 | C9: =(PSCE!C10-PSCE!C9)/PSCE!C9*100 -> 1.2126195 | D9: =(PSCE!D10-PSCE!D9)/PSCE!D9*100 -> 1.5345123 | E9: =(PSCE!E10-PSCE!E9)/PSCE!E9*100 -> 2.5449379 | F9: =(PSCE!F10-PSCE!F9)/PSCE!F9*100 -> 0.23402523 | G9: =(PSCE!G10-PSCE!G9)/PSCE!G9*100 -> 1.2352683 | H9: =(PSCE!H10-PSCE!H9)/PSCE!H9*100 -> 1.7489384
A10: =PSCE!A11 -> 33055 | B10: =(PSCE!B11-PSCE!B10)/PSCE!B10*100 -> 12.564767 | C10: =(PSCE!C11-PSCE!C10)/PSCE!C10*100 -> 5.4015636 | D10: =(PSCE!D11-PSCE!D10)/PSCE!D10*100 -> 0.69877521 | E10: =(PSCE!E11-PSCE!E10)/PSCE!E10*100 -> 0.61442082 | F10: =(PSCE!F11-PSCE!F10)/PSCE!F10*100 -> 2.1317633 | G10: =(PSCE!G11-PSCE!G10)/PSCE!G10*100 -> 1.3955422 | H10: =(PSCE!H11-PSCE!H10)/PSCE!H10*100 -> -0.14681381
A11: =PSCE!A12 -> 33086 | B11: =(PSCE!B12-PSCE!B11)/PSCE!B11*100 -> 5.6962025 | C11: =(PSCE!C12-PSCE!C11)/PSCE!C11*100 -> 1.6087082 | D11: =(PSCE!D12-PSCE!D11)/PSCE!D11*100 -> 1.1242302 | E11: =(PSCE!E12-PSCE!E11)/PSCE!E11*100 -> 1.5745674 | F11: =(PSCE!F12-PSCE!F11)/PSCE!F11*100 -> 1.5704204 | G11: =(PSCE!G12-PSCE!G11)/PSCE!G11*100 -> 1.4476476 | H11: =(PSCE!H12-PSCE!H11)/PSCE!H11*100 -> 0.62611511
A12: =PSCE!A13 -> 33117 | B12: =(PSCE!B13-PSCE!B12)/PSCE!B12*100 -> -18.916712 | C12: =(PSCE!C13-PSCE!C12)/PSCE!C12*100 -> -5.3849071 | D12: =(PSCE!D13-PSCE!D12)/PSCE!D12*100 -> 0.39448548 | E12: =(PSCE!E13-PSCE!E12)/PSCE!E12*100 -> 2.1808323 | F12: =(PSCE!F13-PSCE!F12)/PSCE!F12*100 -> 1.9864957 | G12: =(PSCE!G13-PSCE!G12)/PSCE!G12*100 -> 1.0122489 | H12: =(PSCE!H13-PSCE!H12)/PSCE!H12*100 -> -0.94728374
A13: =PSCE!A14 -> 33147 | B13: =(PSCE!B14-PSCE!B13)/PSCE!B13*100 -> 4.5317221 | C13: =(PSCE!C14-PSCE!C13)/PSCE!C13*100 -> -5.7114228 | D13: =(PSCE!D14-PSCE!D13)/PSCE!D13*100 -> 1.0633986 | E13: =(PSCE!E14-PSCE!E13)/PSCE!E13*100 -> 0.62874942 | F13: =(PSCE!F14-PSCE!F13)/PSCE!F13*100 -> 2.417962 | G13: =(PSCE!G14-PSCE!G13)/PSCE!G13*100 -> 1.0421197 | H13: =(PSCE!H14-PSCE!H13)/PSCE!H13*100 -> 0.97457487
A14: =PSCE!A15 -> 33178 | B14: =(PSCE!B15-PSCE!B14)/PSCE!B14*100 -> 50.642261 | C14: =(PSCE!C15-PSCE!C14)/PSCE!C14*100 -> -3.4431456 | D14: =(PSCE!D15-PSCE!D14)/PSCE!D14*100 -> 1.7869888 | E14: =(PSCE!E15-PSCE!E14)/PSCE!E14*100 -> 1.1808541 | F14: =(PSCE!F15-PSCE!F14)/PSCE!F14*100 -> 1.1991756 | G14: =(PSCE!G15-PSCE!G14)/PSCE!G14*100 -> 1.1915011 | H14: =(PSCE!H15-PSCE!H14)/PSCE!H14*100 -> 2.6312334
A15: =PSCE!A16 -> 33208 | B15: =(PSCE!B16-PSCE!B15)/PSCE!B15*100 -> 3.5386911 | C15: =(PSCE!C16-PSCE!C15)/PSCE!C15*100 -> 12.656835 | D15: =(PSCE!D16-PSCE!D15)/PSCE!D15*100 -> 2.3365921 | E15: =(PSCE!E16-PSCE!E15)/PSCE!E15*100 -> 2.2831568 | F15: =(PSCE!F16-PSCE!F15)/PSCE!F15*100 -> 1.6108128 | G15: =(PSCE!G16-PSCE!G15)/PSCE!G15*100 -> 1.2523396 | H15: =(PSCE!H16-PSCE!H15)/PSCE!H15*100 -> 3.4962015
A16: =PSCE!A17 -> 33239 | B16: =(PSCE!B17-PSCE!B16)/PSCE!B16*100 -> -31.871526 | C16: =(PSCE!C17-PSCE!C16)/PSCE!C16*100 -> -7.4638531 | D16: =(PSCE!D17-PSCE!D16)/PSCE!D16*100 -> 0.75760048 | E16: =(PSCE!E17-PSCE!E16)/PSCE!E16*100 -> -0.75883461 | F16: =(PSCE!F17-PSCE!F16)/PSCE!F16*100 -> -0.13666181 | G16: =(PSCE!G17-PSCE!G16)/PSCE!G16*100 -> 1.4956475 | H16: =(PSCE!H17-PSCE!H16)/PSCE!H16*100 -> 0.65367557
... A272: =PSCE!A273 -> 41030 | B272: =(PSCE!B273-PSCE!B272)/PSCE!B272*100 -> 3.4350419 | C272: =(PSCE!C273-PSCE!C272)/PSCE!C272*100 -> 9.1687755 | D272: =(PSCE!D273-PSCE!D272)/PSCE!D272*100 -> 0.27569992 | E272: =(PSCE!E273-PSCE!E272)/PSCE!E272*100 -> 1.4949047 | F272: =(PSCE!F273-PSCE!F272)/PSCE!F272*100 -> -1.6940263 | G272: =(PSCE!G273-PSCE!G272)/PSCE!G272*100 -> 0.30608081 | H272: =(PSCE!H273-PSCE!H272)/PSCE!H272*100 -> -0.096434552
A274: Average 1990 | B274: =AVERAGE(B5:B15) -> 2.7801003 | C274: =AVERAGE(C5:C15) -> 1.3172549 | D274: =AVERAGE(D5:D15) -> 1.1789953 | E274: =AVERAGE(E5:E15) -> 1.3991233 | F274: =AVERAGE(F5:F15) -> 1.6588169 | G274: =AVERAGE(G5:G15) -> 1.2111886 | H274: =AVERAGE(H5:H15) -> 1.0163331
A275: Average 1991 | B275: =AVERAGE(B16:B27) -> -1.0464528 | C275: =AVERAGE(C16:C27) -> 2.5087687 | D275: =AVERAGE(D16:D27) -> 1.1932522 | E275: =AVERAGE(E16:E27) -> 0.54666065 | F275: =AVERAGE(F16:F27) -> 1.5815637 | G275: =AVERAGE(G16:G27) -> 1.3911194 | H275: =AVERAGE(H16:H27) -> 1.1402255
A276: Average 1992 | B276: =AVERAGE(B28:B39) -> 8.1467752 | C276: =AVERAGE(C28:C39) -> 0.11809177 | D276: =AVERAGE(D28:D39) -> 0.61025705 | E276: =AVERAGE(E28:E39) -> 0.13809285 | F276: =AVERAGE(F28:F39) -> 0.76764028 | G276: =AVERAGE(G28:G39) -> 1.3396541 | H276: =AVERAGE(H28:H39) -> -0.03495069
A277: Average 1993 | B277: =AVERAGE(B40:B51) -> 0.79985452 | C277: =AVERAGE(C40:C51) -> -3.6573744 | D277: =AVERAGE(D40:D51) -> 1.0506082 | E277: =AVERAGE(E40:E51) -> 1.390178 | F277: =AVERAGE(F40:F51) -> 0.56183744 | G277: =AVERAGE(G40:G51) -> 1.3705549 | H277: =AVERAGE(H40:H51) -> 0.69374339
A278: Average 1994 | B278: =AVERAGE(B52:B63) -> 5.3169469 | C278: =AVERAGE(C52:C63) -> 0.12460221 | D278: =AVERAGE(D52:D63) -> 1.2683241 | E278: =AVERAGE(E52:E63) -> 2.0605418 | F278: =AVERAGE(F52:F63) -> 0.58665311 | G278: =AVERAGE(G52:G63) -> 1.381013 | H278: =AVERAGE(H52:H63) -> 1.0288499
A279: Average 1995 | B279: =AVERAGE(B64:B75) -> 1.9619992 | C279: =AVERAGE(C64:C75) -> 0.63163757 | D279: =AVERAGE(D64:D75) -> 1.3942625 | E279: =AVERAGE(E64:E75) -> 2.0364031 | F279: =AVERAGE(F64:F75) -> 1.2967096 | G279: =AVERAGE(G64:G75) -> 1.4729189 | H279: =AVERAGE(H64:H75) -> 1.1062199
A280: Average 1996 | B280: =AVERAGE(B76:B87) -> -0.11197876 | C280: =AVERAGE(C76:C87) -> -1.396894 | D280: =AVERAGE(D76:D87) -> 1.3713025 | E280: =AVERAGE(E76:E87) -> 1.6194233 | F280: =AVERAGE(F76:F87) -> 1.3175533 | G280: =AVERAGE(G76:G87) -> 1.3070268 | H280: =AVERAGE(H76:H87) -> 1.3841385
A281: Average 1997 | B281: =AVERAGE(B88:B99) -> 1.3818509 | C281: =AVERAGE(C88:C99) -> 0.74749607 | D281: =AVERAGE(D88:D99) -> 1.1288579 | E281: =AVERAGE(E88:E99) -> 0.7354837 | F281: =AVERAGE(F88:F99) -> -0.24655071 | G281: =AVERAGE(G88:G99) -> 0.9061015 | H281: =AVERAGE(H88:H99) -> 1.7881407
A282: Average 1998 | B282: =AVERAGE(B100:B111) -> 1.927106 | C282: =AVERAGE(C100:C111) -> 0.64724648 | D282: =AVERAGE(D100:D111) -> 1.2969096 | E282: =AVERAGE(E100:E111) -> 0.33758453 | F282: =AVERAGE(F100:F111) -> -0.0098387027 | G282: =AVERAGE(G100:G111) -> 0.79736366 | H282: =AVERAGE(H100:H111) -> 2.307922
A283: Average 1999 | B283: =AVERAGE(B113:B123) -> 1.5837171 | C283: =AVERAGE(C113:C123) -> -1.2597271 | D283: =AVERAGE(D113:D123) -> 0.73943431 | E283: =AVERAGE(E113:E123) -> 0.056048842 | F283: =AVERAGE(F113:F123) -> 0.23701334 | G283: =AVERAGE(G113:G123) -> 0.32575614 | H283: =AVERAGE(H113:H123) -> 1.372598
A284: Average 2000 | B284: =AVERAGE(B124:B135) -> 4.3113839 | C284: =AVERAGE(C124:C135) -> 4.5137134 | D284: =AVERAGE(D124:D135) -> 0.6497522 | E284: =AVERAGE(E124:E135) -> 0.7201328 | F284: =AVERAGE(F124:F135) -> 0.75493213 | G284: =AVERAGE(G124:G135) -> 0.9014859 | H284: =AVERAGE(H124:H135) -> 0.39390166
A285: Average 2001 | B285: =AVERAGE(B136:B146) -> 0.087377756 | C285: =AVERAGE(C136:C146) -> 1.1475935 | D285: =AVERAGE(D136:D146) -> 0.89821417 | E285: =AVERAGE(E136:E146) -> 1.0945741 | F285: =AVERAGE(F136:F146) -> 1.72309 | G285: =AVERAGE(G136:G146) -> 1.1329778 | H285: =AVERAGE(H136:H146) -> 0.54145491
A286: Average 2002 | B286: =AVERAGE(B148:B159) -> -3.5214726 | C286: =AVERAGE(C148:C159) -> 0.23557755 | D286: =AVERAGE(D148:D159) -> 0.62732433 | E286: =AVERAGE(E148:E159) -> 1.3935079 | F286: =AVERAGE(F148:F159) -> 0.34964875 | G286: =AVERAGE(G148:G159) -> 0.82545048 | H286: =AVERAGE(H148:H159) -> 0.26209715
A287: Average 2003 | B287: =AVERAGE(B160:B171) -> 14.131095 | C287: =AVERAGE(C160:C171) -> -0.34084889 | D287: =AVERAGE(D160:D171) -> 0.99196378 | E287: =AVERAGE(E160:E171) -> 1.2807899 | F287: =AVERAGE(F160:F171) -> 1.4505847 | G287: =AVERAGE(G160:G171) -> 1.2466838 | H287: =AVERAGE(H160:H171) -> 0.5920403
A288: Average 2004 | B288: =AVERAGE(B172:B183) -> -0.034777471 | C288: =AVERAGE(C172:C183) -> -2.4522023 | D288: =AVERAGE(D172:D183) -> 1.2872756 | E288: =AVERAGE(E172:E183) -> 1.721039 | F288: =AVERAGE(F172:F183) -> 1.2402401 | G288: =AVERAGE(G172:G183) -> 1.8364946 | H288: =AVERAGE(H172:H183) -> 0.48632356
A289: Average 2005 | B289: =AVERAGE(B184:B195) -> 0.65057502 | C289: =AVERAGE(C184:C195) -> 0.02263347 | D289: =AVERAGE(D184:D195) -> 1.612781 | E289: =AVERAGE(E184:E195) -> 1.4252668 | F289: =AVERAGE(F184:F195) -> 1.1954661 | G289: =AVERAGE(G184:G195) -> 2.052615 | H289: =AVERAGE(H184:H195) -> 1.1267697
A290: Average 2006 | B290: =AVERAGE(B196:B207) -> 0.57708201 | C290: =AVERAGE(C196:C207) -> -0.97052405 | D290: =AVERAGE(D196:D207) -> 2.0554019 | E290: =AVERAGE(E196:E207) -> 1.0801064 | F290: =AVERAGE(F196:F207) -> 1.6302668 | G290: =AVERAGE(G196:G207) -> 2.2104142 | H290: =AVERAGE(H196:H207) -> 2.2359096
A291: Average 2007 | B291: =AVERAGE(B208:B219) -> 1.2626581 | C291: =AVERAGE(C208:C219) -> 0.42679323 | D291: =AVERAGE(D208:D219) -> 1.6820342 | E291: =AVERAGE(E208:E219) -> 1.5346116 | F291: =AVERAGE(F208:F219) -> -0.34561572 | G291: =AVERAGE(G208:G219) -> 1.8584179 | H291: =AVERAGE(H208:H219) -> 1.7148507
A292: Average 2008 | B292: =AVERAGE(B220:B231) -> 0.89171636 | C292: =AVERAGE(C220:C231) -> 4.5618439 | D292: =AVERAGE(D220:D231) -> 1.1020922 | E292: =AVERAGE(E220:E231) -> 1.2273998 | F292: =AVERAGE(F220:F231) -> -1.5953463 | G292: =AVERAGE(G220:G231) -> 1.0425391 | H292: =AVERAGE(H220:H231) -> 1.4101265
A293: Average 2009 | B293: =AVERAGE(B232:B243) -> 0.8314552 | C293: =AVERAGE(C232:C243) -> -2.6455658 | D293: =AVERAGE(D232:D243) -> -0.045472568 | E293: =AVERAGE(E232:E243) -> -0.12405451 | F293: =AVERAGE(F232:F243) -> -2.4167577 | G293: =AVERAGE(G232:G243) -> 0.29736793 | H293: =AVERAGE(H232:H243) -> -0.38526988
A294: Average 2010 | B294: =AVERAGE(B244:B255) -> 1.9808792 | C294: =AVERAGE(C244:C255) -> -1.3188696 | D294: =AVERAGE(D244:D255) -> 0.35389267 | E294: =AVERAGE(E244:E255) -> 0.48956606 | F294: =AVERAGE(F244:F255) -> -1.8880531 | G294: =AVERAGE(G244:G255) -> 0.32866076 | H294: =AVERAGE(H244:H255) -> 0.46560625
A295: Average 2011 | B295: =AVERAGE(B256:B267) -> -0.58729159 | C295: =AVERAGE(C256:C267) -> 7.2551801 | D295: =AVERAGE(D256:D267) -> 0.59357464 | E295: =AVERAGE(E256:E267) -> 0.84921385 | F295: =AVERAGE(F256:F267) -> -1.8896299 | G295: =AVERAGE(G256:G267) -> 0.20924836 | H295: =AVERAGE(H256:H267) -> 1.1847983
A296: Average 2012 | B296: =AVERAGE(B268:B272) -> 0.51801714 | C296: =AVERAGE(C268:C272) -> 3.592228 | D296: =AVERAGE(D268:D272) -> 0.57244758 | E296: =AVERAGE(E268:E272) -> 1.2426141 | F296: =AVERAGE(F268:F272) -> -3.4427543 | G296: =AVERAGE(G268:G272) -> 0.14890868 | H296: =AVERAGE(H268:H272) -> 1.0722865

Sheet Survey Results
A1: ECONOMIC SURVEYS
L4: RMB/BER Business Confidence Index | M4: FNB/BER Consumer Confidence Index | O4: Investec PMI Survey
K5: 32963 | L5: 47 | M5: 4 | N5: 36404 | O5: 50.236298
K6: 33054 | L6: 43 | M6: -6 | N6: 36434 | O6: 52.161135
K7: 33146 | L7: 29 | M7: 4 | N7: 36465 | O7: 56.223386
K8: 33238 | L8: 28 | M8: -4 | N8: 36495 | O8: 53.809905
K9: 33328 | L9: 30 | M9: -1 | N9: 36526 | O9: 57.858238
K10: 33419 | L10: 21 | M10: -5 | N10: 36557 | O10: 60.474655
K11: 33511 | L11: 17 | M11: 1 | N11: 36586 | O11: 49.040823
K12: 33603 | L12: 17 | M12: 0 | N12: 36617 | O12: 53.279102
K13: 33694 | L13: 18 | M13: 1 | N13: 36647 | O13: 50.592613
K14: 33785 | L14: 19 | M14: -4 | N14: 36678 | O14: 50.306086
K15: 33877 | L15: 15 | M15: -11 | N15: 36708 | O15: 48.742123
K16: 33969 | L16: 17 | M16: -8 | N16: 36739 | O16: 51.238169
... K79: 39698 | L79: 34 | M79: -1 | N79: 38657 | O79: 51.6172
K80: Dec-08 | L80: 33 | M80: -4 | N80: 38687 | O80: 52.622454
K81: Mar-09 | L81: 27 | M81: 1 | N81: 38718 | O81: 49.202369
K82: Jun-09 | L82: 26 | M82: 4 | N82: 38749 | O82: 50.616269
K83: Sep-09 | L83: 23 | M83: 1 | N83: 38777 | O83: 52.100158
K84: Dec-09 | L84: 28 | M84: 6 | N84: 38808 | O84: 54.543288
K85: Mar-10 | L85: 43 | M85: 15 | N85: 38838 | O85: 57.223268
K86: Jun-10 | L86: 36 | M86: 14 | N86: 38869 | O86: 60.906633
K87: Sep-10 | L87: 47 | M87: 15 | N87: 38899 | O87: 63.38034
K88: Dec-10 | L88: 44 | M88: 14 | N88: 38930 | O88: 60.364677
K89: Mar-11 | L89: 55 | M89: 9 | N89: 38961 | O89: 54.706738
K90: Jun-11 | L90: 48 | M90: 11 | N90: 38991 | O90: 55.083374
K91: Sep-11 | L91: 39 | M91: 4 | N91: 39022 | O91: 55.643947
K92: Dec-11 | L92: 38 | M92: 5 | N92: 39052 | O92: 54.632464
K93: 40980 | L93: 52 | M93: 5 | N93: 39083 | O93: 56.873846
K94: 41072 | L94: 41 | N94: 39114 | O94: 61.055351
N95: 39142 | O95: 60.209674
N96: 39173 | O96: 57.909189
N97: 39203 | O97: 57.349825
N98: 39234 | O98: 58.02604
N99: 39264 | O99: 60.216685
N100: 39295 | O100: 55.704623
N101: 39326 | O101: 49.988707
N102: 39356 | O102: 52.960071
N103: 39387 | O103: 53.107825
N104: 39417 | O104: 52.365554
N105: 39448 | O105: 50.434169
N106: 39479 | O106: 46.680542
... N158: 41061 | O158: 48.2

Sheet Civil Cases for Debt
B1: CIVIL CASES RECORDED AND SUMMONSES ISSUED FOR DEBT
B2: Business enterprises and private persons | C2: Business enterprises | D2: Private persons | E2: Cape Peninsula | F2: Port-Elizabeth | G2: East London | H2: Kimberley | I2: Pietermaritzburg | J2: Durban | K2: Johannesburg | L2: East Rand | M2: West Rand | N2: Pretoria | O2: Vereeniging and Vanderbijlpark | P2: Bloemfontein
A4: 32874 | B4: 70943 | C4: =B4-D4 -> 7043 | D4: 63900 | E4: 8867 | F4: 2420 | G4: 1229 | H4: 453 | I4: 2090 | J4: 4019 | K4: 6633 | L4: 5446 | M4: 2061 | N4: 5802 | O4: 1307 | P4: 1616
A5: 32905 | B5: 82517 | C5: =B5-D5 -> 5934 | D5: 76583 | E5: 13036 | F5: 3241 | G5: 1158 | H5: 467 | I5: 2370 | J5: 4308 | K5: 6131 | L5: 5136 | M5: 3102 | N5: 5759 | O5: 1686 | P5: 1866
A6: 32933 | B6: 90843 | C6: =B6-D6 -> 7775 | D6: 83068 | E6: 14624 | F6: 2730 | G6: 1259 | H6: 413 | I6: 2303 | J6: 6885 | K6: 7846 | L6: 6769 | M6: 2511 | N6: 6177 | O6: 1912 | P6: 2296
A7: 32964 | B7: 66749 | C7: =B7-D7 -> 6000 | D7: 60749 | E7: 8629 | F7: 2041 | G7: 834 | H7: 637 | I7: 2144 | J7: 4339 | K7: 5295 | L7: 4820 | M7: 2234 | N7: 4918 | O7: 1075 | P7: 1374
A8: 32994 | B8: 79789 | C8: =B8-D8 -> 6365 | D8: 73424 | E8: 11302 | F8: 2559 | G8: 1123 | H8: 630 | I8: 2401 | J8: 6638 | K8: 6852 | L8: 5284 | M8: 2376 | N8: 6180 | O8: 1272 | P8: 1933
A9: 33025 | B9: 88335 | C9: =B9-D9 -> 7585 | D9: 80750 | E9: 13169 | F9: 2182 | G9: 1191 | H9: 460 | I9: 2480 | J9: 6530 | K9: 8012 | L9: 6538 | M9: 2132 | N9: 6383 | O9: 2433 | P9: 2106
A10: 33055 | B10: 84744 | C10: =B10-D10 -> 7758 | D10: 76986 | E10: 11000 | F10: 2933 | G10: 1509 | H10: 622 | I10: 2678 | J10: 6271 | K10: 8850 | L10: 6219 | M10: 3172 | N10: 6543 | O10: 1764 | P10: 1850
A11: 33086 | B11: 86240 | C11: =B11-D11 -> 8039 | D11: 78201 | E11: 12620 | F11: 2854 | G11: 1121 | H11: 501 | I11: 2340 | J11: 6614 | K11: 9572 | L11: 6800 | M11: 2977 | N11: 6712 | O11: 1790 | P11: 1600
A12: 33117 | B12: 76912 | C12: =B12-D12 -> 6598 | D12: 70314 | E12: 11191 | F12: 1963 | G12: 848 | H12: 717 | I12: 1910 | J12: 6306 | K12: 10713 | L12: 5046 | M12: 2164 | N12: 5853 | O12: 1416 | P12: 1860
A13: 33147 | B13: 78936 | C13: =B13-D13 -> 6682 | D13: 72254 | E13: 11946 | F13: 2743 | G13: 1040 | H13: 513 | I13: 2604 | J13: 4655 | K13: 9134 | L13: 5490 | M13: 1917 | N13: 5495 | O13: 1461 | P13: 2268
A14: 33178 | B14: 87859 | C14: =B14-D14 -> 8042 | D14: 79817 | E14: 11879 | F14: 2358 | G14: 1592 | H14: 720 | I14: 2557 | J14: 6678 | K14: 10646 | L14: 6073 | M14: 1971 | N14: 6392 | O14: 1871 | P14: 1964
A15: 33208 | B15: 57913 | C15: =B15-D15 -> 5239 | D15: 52674 | E15: 8889 | F15: 2553 | G15: 761 | H15: 662 | I15: 1455 | J15: 3576 | K15: 6147 | L15: 4353 | M15: 1507 | N15: 3582 | O15: 1066 | P15: 1581
... A231: 39783 | B231: 93856 | C231: =B231-D231 -> 10503 | D231: 83353 | E231: 10378 | F231: 2546 | G231: 1451 | H231: 576 | I231: 1112 | J231: 8125 | K231: 16444 | L231: 4869 | M231: 1968 | N231: 7725 | O231: 816 | P231: 2206
A232: 39814 | B232: 113879 | C232: =B232-D232 -> 11497 | D232: 102382 | E232: 8353 | F232: 1955 | G232: 1259 | H232: 515 | I232: 1713 | J232: 7400 | K232: 20427 | L232: 5126 | M232: 2299 | N232: 10835 | O232: 1265 | P232: 4435 | Q232: 4435
A233: 39845 | B233: 134785 | C233: =B233-D233 -> 12832 | D233: 121953 | E233: 10331 | F233: 3211 | G233: 1619 | H233: 795 | I233: 1557 | J233: 7766 | K233: 22126 | L233: 5592 | M233: 2742 | N233: 12559 | O233: 1449 | P233: 3645 | Q233: 3645
A234: 39873 | B234: 144310 | C234: =B234-D234 -> 14279 | D234: 130031 | E234: 14242 | F234: 5191 | G234: 1759 | H234: 755 | I234: 1807 | J234: 7604 | K234: 20163 | L234: 5618 | M234: 4660 | N234: 14922 | O234: 2339 | P234: 3728 | Q234: 3728
A235: 39904 | B235: 115919 | C235: =B235-D235 -> 12619 | D235: 103300 | E235: 9791 | F235: 3286 | G235: 1384 | H235: 538 | I235: 1403 | J235: 7336 | K235: 18223 | L235: 4108 | M235: 2668 | N235: 9863 | O235: 1671 | P235: 2494 | Q235: 2494
A236: 39934 | B236: 129524 | C236: =B236-D236 -> 14672 | D236: 114852 | E236: 11016 | F236: 3555 | G236: 1439 | H236: 641 | I236: 1839 | J236: 7483 | K236: 20872 | L236: 4878 | M236: 3120 | N236: 11931 | O236: 3448 | P236: 3554 | Q236: 3554
A237: 39965 | B237: 144833 | C237: =B237-D237 -> 19141 | D237: 125692 | E237: 14060 | F237: 3298 | G237: 2364 | H237: 639 | I237: 1537 | J237: 7470 | K237: 24521 | L237: 4495 | M237: 3063 | N237: 12165 | O237: 2698 | P237: 2670 | Q237: 2670
A238: 39995 | B238: 153482 | C238: =B238-D238 -> 17762 | D238: 135720 | E238: 12682 | F238: 4276 | G238: 1620 | H238: 806 | I238: 1895 | J238: 7186 | K238: 26907 | L238: 4373 | M238: 3861 | N238: 17167 | O238: 2629 | P238: 3758 | Q238: 3758
A239: 40026 | B239: 146667 | C239: =B239-D239 -> 15828 | D239: 130839 | E239: 10659 | F239: 5756 | G239: 1721 | H239: 871 | I239: 1693 | J239: 7967 | K239: 22448 | L239: 3667 | M239: 3181 | N239: 21921 | O239: 2034 | P239: 2971 | Q239: 2971
A240: 40057 | B240: 137832 | C240: =B240-D240 -> 14790 | D240: 123042 | E240: 10082 | F240: 3067 | G240: 1394 | H240: 948 | I240: 2161 | J240: 8227 | K240: 25483 | L240: 4587 | M240: 2890 | N240: 11846 | O240: 2781 | P240: 3056 | Q240: 3056
A241: 40087 | B241: 138837 | C241: =B241-D241 -> 15929 | D241: 122908 | E241: 12376 | F241: 3973 | G241: 1349 | H241: 542 | I241: 2478 | J241: 7429 | K241: 20819 | L241: 4981 | M241: 3420 | N241: 11304 | O241: 1589 | P241: 3200 | Q241: 3200
A242: 40118 | B242: 136217 | C242: =B242-D242 -> 14061 | D242: 122156 | E242: 12435 | F242: 3747 | G242: 1395 | H242: 537 | I242: 2439 | J242: 7834 | K242: 20688 | L242: 4373 | M242: 3710 | N242: 11049 | O242: 1581 | P242: 4000 | Q242: 4000
A243: 40148 | B243: 98996 | C243: =B243-D243 -> 11556 | D243: 87440 | E243: 8605 | F243: 2101 | G243: 777 | H243: 439 | I243: 1096 | J243: 7469 | K243: 17460 | L243: 2703 | M243: 2496 | N243: 6799 | O243: 818 | P243: 3020 | Q243: 3020
... A271: 41000 | B271: 80596 | C271: =B271-D271 -> 9287 | D271: 71309 | E271: 6630 | F271: 4986 | G271: 135 | H271: 350 | I271: 1591 | J271: 3374 | K271: 9428 | L271: 3524 | M271: 3944 | N271: 7098 | O271: 1083 | P271: 2194 | Q271: 2194
A273: Per Month
A274: Average 1990 | B274: =AVERAGE(B4:B15) -> 79315 | C274: =AVERAGE(C4:C15) -> 6921.6667 | D274: =AVERAGE(D4:D15) -> 72393.333 | E274: =AVERAGE(E4:E15) -> 11429.333 | F274: =AVERAGE(F4:F15) -> 2548.0833 | G274: =AVERAGE(G4:G15) -> 1138.75 | H274: =AVERAGE(H4:H15) -> 566.25 | I274: =AVERAGE(I4:I15) -> 2277.6667 | ... P274: =AVERAGE(P4:P15) -> 1859.5
A275: Average 1991 | B275: =AVERAGE(B16:B27) -> 86516.083 | C275: =AVERAGE(C16:C27) -> 9461 | D275: =AVERAGE(D16:D27) -> 77055.083 | E275: =AVERAGE(E16:E27) -> 11168.667 | F275: =AVERAGE(F16:F27) -> 2810.8333 | G275: =AVERAGE(G16:G27) -> 1085.0833 | H275: =AVERAGE(H16:H27) -> 809.75 | I275: =AVERAGE(I16:I27) -> 2328.6667 | ... P275: =AVERAGE(P16:P27) -> 1990.6667
A276: Average 1992 | B276: =AVERAGE(B28:B39) -> 92245.667 | C276: =AVERAGE(C28:C39) -> 9591 | D276: =AVERAGE(D28:D39) -> 82654.667 | E276: =AVERAGE(E28:E39) -> 12845.833 | F276: =AVERAGE(F28:F39) -> 2867.4167 | G276: =AVERAGE(G28:G39) -> 1189.4167 | H276: =AVERAGE(H28:H39) -> 923.66667 | I276: =AVERAGE(I28:I39) -> 2465.3333 | ... P276: =AVERAGE(P28:P39) -> 2765.3333
A277: Average 1993 | B277: =AVERAGE(B40:B51) -> 93186.083 | C277: =AVERAGE(C40:C51) -> 9983.1667 | D277: =AVERAGE(D40:D51) -> 83202.917 | E277: =AVERAGE(E40:E51) -> 14840.333 | F277: =AVERAGE(F40:F51) -> 3175.3333 | G277: =AVERAGE(G40:G51) -> 1394.0833 | H277: =AVERAGE(H40:H51) -> 701 | I277: =AVERAGE(I40:I51) -> 2588.8333 | ... P277: =AVERAGE(P40:P51) -> 2059.1667
A278: Average 1994 | B278: =AVERAGE(B52:B63) -> 90465.667 | C278: =AVERAGE(C52:C63) -> 9414.5833 | D278: =AVERAGE(D52:D63) -> 81051.083 | E278: =AVERAGE(E52:E63) -> 13318.917 | F278: =AVERAGE(F52:F63) -> 3347.75 | G278: =AVERAGE(G52:G63) -> 1363.5833 | H278: =AVERAGE(H52:H63) -> 684.58333 | I278: =AVERAGE(I52:I63) -> 2602.3333 | ... P278: =AVERAGE(P52:P63) -> 1823.75
A279: Average 1995 | B279: =AVERAGE(B64:B75) -> 97114.667 | C279: =AVERAGE(C64:C75) -> 10105.167 | D279: =AVERAGE(D64:D75) -> 87009.5 | E279: =AVERAGE(E64:E75) -> 13884.083 | F279: =AVERAGE(F64:F75) -> 3969.9167 | G279: =AVERAGE(G64:G75) -> 1287.0833 | H279: =AVERAGE(H64:H75) -> 901.91667 | I279: =AVERAGE(I64:I75) -> 2524.1667 | ... P279: =AVERAGE(P64:P75) -> 2024.0833
A280: Average 1996 | B280: =AVERAGE(B76:B87) -> 109131.08 | C280: =AVERAGE(C76:C87) -> 10276.417 | D280: =AVERAGE(D76:D87) -> 98854.667 | E280: =AVERAGE(E76:E87) -> 14210.333 | F280: =AVERAGE(F76:F87) -> 9179.3333 | G280: =AVERAGE(G76:G87) -> 1543.5833 | H280: =AVERAGE(H76:H87) -> 726.41667 | I280: =AVERAGE(I76:I87) -> 2612.25 | ... P280: =AVERAGE(P76:P87) -> 2085.5
A281: Average 1997 | B281: =AVERAGE(B88:B99) -> 123013.75 | C281: =AVERAGE(C88:C99) -> 13296.167 | D281: =AVERAGE(D88:D99) -> 109717.58 | E281: =AVERAGE(E88:E99) -> 15041.417 | F281: =AVERAGE(F88:F99) -> 11255.833 | G281: =AVERAGE(G88:G99) -> 1609.75 | H281: =AVERAGE(H88:H99) -> 655.16667 | I281: =AVERAGE(I88:I99) -> 2677.0833 | ... P281: =AVERAGE(P88:P99) -> 1659
A282: Average 1998 | B282: =AVERAGE(B100:B111) -> 125749.92 | C282: =AVERAGE(C100:C111) -> 11142.667 | D282: =AVERAGE(D100:D111) -> 114607.25 | E282: =AVERAGE(E100:E111) -> 15085.333 | F282: =AVERAGE(F100:F111) -> 11973.083 | G282: =AVERAGE(G100:G111) -> 2307.3333 | H282: =AVERAGE(H100:H111) -> 659.58333 | I282: =AVERAGE(I100:I111) -> 2446.8333 | ... P282: =AVERAGE(P100:P111) -> 1850.75
A283: Average 1999 | B283: =AVERAGE(B113:B123) -> 133194.91 | C283: =AVERAGE(C113:C123) -> 11338.545 | D283: =AVERAGE(D113:D123) -> 121856.36 | E283: =AVERAGE(E113:E123) -> 15573.455 | F283: =AVERAGE(F113:F123) -> 10900.636 | G283: =AVERAGE(G113:G123) -> 3180.6364 | H283: =AVERAGE(H113:H123) -> 1364.7273 | I283: =AVERAGE(I113:I123) -> 2836 | ... P283: =AVERAGE(P113:P123) -> 2518.3636
A284: Average 2000 | B284: =AVERAGE(B124:B135) -> 146605.75 | C284: =AVERAGE(C124:C135) -> 14473.167 | D284: =AVERAGE(D124:D135) -> 132132.58 | E284: =AVERAGE(E124:E135) -> 19018.167 | F284: =AVERAGE(F124:F135) -> 10275.25 | G284: =AVERAGE(G124:G135) -> 3248.6667 | H284: =AVERAGE(H124:H135) -> 1535 | I284: =AVERAGE(I124:I135) -> 3153.5833 | ... P284: =AVERAGE(P124:P135) -> 2950.3333
A285: Average 2001 | B285: =AVERAGE(B136:B146) -> 154353.45 | C285: =AVERAGE(C136:C146) -> 13568 | D285: =AVERAGE(D136:D146) -> 140785.45 | E285: =AVERAGE(E136:E146) -> 18077.182 | F285: =AVERAGE(F136:F146) -> 11671.636 | G285: =AVERAGE(G136:G146) -> 2860.0909 | H285: =AVERAGE(H136:H146) -> 1711.8182 | I285: =AVERAGE(I136:I146) -> 3867 | ... P285: =AVERAGE(P136:P146) -> 3855.1818
A286: Average 2002 | B286: =AVERAGE(B148:B159) -> 147338.08 | C286: =AVERAGE(C148:C159) -> 12216.083 | D286: =AVERAGE(D148:D159) -> 135122 | E286: =AVERAGE(E148:E159) -> 17641.167 | F286: =AVERAGE(F148:F159) -> 8641.0833 | G286: =AVERAGE(G148:G159) -> 2825.25 | H286: =AVERAGE(H148:H159) -> 1815.75 | I286: =AVERAGE(I148:I159) -> 3482.5833 | ... P286: =AVERAGE(P148:P159) -> 3741.25
A287: Average 2003 | B287: =AVERAGE(B160:B171) -> 150106.08 | C287: =AVERAGE(C160:C171) -> 10790.25 | D287: =AVERAGE(D160:D171) -> 139315.83 | E287: =AVERAGE(E160:E171) -> 16208.667 | F287: =AVERAGE(F160:F171) -> 7636 | G287: =AVERAGE(G160:G171) -> 3297.4167 | H287: =AVERAGE(H160:H171) -> 2367.5833 | I287: =AVERAGE(I160:I171) -> 2649 | ... P287: =AVERAGE(P160:P171) -> 6314.9167
A288: Average 2004 | B288: =AVERAGE(B172:B183) -> 132855.92 | C288: =AVERAGE(C172:C183) -> 10505.5 | D288: =AVERAGE(D172:D183) -> 122350.42 | E288: =AVERAGE(E172:E183) -> 12575.667 | F288: =AVERAGE(F172:F183) -> 7151.9167 | G288: =AVERAGE(G172:G183) -> 3283.5 | H288: =AVERAGE(H172:H183) -> 1145.8333 | I288: =AVERAGE(I172:I183) -> 1697.4167 | ... P288: =AVERAGE(P172:P183) -> 4905.1667
A289: Average 2005 | B289: =AVERAGE(B184:B195) -> 126176.25 | C289: =AVERAGE(C184:C195) -> 11757.167 | D289: =AVERAGE(D184:D195) -> 114419.08 | E289: =AVERAGE(E184:E195) -> 14542.583 | F289: =AVERAGE(F184:F195) -> 6129.9167 | G289: =AVERAGE(G184:G195) -> 3381.25 | H289: =AVERAGE(H184:H195) -> 812.41667 | I289: =AVERAGE(I184:I195) -> 1765.0833 | ... P289: =AVERAGE(P184:P195) -> 5215.1667
A290: Average 2006 | B290: =AVERAGE(B196:B207) -> 133642.42 | C290: =AVERAGE(C196:C207) -> 13443.333 | D290: =AVERAGE(D196:D207) -> 120199.08 | E290: =AVERAGE(E196:E207) -> 12963.667 | F290: =AVERAGE(F196:F207) -> 6090.9167 | G290: =AVERAGE(G196:G207) -> 4441.5 | H290: =AVERAGE(H196:H207) -> 520.25 | I290: =AVERAGE(I196:I207) -> 1589.75 | ... P290: =AVERAGE(P196:P207) -> 5301.3333
A291: Average 2007 | B291: =AVERAGE(B208:B219) -> 121662.25 | C291: =AVERAGE(C208:C219) -> 11793.333 | D291: =AVERAGE(D208:D219) -> 109868.92 | E291: =AVERAGE(E208:E219) -> 10314.083 | F291: =AVERAGE(F208:F219) -> 5780.3333 | G291: =AVERAGE(G208:G219) -> 2878.5833 | H291: =AVERAGE(H208:H219) -> 810.5 | I291: =AVERAGE(I208:I219) -> 1530.4167 | ... P291: =AVERAGE(P208:P219) -> 4033.5833
A292: Average 2008 | B292: =AVERAGE(B220:B231) -> 120223 | C292: =AVERAGE(C220:C231) -> 14792.917 | D292: =AVERAGE(D220:D231) -> 105430.08 | E292: =AVERAGE(E220:E231) -> 10293.75 | F292: =AVERAGE(F220:F231) -> 4785.6667 | G292: =AVERAGE(G220:G231) -> 1542.1667 | H292: =AVERAGE(H220:H231) -> 635.66667 | I292: =AVERAGE(I220:I231) -> 1694.0833 | ... P292: =AVERAGE(P220:P231) -> 2931.9167
A293: Average 2009 | B293: =AVERAGE(B232:B243) -> 132940.08 | C293: =AVERAGE(C232:C243) -> 14580.5 | D293: =AVERAGE(D232:D243) -> 118359.58 | E293: =AVERAGE(E232:E243) -> 11219.333 | F293: =AVERAGE(F232:F243) -> 3618 | G293: =AVERAGE(G232:G243) -> 1506.6667 | H293: =AVERAGE(H232:H243) -> 668.83333 | I293: =AVERAGE(I232:I243) -> 1801.5 | ... P293: =AVERAGE(P232:P243) -> 3377.5833
A294: Average 2010 | B294: =AVERAGE(B244:B255) -> 122443.5 | C294: =AVERAGE(C244:C255) -> 14191.5 | D294: =AVERAGE(D244:D255) -> 108252 | E294: =AVERAGE(E244:E255) -> 9838.8333 | F294: =AVERAGE(F244:F255) -> 3094.6667 | G294: =AVERAGE(G244:G255) -> 1318.5833 | H294: =AVERAGE(H244:H255) -> 437.16667 | I294: =AVERAGE(I244:I255) -> 1903 | ... P294: =AVERAGE(P244:P255) -> 5354.9167
A295: Average 2011 | B295: =AVERAGE(B256:B267) -> 102339.5 | C295: =AVERAGE(C256:C267) -> 12794.25 | D295: =AVERAGE(D256:D267) -> 89545.25 | E295: =AVERAGE(E256:E267) -> 6621.9167 | F295: =AVERAGE(F256:F267) -> 5002.0833 | G295: =AVERAGE(G256:G267) -> 981.83333 | H295: =AVERAGE(H256:H267) -> 403.5 | I295: =AVERAGE(I256:I267) -> 1383.75 | ... P295: =AVERAGE(P256:P267) -> 3462.25
A296: Average 2012 | B296: =AVERAGE(B268:B271) -> 89170 | C296: =AVERAGE(C268:C271) -> 9561.5 | D296: =AVERAGE(D268:D271) -> 79608.5 | E296: =AVERAGE(E268:E271) -> 6587.75 | F296: =AVERAGE(F268:F271) -> 6768 | G296: =AVERAGE(G268:G271) -> 226 | H296: =AVERAGE(H268:H271) -> 451 | I296: =AVERAGE(I268:I271) -> 1529.25 | ... P296: =AVERAGE(P268:P271) -> 2012.25
A298: Per Annum
A299: Year-on-Year1991 | B299: =(B275-B274)/B274*100 -> 9.0790939 | C299: =(C275-C274)/C274*100 -> 36.686732 | D299: =(D275-D274)/D274*100 -> 6.4394742 | E299: =(E275-E274)/E274*100 -> -2.2806813 | F299: =(F275-F274)/F274*100 -> 10.311672 | G299: =(G275-G274)/G274*100 -> -4.7127698 | H299: =(H275-H274)/H274*100 -> 43.002208 | I299: =(I275-I274)/I274*100 -> 2.2391336 | ... P299: =(P275-P274)/P274*100 -> 7.0538675
A300: Year-on-Year1992 | B300: =(B276-B275)/B275*100 -> 6.6225644 | C300: =(C276-C275)/C275*100 -> 1.3740619 | D300: =(D276-D275)/D275*100 -> 7.2669876 | E300: =(E276-E275)/E275*100 -> 15.016713 | F300: =(F276-F275)/F275*100 -> 2.0130448 | G300: =(G276-G275)/G275*100 -> 9.6152369 | H300: =(H276-H275)/H275*100 -> 14.068128 | I300: =(I276-I275)/I275*100 -> 5.8688806 | ... P300: =(P276-P275)/P275*100 -> 38.914936
A301: Year-on-Year1993 | B301: =(B277-B276)/B276*100 -> 1.0194697 | C301: =(C277-C276)/C276*100 -> 4.0889028 | D301: =(D277-D276)/D276*100 -> 0.66330193 | E301: =(E277-E276)/E276*100 -> 15.526435 | F301: =(F277-F276)/F276*100 -> 10.73847 | G301: =(G277-G276)/G276*100 -> 17.207315 | H301: =(H277-H276)/H276*100 -> -24.106821 | I301: =(I277-I276)/I276*100 -> 5.0094646 | ... P301: =(P277-P276)/P276*100 -> -25.536403
A302: Year-on-Year1994 | B302: =(B278-B277)/B277*100 -> -2.9193379 | C302: =(C278-C277)/C277*100 -> -5.6954206 | D302: =(D278-D277)/D277*100 -> -2.5862475 | E302: =(E278-E277)/E277*100 -> -10.251904 | F302: =(F278-F277)/F277*100 -> 5.4298761 | G302: =(G278-G277)/G277*100 -> -2.1878176 | H302: =(H278-H277)/H277*100 -> -2.3418925 | I302: =(I278-I277)/I277*100 -> 0.52147042 | ... P302: =(P278-P277)/P277*100 -> -11.432618
A303: Year-on-Year1995 | B303: =(B279-B278)/B278*100 -> 7.3497496 | C303: =(C279-C278)/C278*100 -> 7.3352512 | D303: =(D279-D278)/D278*100 -> 7.3514337 | E303: =(E279-E278)/E278*100 -> 4.2433381 | F303: =(F279-F278)/F278*100 -> 18.584622 | G303: =(G279-G278)/G278*100 -> -5.6102182 | H303: =(H279-H278)/H278*100 -> 31.746805 | I303: =(I279-I278)/I278*100 -> -3.0037146 | ... P303: =(P279-P278)/P278*100 -> 10.984693
A304: Year-on-Year1996 | B304: =(B280-B279)/B279*100 -> 12.373431 | C304: =(C280-C279)/C279*100 -> 1.6946776 | D304: =(D280-D279)/D279*100 -> 13.613648 | E304: =(E280-E279)/E279*100 -> 2.349813 | F304: =(F280-F279)/F279*100 -> 131.22232 | G304: =(G280-G279)/G279*100 -> 19.92878 | H304: =(H280-H279)/H279*100 -> -19.45856 | I304: =(I280-I279)/I279*100 -> 3.4896005 | ... P304: =(P280-P279)/P279*100 -> 3.0342954
A305: Year-on-Year1997 | B305: =(B281-B280)/B280*100 -> 12.721093 | C305: =(C281-C280)/C280*100 -> 29.385243 | D305: =(D281-D280)/D280*100 -> 10.988775 | E305: =(E281-E280)/E280*100 -> 5.8484436 | F305: =(F281-F280)/F280*100 -> 22.621469 | G305: =(G281-G280)/G280*100 -> 4.2865627 | H305: =(H281-H280)/H280*100 -> -9.8084203 | I305: =(I281-I280)/I280*100 -> 2.4818962 | ... P305: =(P281-P280)/P280*100 -> -20.450731
A306: Year-on-Year1998 | B306: =(B282-B281)/B281*100 -> 2.2242771 | C306: =(C282-C281)/C281*100 -> -16.196397 | D306: =(D282-D281)/D281*100 -> 4.4565935 | E306: =(E282-E281)/E281*100 -> 0.29197161 | F306: =(F282-F281)/F281*100 -> 6.3722514 | G306: =(G282-G281)/G281*100 -> 43.334886 | H306: =(H282-H281)/H281*100 -> 0.67412872 | I306: =(I282-I281)/I281*100 -> -8.6007782 | ... P306: =(P282-P281)/P281*100 -> 11.558168
A307: Year-on-Year1999 | B307: =(B283-B282)/B282*100 -> 5.920475 | C307: =(C283-C282)/C282*100 -> 1.7579166 | D307: =(D283-D282)/D282*100 -> 6.3251789 | E307: =(E283-E282)/E282*100 -> 3.2357337 | F307: =(F283-F282)/F282*100 -> -8.9571495 | G307: =(G283-G282)/G282*100 -> 37.849019 | H307: =(H283-H282)/H282*100 -> 106.90748 | I307: =(I283-I282)/I282*100 -> 15.904911 | ... P307: =(P283-P282)/P282*100 -> 36.0726
A308: Year-on-Year2000 | B308: =(B284-B283)/B283*100 -> 10.068584 | C308: =(C284-C283)/C283*100 -> 27.645708 | D308: =(D284-D283)/D283*100 -> 8.4330595 | E308: =(E284-E283)/E283*100 -> 22.119127 | F308: =(F284-F283)/F283*100 -> -5.7371546 | G308: =(G284-G283)/G283*100 -> 2.1388897 | H308: =(H284-H283)/H283*100 -> 12.476685 | I308: =(I284-I283)/I283*100 -> 11.198284 | ... P308: =(P284-P283)/P283*100 -> 17.152793
A309: Year-on-Year2001 | B309: =(B285-B284)/B284*100 -> 5.2847208 | C309: =(C285-C284)/C284*100 -> -6.2541024 | D309: =(D285-D284)/D284*100 -> 6.5486279 | E309: =(E285-E284)/E284*100 -> -4.947821 | F309: =(F285-F284)/F284*100 -> 13.589804 | G309: =(G285-G284)/G284*100 -> -11.961084 | H309: =(H285-H284)/H284*100 -> 11.5191 | I309: =(I285-I284)/I284*100 -> 22.622414 | ... P309: =(P285-P284)/P284*100 -> 30.669365
A310: Year-on-Year2002 | B310: =(B286-B285)/B285*100 -> -4.5450043 | C310: =(C286-C285)/C285*100 -> -9.9640085 | D310: =(D286-D285)/D285*100 -> -4.0227554 | E310: =(E286-E285)/E285*100 -> -2.4119642 | F310: =(F286-F285)/F285*100 -> -25.965108 | G310: =(G286-G285)/G285*100 -> -1.2181749 | H310: =(H286-H285)/H285*100 -> 6.0714286 | I310: =(I286-I285)/I285*100 -> -9.9409534 | ... P310: =(P286-P285)/P285*100 -> -2.9552904
... A320: Year-on-Year2012 | B320: =(B296-B295)/B295*100 -> -12.868443 | C320: =(C296-C295)/C295*100 -> -25.26721 | D320: =(D296-D295)/D295*100 -> -11.096904 | E320: =(E296-E295)/E295*100 -> -0.5159634 | F320: =(F296-F295)/F295*100 -> 35.303623 | G320: =(G296-G295)/G295*100 -> -76.981837 | H320: =(H296-H295)/H295*100 -> 11.771995 | I320: =(I296-I295)/I295*100 -> 10.514905 | ... P320: =(P296-P295)/P295*100 -> -41.88028
N378: As a % of Total
M379: KZN | N379: =(I274+J274)/SUM(E274:P274)*100 -> 16.082312
N402: As a % of Total
M403: KZN | N403: =(I284+J284)/SUM(E284:P284)*100 -> 15.083797
N425: As a % of Total
M426: KZN | N426: =(I292+J292)/SUM(E292:P292)*100 -> 12.314085
N451: As a % of Total
M452: KZN | N452: =(I293+J293)/SUM(E293:P293)*100 -> 12.717432
N479: As a % of Total
M480: KZN | N480: =(I294+J294)/SUM(E294:P294)*100 -> 13.29531
N507: As a % of Total
M508: KZN | N508: =(I295+J295)/SUM(E295:P295)*100 -> 11.698568
N532: As a % of Total
M533: KZN | N533: =(I296+J296)/SUM(E296:P296)*100 -> 10.681541

Sheet Sheet1
A1: ITEMS | B1: RATE
A2: Petrol | B2: 19.437115
A3: Public transport | B3: 17.534247
A4: Electricity and other fuels | B4: 16.111111
A5: Private transport operation | B5: 14.953271
A6: Sugar, sweets and deserts | B6: 13.737529
A7: Beer | B7: 11.344211
A8: Water and other services | B8: 10.211268
A9: Maintenance and repair | B9: 9.5794393
A10: Bread and cereals | B10: 9.5238095
A11: Alcoholic beverages | B11: 9.3949045
A12: Education | B12: 9.0408805
A13: Transport | B13: 8.6916743
... A53: Telecmmunication services | B53: -14.137214

Sheet Inflation
B1: KZN - CONSUMER PRICE INDEX RECLASSIFIED (BASE 2008 = 100)
B2: All Items | C2: Food and non alcoholic beverages | D2: Food | E2: Bread and cereals | F2: Meat | G2: Fish | H2: Milk, eggs and cheese | I2: Oils and fats | J2: Fruit | K2: Vegetables | L2: Sugar, sweets and deserts | M2: Other food | N2: Alcoholic beverages and tobacco | O2: Alcoholic beverages | P2: Spirits | Q2: Wine | R2: Beer | S2: Clothing and footwear | T2: Clothing | U2: Footwear | V2: Housing and utilities | W2: Actual rentals for housing | X2: Owners equivalent rent | Y2: Maintenance and repair | Z2: Water and other services | AA2: Electricity and other fuels | AB2: Household contents and equipment | AC2: Furnishings, floor coverings and textiles | AD2: Appliances, tableware and equipment | AE2: Supplies and services | AF2: Health | AG2: Transport | AH2: Purchase of vehicles | AI2: Private transport operation | AJ2: Petrol | AK2: Other running costs | AL2: Public transport | AM2: Communication | AN2: Postal services and telecommunication equipment | AO2: Telecmmunication services | AP2: Recreation and culture | AQ2: Recreational equipment | AR2: Recreational and cultural services | AS2: Books, newspapers and stationery | AT2: Education | AU2: Restaurants and hotels | AV2: Restaurants | AW2: Hotels | AX2: Miscellaneous goods and services | AY2: Personal care | AZ2: Insurance | BA2: Financial services | BB2: Other services
A3: 39448 | B3: 95.3 | C3: 93.3 | D3: 93.2 | E3: 84.8 | F3: 99.7 | G3: 90.1 | H3: 91.4 | I3: 79.2 | J3: 115.2 | K3: 101.9 | L3: 97.3 | M3: 91.5 | N3: 93.8 | O3: 94.5 | P3: 95.3 | Q3: 95.6 | R3: 93.8 | S3: 99 | T3: 99 | U3: 98.9 | V3: 94.9 | W3: 95.4 | X3: 95.5 | Y3: 93.2 | Z3: 97 | AA3: 89.4 | AB3: 96.8 | AC3: 98.3 | AD3: 95.9 | AE3: 95.8 | AF3: 94.8 | AG3: 95.5 | AH3: 99.4 | AI3: 86.1 | AJ3: 82.7 | AK3: 95.8 | AL3: 98.3 | AM3: 100.1 | AN3: 99.6 | AO3: 103.7 | AP3: 95.2 | AQ3: 93.3 | AR3: 98.6 | AS3: 96.2 | AT3: 95.8 | AU3: 94.9 | AV3: 95.4 | AW3: 94.4 | AX3: 95.9 | AY3: 95.9 | AZ3: 96 | BA3: 95.3 | BB3: 96
A4: 39479 | B4: 95.8 | C4: 93.6 | D4: 93.5 | E4: 87.3 | F4: 98 | G4: 90.4 | H4: 92.5 | I4: 81.3 | J4: 112.3 | K4: 101.6 | L4: 95.5 | M4: 91.6 | N4: 94.8 | O4: 96.1 | P4: 95.4 | Q4: 96.1 | R4: 96.6 | S4: 99.1 | T4: 99.1 | U4: 99.1 | V4: 94.9 | W4: 95.4 | X4: 95.5 | Y4: 93.3 | Z4: 97 | AA4: 89.5 | AB4: 96.8 | AC4: 98.6 | AD4: 95.8 | AE4: 95.7 | AF4: 99.3 | AG4: 95.8 | AH4: 99.2 | AI4: 87.5 | AJ4: 84.6 | AK4: 95.9 | AL4: 98.3 | AM4: 99.8 | AN4: 99.6 | AO4: 101.7 | AP4: 95.8 | AQ4: 94.9 | AR4: 98.1 | AS4: 95.3 | AT4: 95.8 | AU4: 95.8 | AV4: 95.8 | AW4: 95.9 | AX4: 98 | AY4: 96.4 | AZ4: 100.2 | BA4: 95.3 | BB4: 96
A5: 39508 | B5: 96.5 | C5: 94.2 | D5: 94 | E5: 89.9 | F5: 96.7 | G5: 91.7 | H5: 94.9 | I5: 93 | J5: 101.5 | K5: 96.9 | L5: 94.2 | M5: 94.1 | N5: 97.3 | O5: 97.3 | P5: 97.3 | Q5: 99.1 | R5: 96.9 | S5: 99.4 | T5: 99.6 | U5: 99.1 | V5: 96.4 | W5: 97.8 | X5: 97.6 | Y5: 93.7 | Z5: 97 | AA5: 90.1 | AB5: 97.4 | AC5: 97.5 | AD5: 97.3 | AE5: 97.4 | AF5: 99.4 | AG5: 95.4 | AH5: 99.3 | AI5: 93 | AJ5: 91.5 | AK5: 97.4 | AL5: 89.8 | AM5: 99.7 | AN5: 99.6 | AO5: 100.6 | AP5: 95.8 | AQ5: 94.6 | AR5: 98.3 | AS5: 95.9 | AT5: 100.8 | AU5: 97.2 | AV5: 96.7 | AW5: 97.8 | AX5: 98.1 | AY5: 96.9 | AZ5: 100.2 | BA5: 95.3 | BB5: 96
A6: 39539 | B6: 97.4 | C6: 95.6 | D6: 95.5 | E6: 91.1 | F6: 97.3 | G6: 93.1 | H6: 96.9 | I6: 100.5 | J6: 104.9 | K6: 97 | L6: 97.3 | M6: 94.9 | N6: 99.1 | O6: 99.7 | P6: 99.8 | Q6: 99.2 | R6: 99.8 | S6: 99.6 | T6: 99.7 | U6: 99.4 | V6: 96.6 | W6: 97.8 | X6: 97.6 | Y6: 94.1 | Z6: 97 | AA6: 91.5 | AB6: 98.4 | AC6: 98.9 | AD6: 97.8 | AE6: 98.1 | AF6: 99.5 | AG6: 96.9 | AH6: 99.1 | AI6: 98.9 | AJ6: 99 | AK6: 98.6 | AL6: 89.8 | AM6: 99.6 | AN6: 99.2 | AO6: 102.3 | AP6: 97.3 | AQ6: 96.2 | AR6: 99.1 | AS6: 98.3 | AT6: 100.8 | AU6: 97.7 | AV6: 97.5 | AW6: 97.8 | AX6: 98.7 | AY6: 97.8 | AZ6: 100.2 | BA6: 95.3 | BB6: 97.7
A7: 39569 | B7: 98.1 | C7: 97.6 | D7: 97.5 | E7: 96.4 | F7: 97.7 | G7: 97.6 | H7: 98.1 | I7: 103 | J7: 91.9 | K7: 98 | L7: 97.5 | M7: 97.5 | N7: 99.8 | O7: 100.6 | P7: 100 | Q7: 100.9 | R7: 101 | S7: 99.7 | T7: 99.7 | U7: 99.7 | V7: 96.7 | W7: 97.8 | X7: 97.6 | Y7: 95.6 | Z7: 97 | AA7: 92 | AB7: 98.3 | AC7: 97.5 | AD7: 99.1 | AE7: 98.6 | AF7: 100.1 | AG7: 98.1 | AH7: 98.8 | AI7: 103.7 | AJ7: 105.2 | AK7: 99.4 | AL7: 89.8 | AM7: 99.5 | AN7: 99.2 | AO7: 101.2 | AP7: 98.9 | AQ7: 97.5 | AR7: 99.4 | AS7: 102.2 | AT7: 100.8 | AU7: 98.6 | AV7: 98.5 | AW7: 98.7 | AX7: 98.7 | AY7: 98.4 | AZ7: 100.2 | BA7: 95.3 | BB7: 97.7
A8: 39600 | B8: 100 | C8: 99.4 | D8: 99.4 | E8: 100.6 | F8: 99.2 | G8: 100.1 | H8: 99.3 | I8: 102.4 | J8: 92.4 | K8: 98.3 | L8: 96.3 | M8: 99.1 | N8: 100 | O8: 100.9 | P8: 100.9 | Q8: 101 | R8: 100.8 | S8: 99.8 | T8: 99.8 | U8: 99.8 | V8: 99.2 | W8: 101.3 | X8: 101.6 | Y8: 96.9 | Z8: 97 | AA8: 91.5 | AB8: 99.8 | AC8: 99.7 | AD8: 99 | AE8: 100.3 | AF8: 100.4 | AG8: 102.8 | AH8: 99.9 | AI8: 108 | AJ8: 110.8 | AK8: 99.9 | AL8: 102.9 | AM8: 99.4 | AN8: 99.2 | AO8: 100.5 | AP8: 99 | AQ8: 98.3 | AR8: 99.7 | AS8: 100.1 | AT8: 100.8 | AU8: 100 | AV8: 99.6 | AW8: 100.4 | AX8: 98.8 | AY8: 98.7 | AZ8: 100.2 | BA8: 95.3 | BB8: 97.7
A9: 39630 | B9: 101.7 | C9: 101.8 | D9: 101.9 | E9: 104 | F9: 101.4 | G9: 101.4 | H9: 101.3 | I9: 105.7 | J9: 92.7 | K9: 99.3 | L9: 101.4 | M9: 101.6 | N9: 100.7 | O9: 101.8 | P9: 101.4 | Q9: 101.6 | R9: 102.2 | S9: 99.7 | T9: 99.7 | U9: 99.8 | V9: 102.5 | W9: 101.3 | X9: 101.6 | Y9: 97.9 | Z9: 103 | AA9: 109.1 | AB9: 100.7 | AC9: 100.2 | AD9: 101.1 | AE9: 100.9 | AF9: 100.9 | AG9: 104.7 | AH9: 100.3 | AI9: 113.8 | AJ9: 118.6 | AK9: 100.1 | AL9: 103.3 | AM9: 99.3 | AN9: 99.2 | AO9: 99.8 | AP9: 99.9 | AQ9: 99.8 | AR9: 99.6 | AS9: 100.6 | AT9: 100.8 | AU9: 100.3 | AV9: 99.9 | AW9: 100.7 | AX9: 99.9 | AY9: 99.1 | AZ9: 100.5 | BA9: 98.3 | BB9: 99.8
A10: 39661 | B10: 102.3 | C10: 103.2 | D10: 103.4 | E10: 107 | F10: 101.4 | G10: 103.2 | H10: 103.5 | I10: 106.9 | J10: 92 | K10: 99.2 | L10: 104.2 | M10: 103.1 | N10: 101.8 | O10: 101.2 | P10: 101.4 | Q10: 99.9 | R10: 101.3 | S10: 100.4 | T10: 100.3 | U10: 100.5 | V10: 102.9 | W10: 101.3 | X10: 101.6 | Y10: 104.5 | Z10: 103 | AA10: 109.1 | AB10: 101.5 | AC10: 101.7 | AD10: 102.2 | AE10: 100.9 | AF10: 100.8 | AG10: 103.9 | AH10: 100.1 | AI10: 111.5 | AJ10: 115.5 | AK10: 100 | AL10: 103.3 | AM10: 100.5 | AN10: 100.9 | AO10: 97.5 | AP10: 102.1 | AQ10: 103 | AR10: 99.9 | AS10: 102.4 | AT10: 100.8 | AU10: 102.4 | AV10: 100.7 | AW10: 104.1 | AX10: 100.2 | AY10: 100 | AZ10: 100.5 | BA10: 99.8 | BB10: 99.8
A11: 39692 | B11: 102.8 | C11: 103.9 | D11: 104 | E11: 108.4 | F11: 101.4 | G11: 104.7 | H11: 104.9 | I11: 107.3 | J11: 95.5 | K11: 97.4 | L11: 104.9 | M11: 104.7 | N11: 103 | O11: 102.3 | P11: 102.2 | Q11: 101.9 | R11: 102.5 | S11: 100.5 | T11: 100.5 | U11: 100.7 | V11: 103.6 | W11: 102.5 | X11: 102.4 | Y11: 105.8 | Z11: 103 | AA11: 110 | AB11: 102.4 | AC11: 101.9 | AD11: 103.3 | AE11: 102.4 | AF11: 100.8 | AG11: 103.4 | AH11: 101 | AI11: 105.9 | AJ11: 107.3 | AK11: 102 | AL11: 105.7 | AM11: 100.4 | AN11: 100.9 | AO11: 96.9 | AP11: 102.9 | AQ11: 104.5 | AR11: 101.6 | AS11: 100 | AT11: 100.8 | AU11: 100.6 | AV11: 100.4 | AW11: 100.8 | AX11: 101.2 | AY11: 101.6 | AZ11: 100.5 | BA11: 107.4 | BB11: 99.8
A12: 39722 | B12: 103.3 | C12: 105.2 | D12: 105.3 | E12: 110.2 | F12: 101.3 | G12: 106.4 | H12: 105.6 | I12: 108.6 | J12: 92.1 | K12: 102 | L12: 104.8 | M12: 106.9 | N12: 103.1 | O12: 101.8 | P12: 102 | Q12: 101.7 | R12: 101.6 | S12: 100.9 | T12: 100.9 | U12: 101 | V12: 103.5 | W12: 102.5 | X12: 102.4 | Y12: 106.2 | Z12: 103 | AA12: 109.3 | AB12: 102.7 | AC12: 102.4 | AD12: 103 | AE12: 102.8 | AF12: 100.8 | AG12: 102.9 | AH12: 101 | AI12: 103.9 | AJ12: 104.4 | AK12: 102.5 | AL12: 105.7 | AM12: 100.6 | AN12: 100.9 | AO12: 98.1 | AP12: 103.1 | AQ12: 105 | AR12: 101.6 | AS12: 99.6 | AT12: 100.8 | AU12: 102.7 | AV12: 104.5 | AW12: 100.7 | AX12: 103.4 | AY12: 103.8 | AZ12: 100.5 | BA12: 107.4 | BB12: 106.5
A13: 39753 | B13: 103.4 | C13: 105.7 | D13: 105.8 | E13: 109.7 | F13: 102.2 | G13: 110.9 | H13: 105.5 | I13: 107.1 | J13: 101.7 | K13: 103.2 | L13: 104.5 | M13: 108 | N13: 103.4 | O13: 102.1 | P13: 102.6 | Q13: 101.7 | R13: 101.8 | S13: 100.7 | T13: 100.5 | U13: 101.1 | V13: 103.6 | W13: 102.5 | X13: 102.4 | Y13: 107.5 | Z13: 103 | AA13: 109.3 | AB13: 102.6 | AC13: 102.1 | AD13: 103 | AE13: 102.9 | AF13: 101.6 | AG13: 101.8 | AH13: 100.8 | AI13: 100.3 | AJ13: 99.3 | AK13: 103.2 | AL13: 105.7 | AM13: 100.6 | AN13: 100.9 | AO13: 98.2 | AP13: 105.3 | AQ13: 106.8 | AR13: 101.6 | AS13: 106 | AT13: 100.8 | AU13: 104.1 | AV13: 105 | AW13: 103.1 | AX13: 103.6 | AY13: 105.5 | AZ13: 100.5 | BA13: 107.6 | BB13: 106.5
A14: 39783 | B14: 103.5 | C14: 106.6 | D14: 106.6 | E14: 110.7 | F14: 103.7 | G14: 110.6 | H14: 106.1 | I14: 105.1 | J14: 107.7 | K14: 105.2 | L14: 102.2 | M14: 107 | N14: 103.2 | O14: 101.7 | P14: 101.6 | Q14: 101.4 | R14: 101.9 | S14: 101.2 | T14: 101.3 | U14: 101 | V14: 105.1 | W14: 104.4 | X14: 104.5 | Y14: 111.3 | Z14: 103 | AA14: 109.3 | AB14: 102.7 | AC14: 101.2 | AD14: 102.5 | AE14: 104.2 | AF14: 101.5 | AG14: 98.8 | AH14: 101.1 | AI14: 87.4 | AJ14: 81.2 | AK14: 105.3 | AL14: 107.4 | AM14: 100.7 | AN14: 100.9 | AO14: 99.6 | AP14: 104.6 | AQ14: 106.1 | AR14: 102.4 | AS14: 103.3 | AT14: 100.8 | AU14: 105.8 | AV14: 106 | AW14: 105.5 | AX14: 103.7 | AY14: 105.9 | AZ14: 100.5 | BA14: 107.6 | BB14: 106.5
... A55: 41030 | B55: 122.5 | C55: 124.7 | D55: 124.1 | E55: 121.9 | F55: 122.3 | G55: 124.2 | H55: 122.6 | I55: 112.3 | J55: 114.4 | K55: 126.3 | L55: 148.2 | M55: 130 | N55: 139.8 | O55: 137.4 | P55: 130.6 | Q55: 130.2 | R55: 143.3 | S55: 109.2 | T55: 109.3 | U55: 109.1 | V55: 125.4 | W55: 117.8 | X55: 115.7 | Y55: 140.7 | Z55: 125.2 | AA55: 167.2 | AB55: 110.1 | AC55: 93.3 | AD55: 110.4 | AE55: 125.2 | AF55: 134.1 | AG55: 118.8 | AH55: 105.2 | AI55: 135.3 | AJ55: 135.8 | AK55: 133.8 | AL55: 128.7 | AM55: 95.3 | AN55: 102.8 | AO55: 41.3 | AP55: 110.1 | AQ55: 95.1 | AR55: 135.6 | AS55: 120.1 | AT55: 138.7 | AU55: 127.2 | AV55: 131.8 | AW55: 122.5 | AX55: 130.5 | AY55: 119.1 | AZ55: 134.5 | BA55: 133.5 | BB55: 128.7
A57: March Inflation Rate | B57: =(B17-B5)/B5*100 -> 10.362694 | C57: =(C17-C5)/C5*100 -> 16.56051 | D57: =(D17-D5)/D5*100 -> 16.702128 | E57: =(E17-E5)/E5*100 -> 21.357063 | F57: =(F17-F5)/F5*100 -> 12.306101 | G57: =(G17-G5)/G5*100 -> 22.791712 | H57: =(H17-H5)/H5*100 -> 16.122234 | I57: =(I17-I5)/I5*100 -> 3.1182796 | ... BB57: =(BB17-BB5)/BB5*100 -> 21.25
A58: April Inflation Rate | B58: =(B18-B6)/B6*100 -> 9.9589322 | C58: =(C18-C6)/C6*100 -> 15.585774 | D58: =(D18-D6)/D6*100 -> 15.602094 | E58: =(E18-E6)/E6*100 -> 20.417124 | F58: =(F18-F6)/F6*100 -> 12.230216 | G58: =(G18-G6)/G6*100 -> 22.556391 | H58: =(H18-H6)/H6*100 -> 14.654283 | I58: =(I18-I6)/I6*100 -> -7.4626866 | ... BB58: =(BB18-BB6)/BB6*100 -> 19.140225
A59: May Inflation Rate | B59: =(B19-B7)/B7*100 -> 9.3781855 | C59: =(C19-C7)/C7*100 -> 13.627049 | D59: =(D19-D7)/D7*100 -> 13.538462 | E59: =(E19-E7)/E7*100 -> 13.485477 | F59: =(F19-F7)/F7*100 -> 11.770727 | G59: =(G19-G7)/G7*100 -> 18.135246 | H59: =(H19-H7)/H7*100 -> 14.576962 | I59: =(I19-I7)/I7*100 -> -10.582524 | ... BB59: =(BB19-BB7)/BB7*100 -> 19.140225
A60: June Inflation Rate | B60: =(B20-B8)/B8*100 -> 7.6 | C60: =(C20-C8)/C8*100 -> 10.965795 | D60: =(D20-D8)/D8*100 -> 10.764588 | E60: =(E20-E8)/E8*100 -> 8.3499006 | F60: =(F20-F8)/F8*100 -> 9.7782258 | G60: =(G20-G8)/G8*100 -> 14.885115 | H60: =(H20-H8)/H8*100 -> 13.595166 | I60: =(I20-I8)/I8*100 -> -10.449219 | ... BB60: =(BB20-BB8)/BB8*100 -> 19.140225
A61: July Inflation Rate | B61: =(B21-B9)/B9*100 -> 6.5880039 | C61: =(C21-C9)/C9*100 -> 7.367387 | D61: =(D21-D9)/D9*100 -> 6.9676153 | E61: =(E21-E9)/E9*100 -> 3.9423077 | F61: =(F21-F9)/F9*100 -> 5.6213018 | G61: =(G21-G9)/G9*100 -> 15.384615 | H61: =(H21-H9)/H9*100 -> 9.7729516 | I61: =(I21-I9)/I9*100 -> -13.623463 | ... BB61: =(BB21-BB9)/BB9*100 -> 16.633267
A62: Aug Inflation Rate | B62: =(B22-B10)/B10*100 -> 6.0606061 | C62: =(C22-C10)/C10*100 -> 5.9108527 | D62: =(D22-D10)/D10*100 -> 5.3191489 | E62: =(E22-E10)/E10*100 -> 0 | F62: =(F22-F10)/F10*100 -> 4.9309665 | G62: =(G22-G10)/G10*100 -> 13.468992 | H62: =(H22-H10)/H10*100 -> 8.5024155 | I62: =(I22-I10)/I10*100 -> -15.528531 | ... BB62: =(BB22-BB10)/BB10*100 -> 16.633267
A63: Sep Inflation Rate | B63: =(B23-B11)/B11*100 -> 5.8365759 | C63: =(C23-C11)/C11*100 -> 5.1973051 | D63: =(D23-D11)/D11*100 -> 4.7115385 | E63: =(E23-E11)/E11*100 -> -1.199262 | F63: =(F23-F11)/F11*100 -> 4.1420118 | G63: =(G23-G11)/G11*100 -> 12.034384 | H63: =(H23-H11)/H11*100 -> 7.3403241 | I63: =(I23-I11)/I11*100 -> -16.216216 | ... BB63: =(BB23-BB11)/BB11*100 -> 16.633267
A64: Oct Inflation Rate | B64: =(B24-B12)/B12*100 -> 5.4211036 | C64: =(C24-C12)/C12*100 -> 4.7528517 | D64: =(D24-D12)/D12*100 -> 4.2735043 | E64: =(E24-E12)/E12*100 -> -3.6297641 | F64: =(F24-F12)/F12*100 -> 4.7384008 | G64: =(G24-G12)/G12*100 -> 11.278195 | H64: =(H24-H12)/H12*100 -> 6.155303 | I64: =(I24-I12)/I12*100 -> -17.219153 | ... BB64: =(BB24-BB12)/BB12*100 -> 10.985915
A65: Nov Inflation Rate | B65: =(B25-B13)/B13*100 -> 5.2224371 | C65: =(C25-C13)/C13*100 -> 3.5950804 | D65: =(D25-D13)/D13*100 -> 3.0245747 | E65: =(E25-E13)/E13*100 -> -3.8286235 | F65: =(F25-F13)/F13*100 -> 4.5009785 | G65: =(G25-G13)/G13*100 -> 4.7790803 | H65: =(H25-H13)/H13*100 -> 6.6350711 | I65: =(I25-I13)/I13*100 -> -18.954248 | ... BB65: =(BB25-BB13)/BB13*100 -> 10.985915
A66: Dec Inflation Rate | B66: =(B26-B14)/B14*100 -> 5.410628 | C66: =(C26-C14)/C14*100 -> 2.532833 | D66: =(D26-D14)/D14*100 -> 1.9699812 | E66: =(E26-E14)/E14*100 -> -5.0587173 | F66: =(F26-F14)/F14*100 -> 3.8572806 | G66: =(G26-G14)/G14*100 -> 5.0632911 | H66: =(H26-H14)/H14*100 -> 5.5607917 | I66: =(I26-I14)/I14*100 -> -17.887726 | ... BB66: =(BB26-BB14)/BB14*100 -> 10.985915
A67: Jan Inflation Rate | B67: =(B27-B15)/B15*100 -> 4.784689 | C67: =(C27-C15)/C15*100 -> 0 | D67: =(D27-D15)/D15*100 -> -0.63636364 | E67: =(E27-E15)/E15*100 -> -4.0145985 | F67: =(F27-F15)/F15*100 -> 0.84190833 | G67: =(G27-G15)/G15*100 -> 3.7752414 | H67: =(H27-H15)/H15*100 -> 4.2711235 | I67: =(I27-I15)/I15*100 -> -15.613027 | ... BB67: =(BB27-BB15)/BB15*100 -> 4.9828179
A68: Feb Inflation Rate | B68: =(B28-B16)/B16*100 -> 4.368471 | C68: =(C28-C16)/C16*100 -> -0.54744526 | D68: =(D28-D16)/D16*100 -> -1.1861314 | E68: =(E28-E16)/E16*100 -> -4.2201835 | F68: =(F28-F16)/F16*100 -> 0 | G68: =(G28-G16)/G16*100 -> 1.6507385 | H68: =(H28-H16)/H16*100 -> 4.0892193 | I68: =(I28-I16)/I16*100 -> -13.273453 | ... BB68: =(BB28-BB16)/BB16*100 -> 4.9828179
... A95: May Inflation Rate | B95: =(B55-B43)/B43*100 -> 6.152513 | C95: =(C55-C43)/C43*100 -> 7.5 | D95: =(D55-D43)/D43*100 -> 7.6322637 | E95: =(E55-E43)/E43*100 -> 9.5238095 | F95: =(F55-F43)/F43*100 -> 7.753304 | G95: =(G55-G43)/G43*100 -> 7.6256499 | H95: =(H55-H43)/H43*100 -> 8.591674 | I95: =(I55-I43)/I43*100 -> 4.6598322 | ... BB95: =(BB55-BB43)/BB43*100 -> 1.9002375
O96: May
O97: ITEMS | P97: RATE | Q97: RANK
O98: Petrol | P98: 19.437115 | Q98: 1
O99: Public transport | P99: 17.534247 | Q99: =Q98+1 -> 2
O100: Electricity and other fuels | P100: 16.111111 | Q100: =Q99+1 -> 3
O101: Private transport operation | P101: 14.953271 | Q101: =Q100+1 -> 4
O102: Sugar, sweets and deserts | P102: 13.737529 | Q102: =Q101+1 -> 5
O103: Beer | P103: 11.344211 | Q103: =Q102+1 -> 6
O104: Water and other services | P104: 10.211268 | Q104: =Q103+1 -> 7
O105: Maintenance and repair | P105: 9.5794393 | Q105: =Q104+1 -> 8
O106: Bread and cereals | P106: 9.5238095 | Q106: =Q105+1 -> 9
O107: Alcoholic beverages | P107: 9.3949045 | Q107: =Q106+1 -> 10
O108: Education | P108: 9.0408805 | Q108: =Q107+1 -> 11
O109: Transport | P109: 8.6916743 | Q109: =Q108+1 -> 12
O110: Milk, eggs and cheese | P110: 8.591674 | Q110: =Q109+1 -> 13
... O150: Telecmmunication services | P150: -18.934911 | Q150: =Q149+1 -> 53

Sheet Electricity
B1: ELECTRICITY GENERATED AND AVAILABLE FOR DISTRIBUTION - GIGAWATT-HOURS
B3: Eastern Cape | C3: Free State | D3: Gauteng | E3: KwaZulu-Natal | F3: Limpopo | G3: Mpumalanga | H3: Northern Cape | I3: North west | J3: Western Cape | K3: South Africa
A4: 37257 | B4: 576 | C4: 749 | D4: 4012 | E4: 3054 | F4: 675 | G4: 2083 | H4: 373 | I4: 2105 | J4: 1565 | K4: 15192
A5: 37288 | B5: 579 | C5: 707 | D5: 3795 | E5: 2844 | F5: 618 | G5: 1898 | H5: 355 | I5: 1933 | J5: 1539 | K5: 14268
A6: 37316 | B6: 613 | C6: 769 | D6: 4195 | E6: 3119 | F6: 703 | G6: 2125 | H6: 365 | I6: 2136 | J6: 1665 | K6: 15690
A7: 37347 | B7: 566 | C7: 741 | D7: 4005 | E7: 3027 | F7: 651 | G7: 2068 | H7: 310 | I7: 2137 | J7: 1522 | K7: 15027
A8: 37377 | B8: 618 | C8: 821 | D8: 4591 | E8: 3241 | F8: 730 | G8: 2250 | H8: 316 | I8: 2306 | J8: 1597 | K8: 16470
A9: 37408 | B9: 615 | C9: 811 | D9: 4841 | E9: 3140 | F9: 689 | G9: 2130 | H9: 318 | I9: 2254 | J9: 1656 | K9: 16454
A10: 37438 | B10: 635 | C10: 853 | D10: 5267 | E10: 3262 | F10: 747 | G10: 2220 | H10: 347 | I10: 2331 | J10: 1760 | K10: 17422
A11: 37469 | B11: 592 | C11: 813 | D11: 4621 | E11: 3234 | F11: 759 | G11: 2191 | H11: 355 | I11: 2323 | J11: 1763 | K11: 16651
A12: 37500 | B12: 552 | C12: 784 | D12: 4250 | E12: 3111 | F12: 744 | G12: 2132 | H12: 359 | I12: 2199 | J12: 1632 | K12: 15763
A13: 37530 | B13: 586 | C13: 816 | D13: 4368 | E13: 3260 | F13: 776 | G13: 2156 | H13: 398 | I13: 2342 | J13: 1690 | K13: 16392
A14: 37561 | B14: 568 | C14: 796 | D14: 4206 | E14: 3166 | F14: 737 | G14: 2123 | H14: 352 | I14: 2286 | J14: 1659 | K14: 15893
A15: 37591 | B15: 492 | C15: 745 | D15: 3856 | E15: 3171 | F15: 742 | G15: 2142 | H15: 327 | I15: 2249 | J15: 1652 | K15: 15376
... A128: 41030 | B128: 839 | C128: 709 | D128: 5159 | E128: 3318 | F128: 991 | G128: 2884 | H128: 401 | I128: 2181 | J128: 1943 | K128: 18425
A130: Average 2002 | B130: =AVERAGE(B4:B15) -> 582.66667 | C130: =AVERAGE(C4:C15) -> 783.75 | D130: =AVERAGE(D4:D15) -> 4333.9167 | E130: =AVERAGE(E4:E15) -> 3135.75 | F130: =AVERAGE(F4:F15) -> 714.25 | G130: =AVERAGE(G4:G15) -> 2126.5 | H130: =AVERAGE(H4:H15) -> 347.91667 | I130: =AVERAGE(I4:I15) -> 2216.75 | ... K130: =AVERAGE(K4:K15) -> 15883.167
A131: Average 2003 | B131: =AVERAGE(B16:B27) -> 594.58333 | C131: =AVERAGE(C16:C27) -> 804 | D131: =AVERAGE(D16:D27) -> 4377.5 | E131: =AVERAGE(E16:E27) -> 3269.1667 | F131: =AVERAGE(F16:F27) -> 786.75 | G131: =AVERAGE(G16:G27) -> 2106.4167 | H131: =AVERAGE(H16:H27) -> 366.66667 | I131: =AVERAGE(I16:I27) -> 2341.5 | ... K131: =AVERAGE(K16:K27) -> 16363.25
A132: Average 2004 | B132: =AVERAGE(B28:B39) -> 625.83333 | C132: =AVERAGE(C28:C39) -> 802.08333 | D132: =AVERAGE(D28:D39) -> 4580.8333 | E132: =AVERAGE(E28:E39) -> 3522 | F132: =AVERAGE(F28:F39) -> 815.91667 | G132: =AVERAGE(G28:G39) -> 2160.4167 | H132: =AVERAGE(H28:H39) -> 375.16667 | I132: =AVERAGE(I28:I39) -> 2348.9167 | ... K132: =AVERAGE(K28:K39) -> 17022.25
A133: Average 2005 | B133: =AVERAGE(B40:B51) -> 642.75 | C133: =AVERAGE(C40:C51) -> 748.33333 | D133: =AVERAGE(D40:D51) -> 4592.25 | E133: =AVERAGE(E40:E51) -> 3587.4167 | F133: =AVERAGE(F40:F51) -> 856.75 | G133: =AVERAGE(G40:G51) -> 2455.75 | H133: =AVERAGE(H40:H51) -> 387.41667 | I133: =AVERAGE(I40:I51) -> 2072.0833 | ... K133: =AVERAGE(K40:K51) -> 17129.833
A134: Average 2006 | B134: =AVERAGE(B52:B63) -> 688.41667 | C134: =AVERAGE(C52:C63) -> 761.75 | D134: =AVERAGE(D52:D63) -> 4977.3333 | E134: =AVERAGE(E52:E63) -> 3597.8333 | F134: =AVERAGE(F52:F63) -> 960 | G134: =AVERAGE(G52:G63) -> 2615.6667 | H134: =AVERAGE(H52:H63) -> 393.91667 | I134: =AVERAGE(I52:I63) -> 2034.9167 | ... K134: =AVERAGE(K52:K63) -> 17894.667
A135: Average 2007 | B135: =AVERAGE(B64:B75) -> 813.75 | C135: =AVERAGE(C64:C75) -> 796.33333 | D135: =AVERAGE(D64:D75) -> 5166.4167 | E135: =AVERAGE(E64:E75) -> 3599.4167 | F135: =AVERAGE(F64:F75) -> 939.16667 | G135: =AVERAGE(G64:G75) -> 2808.5 | H135: =AVERAGE(H64:H75) -> 418.91667 | I135: =AVERAGE(I64:I75) -> 2209.5833 | ... K135: =AVERAGE(K64:K75) -> 18702.917
A136: Average 2008 | B136: =AVERAGE(B76:B87) -> 786 | C136: =AVERAGE(C76:C87) -> 765.5 | D136: =AVERAGE(D76:D87) -> 5039.4167 | E136: =AVERAGE(E76:E87) -> 3436.75 | F136: =AVERAGE(F76:F87) -> 951.75 | G136: =AVERAGE(G76:G87) -> 2801.0833 | H136: =AVERAGE(H76:H87) -> 397.33333 | I136: =AVERAGE(I76:I87) -> 2124.5 | ... K136: =AVERAGE(K76:K87) -> 18239.417
A137: Average 2009 | B137: =AVERAGE(B88:B99) -> 739.41667 | C137: =AVERAGE(C88:C99) -> 728.33333 | D137: =AVERAGE(D88:D99) -> 4997.0833 | E137: =AVERAGE(E88:E99) -> 3506.75 | F137: =AVERAGE(F88:F99) -> 924.75 | G137: =AVERAGE(G88:G99) -> 2627 | H137: =AVERAGE(H88:H99) -> 385.75 | I137: =AVERAGE(I88:I99) -> 2032.4167 | ... K137: =AVERAGE(K88:K99) -> 17823.417
A138: Average 2010 | B138: =AVERAGE(B99:B111) -> 798.61538 | C138: =AVERAGE(C99:C111) -> 745.46154 | D138: =AVERAGE(D99:D111) -> 5089.0769 | E138: =AVERAGE(E99:E111) -> 3509.5385 | F138: =AVERAGE(F99:F111) -> 1011.2308 | G138: =AVERAGE(G99:G111) -> 2862.1538 | H138: =AVERAGE(H99:H111) -> 395.30769 | I138: =AVERAGE(I99:I111) -> 2161.5385 | ... K138: =AVERAGE(K99:K111) -> 18490.846
A139: Average 2011 | B139: =AVERAGE(B112:B123) -> 809.16667 | C139: =AVERAGE(C112:C123) -> 733.66667 | D139: =AVERAGE(D112:D123) -> 5104.6667 | E139: =AVERAGE(E112:E123) -> 3493.5833 | F139: =AVERAGE(F112:F123) -> 1010.75 | G139: =AVERAGE(G112:G123) -> 2929.3333 | H139: =AVERAGE(H112:H123) -> 415.41667 | I139: =AVERAGE(I112:I123) -> 2164.3333 | ... K139: =AVERAGE(K112:K123) -> 18559.167
A140: Average 2012 | B140: =AVERAGE(B124:B128) -> 824.2 | C140: =AVERAGE(C124:C128) -> 685.2 | D140: =AVERAGE(D124:D128) -> 4754.4 | E140: =AVERAGE(E124:E128) -> 3310.4 | F140: =AVERAGE(F124:F128) -> 990.8 | G140: =AVERAGE(G124:G128) -> 2854.6 | H140: =AVERAGE(H124:H128) -> 419 | I140: =AVERAGE(I124:I128) -> 2121.2 | ... K140: =AVERAGE(K124:K128) -> 17885.2
A142: Year-on-Year 2003 | B142: =(B131-B130)/B130*100 -> 2.0451945 | C142: =(C131-C130)/C130*100 -> 2.5837321 | D142: =(D131-D130)/D130*100 -> 1.0056339 | E142: =(E131-E130)/E130*100 -> 4.2546972 | F142: =(F131-F130)/F130*100 -> 10.150508 | G142: =(G131-G130)/G130*100 -> -0.94443138 | H142: =(H131-H130)/H130*100 -> 5.3892216 | I142: =(I131-I130)/I130*100 -> 5.627608 | ... K142: =(K131-K130)/K130*100 -> 3.0225921
A143: Year-on-Year 2004 | B143: =(B132-B131)/B131*100 -> 5.2557814 | C143: =(C132-C131)/C131*100 -> -0.23839138 | D143: =(D132-D131)/D131*100 -> 4.6449648 | E143: =(E132-E131)/E131*100 -> 7.7338771 | F143: =(F132-F131)/F131*100 -> 3.7072344 | G143: =(G132-G131)/G131*100 -> 2.5635954 | H143: =(H132-H131)/H131*100 -> 2.3181818 | I143: =(I132-I131)/I131*100 -> 0.31674852 | ... K143: =(K132-K131)/K131*100 -> 4.0273173
A144: Year-on-Year 2005 | B144: =(B133-B132)/B132*100 -> 2.7030626 | C144: =(C133-C132)/C132*100 -> -6.7012987 | D144: =(D133-D132)/D132*100 -> 0.24922685 | E144: =(E133-E132)/E132*100 -> 1.8573727 | F144: =(F133-F132)/F132*100 -> 5.0045961 | G144: =(G133-G132)/G132*100 -> 13.670203 | H144: =(H133-H132)/H132*100 -> 3.2652155 | I144: =(I133-I132)/I132*100 -> -11.785575 | ... K144: =(K133-K132)/K132*100 -> 0.63201594
A145: Year-on-Year 2006 | B145: =(B134-B133)/B133*100 -> 7.1048879 | C145: =(C134-C133)/C133*100 -> 1.7928731 | D145: =(D134-D133)/D133*100 -> 8.3855046 | E145: =(E134-E133)/E133*100 -> 0.29036679 | F145: =(F134-F133)/F133*100 -> 12.051357 | G145: =(G134-G133)/G133*100 -> 6.5119278 | H145: =(H134-H133)/H133*100 -> 1.6777802 | I145: =(I134-I133)/I133*100 -> -1.7936859 | ... K145: =(K134-K133)/K133*100 -> 4.4649199
A146: Year-on-Year 2007 | B146: =(B135-B134)/B134*100 -> 18.206028 | C146: =(C135-C134)/C134*100 -> 4.5399847 | D146: =(D135-D134)/D134*100 -> 3.7988883 | E146: =(E135-E134)/E134*100 -> 0.044007968 | F146: =(F135-F134)/F134*100 -> -2.1701389 | G146: =(G135-G134)/G134*100 -> 7.3722442 | H146: =(H135-H134)/H134*100 -> 6.34652 | I146: =(I135-I134)/I134*100 -> 8.5834801 | ... K146: =(K135-K134)/K134*100 -> 4.5167089
A147: Year-on-Year 2008 | B147: =(B136-B135)/B135*100 -> -3.4101382 | C147: =(C136-C135)/C135*100 -> -3.8719129 | D147: =(D136-D135)/D135*100 -> -2.4581835 | E147: =(E136-E135)/E135*100 -> -4.5192508 | F147: =(F136-F135)/F135*100 -> 1.3398403 | G147: =(G136-G135)/G135*100 -> -0.26407928 | H147: =(H136-H135)/H135*100 -> -5.1521782 | I147: =(I136-I135)/I135*100 -> -3.8506506 | ... K147: =(K136-K135)/K135*100 -> -2.4782231
A148: Year-on-Year 2009 | B148: =(B137-B136)/B136*100 -> -5.9266327 | C148: =(C137-C136)/C136*100 -> -4.8552145 | D148: =(D137-D136)/D136*100 -> -0.84004432 | E148: =(E137-E136)/E136*100 -> 2.036808 | F148: =(F137-F136)/F136*100 -> -2.8368794 | G148: =(G137-G136)/G136*100 -> -6.2148573 | H148: =(H137-H136)/H136*100 -> -2.9152685 | I148: =(I137-I136)/I136*100 -> -4.3343532 | ... K148: =(K137-K136)/K136*100 -> -2.2807747
A149: Year-on-Year 2010 | B149: =(B138-B137)/B137*100 -> 8.0061379 | C149: =(C138-C137)/C137*100 -> 2.3516986 | D149: =(D138-D137)/D137*100 -> 1.8409457 | E149: =(E138-E137)/E137*100 -> 0.079516976 | F149: =(F138-F137)/F137*100 -> 9.3517999 | G149: =(G138-G137)/G137*100 -> 8.9514216 | H149: =(H138-H137)/H137*100 -> 2.4776908 | I149: =(I138-I137)/I137*100 -> 6.3531163 | ... K149: =(K138-K137)/K137*100 -> 3.7446776
A150: Year-on-Year 2011 | B150: =(B139-B138)/B138*100 -> 1.3211969 | C150: =(C139-C138)/C138*100 -> -1.5822241 | D150: =(D139-D138)/D138*100 -> 0.30633735 | E150: =(E139-E138)/E138*100 -> -0.45462184 | F150: =(F139-F138)/F138*100 -> -0.047542979 | G150: =(G139-G138)/G138*100 -> 2.3471655 | H150: =(H139-H138)/H138*100 -> 5.086917 | I150: =(I139-I138)/I138*100 -> 0.12930012 | ... K150: =(K139-K138)/K138*100 -> 0.36948289
A151: Year-on-Year 2012 | B151: =(B140-B139)/B139*100 -> 1.8578785 | C151: =(C140-C139)/C139*100 -> -6.6060881 | D151: =(D140-D139)/D139*100 -> -6.8616952 | E151: =(E140-E139)/E139*100 -> -5.2434225 | F151: =(F140-F139)/F139*100 -> -1.9737818 | G151: =(G140-G139)/G139*100 -> -2.5512062 | H151: =(H140-H139)/H139*100 -> 0.86258776 | I151: =(I140-I139)/I139*100 -> -1.9929154 | ... K151: =(K140-K139)/K139*100 -> -3.631449

Sheet Building Plans Approved
A1: KZN | B1: RECORDED BUILDING PLANS PASSED BY LARGER MUNICIPALITIES BY TYPE OF BUILDING
B2: Dwelling-houses < 80 square metres | E2: Dwelling-houses >= 80 square metres | H2: Flats and townhouses | K2: Other residential buildings
D3: Current prices | G3: Current prices | J3: Current prices | L3: Current prices
B4: Number | C4: Square metres | D4: R'000 | E4: Number | F4: Square metres | G4: R'000 | H4: Number | I4: Square metres | J4: R'000 | K4: Square metres | L4: R'000
A5: 33970 | B5: 52 | C5: 3180 | D5: 2777 | E5: 260 | F5: 41741 | G5: 33916 | H5: 95 | I5: 10803 | J5: 10392 | K5: 0 | L5: 0
A6: 34001 | B6: 185 | C6: 10479 | D6: 7056 | E6: 295 | F6: 47507 | G6: 40251 | H6: 253 | I6: 28838 | J6: 28835 | K6: 1545 | L6: 1400
A7: 34029 | B7: 189 | C7: 10954 | D7: 8630 | E7: 316 | F7: 48762 | G7: 40321 | H7: 204 | I7: 22256 | J7: 26358 | K7: 2942 | L7: 1500
A8: 34060 | B8: 126 | C8: 7515 | D8: 6502 | E8: 287 | F8: 44510 | G8: 36846 | H8: 243 | I8: 24936 | J8: 26630 | K8: 1372 | L8: 1300
A9: 34090 | B9: 84 | C9: 5167 | D9: 4660 | E9: 330 | F9: 49595 | G9: 42195 | H9: 158 | I9: 18218 | J9: 18220 | K9: 0 | L9: 0
A10: 34121 | B10: 176 | C10: 9920 | D10: 8600 | E10: 354 | F10: 56757 | G10: 51805 | H10: 551 | I10: 66453 | J10: 67476 | K10: 0 | L10: 0
A11: 34151 | B11: 120 | C11: 6771 | D11: 6184 | E11: 321 | F11: 52525 | G11: 46789 | H11: 579 | I11: 47397 | J11: 50651 | K11: 1275 | L11: 810
A12: 34182 | B12: 145 | C12: 8159 | D12: 7485 | E12: 379 | F12: 60509 | G12: 52084 | H12: 557 | I12: 59667 | J12: 58404 | K12: 1781 | L12: 3200
A13: 34213 | B13: 143 | C13: 8369 | D13: 7551 | E13: 312 | F13: 48426 | G13: 40715 | H13: 429 | I13: 44343 | J13: 49002 | K13: 0 | L13: 0
A14: 34243 | B14: 155 | C14: 9589 | D14: 8468 | E14: 264 | F14: 43288 | G14: 37502 | H14: 497 | I14: 51001 | J14: 53993 | K14: 0 | L14: 0
A15: 34274 | B15: 182 | C15: 11015 | D15: 8868 | E15: 367 | F15: 59770 | G15: 50421 | H15: 331 | I15: 39117 | J15: 40597 | K15: 73 | L15: 62
A16: 34304 | B16: 150 | C16: 9236 | D16: 7251 | E16: 237 | F16: 36418 | G16: 32025 | H16: 249 | I16: 21987 | J16: 20264 | K16: 0 | L16: 0
... A196: 39783 | B196: 54 | C196: 3066 | D196: 10550 | E196: 142 | F196: 39171 | G196: 161248 | H196: 131 | I196: 16311 | J196: 70110 | K196: 3686 | L196: 22116
A197: 39814 | B197: 52 | C197: 3052 | D197: 11754 | E197: 100 | F197: 28696 | G197: 152286 | H197: 65 | I197: 12314 | J197: 61546 | K197: 0 | L197: 0 | M197: 76750 | N197: 435 | O197: 20002 | P197: =K197+I197+F197+C197 -> 44062 | Q197: 288 | R197: 82791 | S197: 331095 | T197: 9 | U197: 499 | V197: 1327 | W197: 82 | X197: 21729 | Y197: 70133 | Z197: 10 | AA197: 676 | AB197: 2539 | AC197: 51 | AD197: 11786 | AE197: 42004 | AF197: 1119 | AG197: 105957 | AH197: 406029 | AI197: 106 | AJ197: 19098 | AK197: 65431 | AL197: 19 | AM197: 1997 | AN197: 5760 | AO197: 0 | AP197: 0 | AQ197: 0 | AR197: 23 | AS197: 3566 | AT197: 13546 | AU197: 65 | AV197: 12314 | AW197: 61546 | AX197: 86 | AY197: 8397 | AZ197: 33588 | BA197: 770 | BB197: 54373 | BC197: 201731 | BD197: 35 | BE197: 4108 | BF197: 16432 | BG197: 15 | BH197: 2104 | BI197: 7995 | BJ197: 2079 | BK197: 7977 | BL197: 922 | BM197: 4074 | BN197: 0 | BO197: 0 | BP197: 0 | BQ197: 0 | BR197: 0 | BS197: 0 | BT197: 0 | BU197: 0
A198: 39845 | B198: 45 | C198: 2453 | D198: 9923 | E198: 146 | F198: 34739 | G198: 164823 | H198: 65 | I198: 12861 | J198: 59206 | K198: 27458 | L198: 137290 | M198: 77549 | N198: 527 | O198: 23935 | P198: =K198+I198+F198+C198 -> 77511 | Q198: 406 | R198: 121174 | S198: 498078 | T198: 3 | U198: 216 | V198: 864 | W198: 116 | X198: 31550 | Y198: 104887 | Z198: 12 | AA198: 773 | AB198: 2676 | AC198: 57 | AD198: 12984 | AE198: 46423 | AF198: 1711 | AG198: 152073 | AH198: 665863 | AI198: 306 | AJ198: 22616 | AK198: 89623 | AL198: 95 | AM198: 8139 | AN198: 30075 | AO198: 0 | AP198: 0 | AQ198: 0 | AR198: 22 | AS198: 2037 | AT198: 7736 | AU198: 65 | AV198: 12861 | AW198: 59206 | AX198: 54 | AY198: 3752 | AZ198: 14043 | BA198: 1083 | BB198: 94381 | BC198: 432603 | BD198: 58 | BE198: 5432 | BF198: 21728 | BG198: 28 | BH198: 2855 | BI198: 10849 | BJ198: 73569 | BK198: 344130 | BL198: 14250 | BM198: 71108 | BN198: 0 | BO198: 0 | BP198: 328 | BQ198: 1246 | BR198: 0 | BS198: 0 | BT198: 27458 | BU198: 137290
A199: 39873 | B199: 46 | C199: 2616 | D199: 9479 | E199: 131 | F199: 34851 | G199: 181154 | H199: 348 | I199: 32555 | J199: 164657 | K199: 593 | L199: 2965 | M199: 75543 | N199: 1006 | O199: 36665 | P199: =K199+I199+F199+C199 -> 70615 | Q199: 453 | R199: 126438 | S199: 508828 | T199: 91 | U199: 4573 | V199: 7835 | W199: 121 | X199: 26018 | Y199: 90028 | Z199: 15 | AA199: 925 | AB199: 3430 | AC199: 48 | AD199: 10638 | AE199: 39643 | AF199: 1414 | AG199: 129331 | AH199: 580250 | AI199: 313 | AJ199: 33155 | AK199: 141327 | AL199: 49 | AM199: 3555 | AN199: 7760 | AO199: 7 | AP199: 798 | AQ199: 3040 | AR199: 21 | AS199: 3550 | AT199: 12185 | AU199: 348 | AV199: 32555 | AW199: 164657 | AX199: 15 | AY199: 1489 | AZ199: 4318 | BA199: 615 | BB199: 50325 | BC199: 231464 | BD199: 38 | BE199: 3319 | BF199: 13276 | BG199: 8 | BH199: 585 | BI199: 2223 | BJ199: 31091 | BK199: 184122 | BL199: 652 | BM199: 2745 | BN199: 0 | BO199: 0 | BP199: 0 | BQ199: 0 | BR199: 0 | BS199: 0 | BT199: 593 | BU199: 2965
A200: 39904 | B200: 43 | C200: 2309 | D200: 8452 | E200: 137 | F200: 35181 | G200: 170965 | H200: 94 | I200: 19381 | J200: 105394 | K200: 1540 | L200: 5200 | M200: 73148 | N200: 214 | O200: 12140 | P200: =K200+I200+F200+C200 -> 58411 | Q200: 350 | R200: 110173 | S200: 447792 | T200: 15 | U200: 979 | V200: 3837 | W200: 94 | X200: 21551 | Y200: 70612 | Z200: 10 | AA200: 633 | AB200: 2329 | AC200: 37 | AD200: 7831 | AE200: 28722 | AF200: 1459 | AG200: 133016 | AH200: 566088 | AI200: 378 | AJ200: 25963 | AK200: 113519 | AL200: 3 | AM200: 324 | AN200: 1100 | AO200: 6 | AP200: 276 | AQ200: 828 | AR200: 362 | AS200: 36596 | AT200: 146384 | AU200: 94 | AV200: 19381 | AW200: 105394 | AX200: 32 | AY200: 2536 | AZ200: 10473 | BA200: 541 | BB200: 44379 | BC200: 173941 | BD200: 34 | BE200: 2306 | BF200: 9680 | BG200: 9 | BH200: 1255 | BI200: 4769 | BJ200: 9162 | BK200: 40792 | BL200: 1001 | BM200: 4004 | BN200: 458 | BO200: 947 | BP200: 0 | BQ200: 0 | BR200: 0 | BS200: 0 | BT200: 1540 | BU200: 5200
A201: 39934 | B201: 85 | C201: 4519 | D201: 19089 | E201: 136 | F201: 37186 | G201: 230929 | H201: 164 | I201: 24508 | J201: 114456 | K201: 5842 | L201: 28000 | M201: 50812 | N201: 715 | O201: 31347 | P201: =K201+I201+F201+C201 -> 72055 | Q201: 470 | R201: 157551 | S201: 665765 | T201: 17 | U201: 1194 | V201: 4774 | W201: 114 | X201: 27323 | Y201: 98389 | Z201: 16 | AA201: 1070 | AB201: 3953 | AC201: 51 | AD201: 13215 | AE201: 50211 | AF201: 1969 | AG201: 209574 | AH201: 880047 | AI201: 208 | AJ201: 20345 | AK201: 74069 | AL201: 41 | AM201: 3986 | AN201: 11944 | AO201: 12 | AP201: 393 | AQ201: 1179 | AR201: 91 | AS201: 6131 | AT201: 24359 | AU201: 164 | AV201: 24508 | AW201: 114456 | AX201: 26 | AY201: 1996 | AZ201: 7583 | BA201: 1212 | BB201: 134850 | BC201: 571921 | BD201: 214 | BE201: 17099 | BF201: 73897 | BG201: 1 | BH201: 266 | BI201: 639 | BJ201: 29593 | BK201: 191490 | BL201: 10622 | BM201: 80608 | BN201: 408 | BO201: 1081 | BP201: 0 | BQ201: 0 | BR201: 0 | BS201: 0 | BT201: 5842 | BU201: 28000
A202: 39965 | B202: 54 | C202: 2980 | D202: 12553 | E202: 146 | F202: 36028 | G202: 176427 | H202: 287 | I202: 42689 | J202: 208689 | K202: 10122 | L202: 55327 | M202: 58736 | N202: 562 | O202: 23584 | P202: =K202+I202+F202+C202 -> 91819 | Q202: 512 | R202: 149364 | S202: 633044 | T202: 36 | U202: 2333 | V202: 8294 | W202: 102 | X202: 26551 | Y202: 97992 | Z202: 10 | AA202: 654 | AB202: 2392 | AC202: 42 | AD202: 12809 | AE202: 48230 | AF202: 1300 | AG202: 119712 | AH202: 537682 | AI202: 250 | AJ202: 21505 | AK202: 91382 | AL202: 24 | AM202: 1510 | AN202: 3778 | AO202: 0 | AP202: 0 | AQ202: 0 | AR202: 43 | AS202: 2797 | AT202: 11249 | AU202: 287 | AV202: 42689 | AW202: 208689 | AX202: 71 | AY202: 6934 | AZ202: 24304 | BA202: 590 | BB202: 41745 | BC202: 188211 | BD202: 30 | BE202: 2239 | BF202: 8956 | BG202: 5 | BH202: 293 | BI202: 1113 | BJ202: 30520 | BK202: 145197 | BL202: 14930 | BM202: 74501 | BN202: 130 | BO202: 325 | BP202: 0 | BQ202: 0 | BR202: 0 | BS202: 0 | BT202: 10122 | BU202: 55327
A203: 39995 | B203: 50 | C203: 2885 | D203: 16171 | E203: 121 | F203: 28573 | G203: 176899 | H203: 78 | I203: 16169 | J203: 103206 | K203: 706 | L203: 2047 | M203: 50227 | N203: 355 | O203: 16728 | P203: =K203+I203+F203+C203 -> 48333 | Q203: 397 | R203: 109843 | S203: 511353 | T203: 13 | U203: 830 | V203: 3264 | W203: 107 | X203: 25259 | Y203: 86690 | Z203: 17 | AA203: 1002 | AB203: 3573 | AC203: 43 | AD203: 11503 | AE203: 43064 | AF203: 790 | AG203: 85995 | AH203: 421757 | AI203: 248 | AJ203: 23420 | AK203: 110086 | AL203: 193 | AM203: 15565 | AN203: 48279 | AO203: 0 | AP203: 0 | AQ203: 0 | AR203: 27 | AS203: 4955 | AT203: 17308 | AU203: 78 | AV203: 16169 | AW203: 103206 | AX203: 0 | AY203: 0 | AZ203: 0 | BA203: 199 | BB203: 21730 | BC203: 124934 | BD203: 37 | BE203: 4046 | BF203: 17584 | BG203: 8 | BH203: 110 | BI203: 360 | BJ203: 11286 | BK203: 40898 | BL203: 1503 | BM203: 5484 | BN203: 0 | BO203: 0 | BP203: 0 | BQ203: 0 | BR203: 0 | BS203: 0 | BT203: 706 | BU203: 2047
A204: 40026 | B204: 85 | C204: 4781 | D204: 27150 | E204: 153 | F204: 31935 | G204: 189612 | H204: 135 | I204: 17876 | J204: 100149 | K204: 0 | L204: 0 | M204: 61983 | N204: 1627 | O204: 67198 | P204: =K204+I204+F204+C204 -> 54592 | Q204: 327 | R204: 92397 | S204: 457831 | T204: 34 | U204: 1906 | V204: 6221 | W204: 127 | X204: 29727 | Y204: 108669 | Z204: 9 | AA204: 576 | AB204: 2077 | AC204: 31 | AD204: 7557 | AE204: 27038 | AF204: 1016 | AG204: 91042 | AH204: 408096 | AI204: 118 | AJ204: 15373 | AK204: 62652 | AL204: 401 | AM204: 15242 | AN204: 48030 | AO204: 0 | AP204: 0 | AQ204: 0 | AR204: 2 | AS204: 230 | AT204: 1150 | AU204: 135 | AV204: 17876 | AW204: 100149 | AX204: 18 | AY204: 3039 | AZ204: 11492 | BA204: 284 | BB204: 33236 | BC204: 162272 | BD204: 33 | BE204: 3165 | BF204: 12633 | BG204: 25 | BH204: 2881 | BI204: 9718 | BJ204: 31627 | BK204: 140809 | BL204: 23074 | BM204: 111923 | BN204: 68 | BO204: 171 | BP204: 171 | BQ204: 770 | BR204: 0 | BS204: 0 | BT204: 0 | BU204: 0
A205: 40057 | B205: 44 | C205: 2506 | D205: 16211 | E205: 157 | F205: 41770 | G205: 276994 | H205: 560 | I205: 38868 | J205: 243595 | K205: 5909 | L205: 26341 | M205: 68242 | N205: 1810 | O205: 75376 | P205: =K205+I205+F205+C205 -> 89053 | Q205: 415 | R205: 121105 | S205: 599481 | T205: 35 | U205: 2170 | V205: 6913 | W205: 125 | X205: 24329 | Y205: 93561 | Z205: 15 | AA205: 976 | AB205: 3833 | AC205: 51 | AD205: 13793 | AE205: 53282 | AF205: 1623 | AG205: 110875 | AH205: 531688 | AI205: 319 | AJ205: 18610 | AK205: 69054 | AL205: 258 | AM205: 15755 | AN205: 46995 | AO205: 0 | AP205: 0 | AQ205: 0 | AR205: 57 | AS205: 5219 | AT205: 20876 | AU205: 560 | AV205: 38868 | AW205: 243595 | AX205: 11 | AY205: 876 | AZ205: 2000 | BA205: 341 | BB205: 22765 | BC205: 114347 | BD205: 23 | BE205: 2179 | BF205: 9254 | BG205: 54 | BH205: 6603 | BI205: 25567 | BJ205: 13823 | BK205: 67786 | BL205: 2710 | BM205: 13763 | BN205: 0 | BO205: 0 | BP205: 0 | BQ205: 0 | BR205: 0 | BS205: 0 | BT205: 5909 | BU205: 26341
A206: 40087 | B206: 38 | C206: 1805 | D206: 9569 | E206: 125 | F206: 31512 | G206: 203210 | H206: 378 | I206: 46143 | J206: 299732 | K206: 12868 | L206: 99083 | M206: 58283 | N206: 1551 | O206: 65258 | P206: =K206+I206+F206+C206 -> 92328 | Q206: 392 | R206: 120347 | S206: 584802 | T206: 83 | U206: 4347 | V206: 12930 | W206: 116 | X206: 30599 | Y206: 115324 | Z206: 9 | AA206: 619 | AB206: 2374 | AC206: 60 | AD206: 15700 | AE206: 57512 | AF206: 1827 | AG206: 161740 | AH206: 816635 | AI206: 276 | AJ206: 30616 | AK206: 128654 | AL206: 95 | AM206: 12140 | AN206: 36271 | AO206: 0 | AP206: 0 | AQ206: 0 | AR206: 130 | AS206: 9010 | AT206: 31702 | AU206: 378 | AV206: 46143 | AW206: 299732 | AX206: 127 | AY206: 8106 | AZ206: 41607 | BA206: 740 | BB206: 48984 | BC206: 252489 | BD206: 35 | BE206: 3947 | BF206: 15004 | BG206: 46 | BH206: 2794 | BI206: 11176 | BJ206: 20152 | BK206: 123314 | BL206: 893 | BM206: 5270 | BN206: 2445 | BO206: 7172 | BP206: 0 | BQ206: 0 | BR206: 700 | BS206: 3150 | BT206: 12868 | BU206: 99083
A207: 40118 | B207: 36 | C207: 2164 | D207: 12149 | E207: 167 | F207: 34443 | G207: 236213 | H207: 108 | I207: 16098 | J207: 103069 | K207: 0 | L207: 0 | M207: 58507 | N207: 508 | O207: 25100 | P207: =K207+I207+F207+C207 -> 52705 | Q207: 421 | R207: 125538 | S207: 625309 | T207: 71 | U207: 3835 | V207: 11347 | W207: 88 | X207: 23827 | Y207: 86978 | Z207: 11 | AA207: 701 | AB207: 2746 | AC207: 38 | AD207: 12763 | AE207: 46815 | AF207: 1680 | AG207: 146863 | AH207: 703543 | AI207: 378 | AJ207: 32486 | AK207: 137456 | AL207: 28 | AM207: 2078 | AN207: 6886 | AO207: 0 | AP207: 0 | AQ207: 0 | AR207: 56 | AS207: 3897 | AT207: 15379 | AU207: 108 | AV207: 16098 | AW207: 103069 | AX207: 90 | AY207: 6402 | AZ207: 20411 | BA207: 859 | BB207: 70667 | BC207: 359402 | BD207: 153 | BE207: 14823 | BF207: 59292 | BG207: 8 | BH207: 412 | BI207: 1648 | BJ207: 2252 | BK207: 8084 | BL207: 0 | BM207: 0 | BN207: 0 | BO207: 0 | BP207: 0 | BQ207: 0 | BR207: 0 | BS207: 0 | BT207: 0 | BU207: 0
A208: 40148 | B208: 31 | C208: 1837 | D208: 11969 | E208: 114 | F208: 25605 | G208: 159727 | H208: 183 | I208: 22664 | J208: 133877 | K208: 0 | L208: 0 | M208: 73324 | N208: 1649 | O208: 68932 | P208: =K208+I208+F208+C208 -> 50106 | Q208: 336 | R208: 102289 | S208: 512260 | T208: 138 | U208: 7292 | V208: 21802 | W208: 74 | X208: 15539 | Y208: 54282 | Z208: 10 | AA208: 574 | AB208: 2296 | AC208: 25 | AD208: 5816 | AE208: 22861 | AF208: 614 | AG208: 72035 | AH208: 340994 | AI208: 70 | AJ208: 13035 | AK208: 57677 | AL208: 0 | AM208: 0 | AN208: 0 | AO208: 0 | AP208: 0 | AQ208: 0 | AR208: 0 | AS208: 0 | AT208: 0 | AU208: 183 | AV208: 22664 | AW208: 133877 | AX208: 147 | AY208: 17722 | AZ208: 62027 | BA208: 145 | BB208: 14026 | BC208: 69063 | BD208: 69 | BE208: 4588 | BF208: 18350 | BG208: 0 | BH208: 0 | BI208: 0 | BJ208: 9367 | BK208: 48708 | BL208: 0 | BM208: 0 | BN208: 0 | BO208: 0 | BP208: 0 | BQ208: 0 | BR208: 0 | BS208: 0 | BT208: 0 | BU208: 0
... A235: 40969 | B235: 24 | C235: 1301 | D235: 8261 | E235: 111 | F235: 33677 | G235: 242334 | H235: 48 | I235: 8032 | J235: 54406 | K235: 0 | L235: 0 | M235: 96579 | N235: 636 | O235: 33438 | P235: =K235+I235+F235+C235 -> 43010 | Q235: 512 | R235: 112628 | S235: 657095 | T235: 32 | U235: 1870 | V235: 6262 | W235: 157 | X235: 32917 | Y235: 138284 | Z235: 14 | AA235: 914 | AB235: 5610 | AC235: 40 | AD235: 9432 | AE235: 47752 | AF235: 1111 | AG235: 101143 | AH235: 548906 | AI235: 265 | AJ235: 23385 | AK235: 118408 | AL235: 77 | AM235: 5331 | AN235: 23765 | AO235: 0 | AP235: 0 | AQ235: 0 | AR235: 86 | AS235: 6603 | AT235: 34077 | AU235: 48 | AV235: 8032 | AW235: 54406 | AX235: 90 | AY235: 4856 | AZ235: 21294 | BA235: 437 | BB235: 40751 | BC235: 236837 | BD235: 77 | BE235: 8934 | BF235: 45760 | BG235: 31 | BH235: 3251 | BI235: 14359 | BJ235: 3491 | BK235: 20114 | BL235: 2606 | BM235: 13655 | BN235: 190 | BO235: 1140 | BP235: 0 | BQ235: 0 | BR235: 0 | BS235: 0 | BT235: 0 | BU235: 0
A236: 41000 | B236: 23 | C236: 1382 | D236: 8923 | E236: 82 | F236: 22016 | G236: 141642 | H236: 66 | I236: 17410 | J236: 101395 | K236: 0 | L236: 0 | P236: =K236+I236+F236+C236 -> 40808
A238: Average 1993 | B238: =AVERAGE(B5:B16) -> 142.25 | C238: =AVERAGE(C5:C16) -> 8362.8333 | D238: =AVERAGE(D5:D16) -> 7002.6667 | E238: =AVERAGE(E5:E16) -> 310.16667 | F238: =AVERAGE(F5:F16) -> 49150.667 | G238: =AVERAGE(G5:G16) -> 42072.5 | H238: =AVERAGE(H5:H16) -> 345.5 | I238: =AVERAGE(I5:I16) -> 36251.333 | ... L238: =AVERAGE(L5:L16) -> 689.33333
A239: Average 1994 | B239: =AVERAGE(B17:B28) -> 144.5 | C239: =AVERAGE(C17:C28) -> 8597.75 | D239: =AVERAGE(D17:D28) -> 7902.9167 | E239: =AVERAGE(E17:E28) -> 273.16667 | F239: =AVERAGE(F17:F28) -> 46004 | G239: =AVERAGE(G17:G28) -> 43885.417 | H239: =AVERAGE(H17:H28) -> 331.58333 | I239: =AVERAGE(I17:I28) -> 30730.25 | ... L239: =AVERAGE(L17:L28) -> 1638.5833
A240: Average 1995 | B240: =AVERAGE(B29:B40) -> 157.83333 | C240: =AVERAGE(C29:C40) -> 9236.1667 | D240: =AVERAGE(D29:D40) -> 9582.1667 | E240: =AVERAGE(E29:E40) -> 327.33333 | F240: =AVERAGE(F29:F40) -> 53843.667 | G240: =AVERAGE(G29:G40) -> 54860.083 | H240: =AVERAGE(H29:H40) -> 379.5 | I240: =AVERAGE(I29:I40) -> 40228.083 | ... L240: =AVERAGE(L29:L40) -> 616.66667
A241: Average 1996 | B241: =AVERAGE(B41:B52) -> 218 | C241: =AVERAGE(C41:C52) -> 12336.083 | D241: =AVERAGE(D41:D52) -> 13226 | E241: =AVERAGE(E41:E52) -> 249 | F241: =AVERAGE(F41:F52) -> 42175.083 | G241: =AVERAGE(G41:G52) -> 42982.417 | H241: =AVERAGE(H41:H52) -> 257.5 | I241: =AVERAGE(I41:I52) -> 27082.333 | ... L241: =AVERAGE(L41:L52) -> 18173.583
A242: Average 1997 | B242: =AVERAGE(B53:B64) -> 188.91667 | C242: =AVERAGE(C53:C64) -> 10219.25 | D242: =AVERAGE(D53:D64) -> 11608.667 | E242: =AVERAGE(E53:E64) -> 200.25 | F242: =AVERAGE(F53:F64) -> 33807.833 | G242: =AVERAGE(G53:G64) -> 40045.833 | H242: =AVERAGE(H53:H64) -> 244.25 | I242: =AVERAGE(I53:I64) -> 26253.917 | ... L242: =AVERAGE(L53:L64) -> 4863.1667
A243: Average 1998 | B243: =AVERAGE(B65:B76) -> 220.5 | C243: =AVERAGE(C65:C76) -> 10805.667 | D243: =AVERAGE(D65:D76) -> 10853.75 | E243: =AVERAGE(E65:E76) -> 187.83333 | F243: =AVERAGE(F65:F76) -> 35337.083 | G243: =AVERAGE(G65:G76) -> 42286.417 | H243: =AVERAGE(H65:H76) -> 134.16667 | I243: =AVERAGE(I65:I76) -> 14789.5 | ... L243: =AVERAGE(L65:L76) -> 2381.5
A244: Average 1999 | B244: =AVERAGE(B77:B88) -> 357.16667 | C244: =AVERAGE(C77:C88) -> 13502.667 | D244: =AVERAGE(D77:D88) -> 12713.167 | E244: =AVERAGE(E77:E88) -> 146.5 | F244: =AVERAGE(F77:F88) -> 28354.25 | G244: =AVERAGE(G77:G88) -> 38590.333 | H244: =AVERAGE(H77:H88) -> 60.5 | I244: =AVERAGE(I77:I88) -> 8151 | ... L244: =AVERAGE(L77:L88) -> 805.75
A245: Average 2000 | B245: =AVERAGE(B89:B100) -> 192.91667 | C245: =AVERAGE(C89:C100) -> 8646.6667 | D245: =AVERAGE(D89:D100) -> 9060.4167 | E245: =AVERAGE(E89:E100) -> 159.66667 | F245: =AVERAGE(F89:F100) -> 33005.417 | G245: =AVERAGE(G89:G100) -> 48559.333 | H245: =AVERAGE(H89:H100) -> 65.333333 | I245: =AVERAGE(I89:I100) -> 9747 | ... L245: =AVERAGE(L89:L100) -> 2071.25
A246: Average 2001 | B246: =AVERAGE(B101:B112) -> 192 | C246: =AVERAGE(C101:C112) -> 8365.9167 | D246: =AVERAGE(D101:D112) -> 8356.25 | E246: =AVERAGE(E101:E112) -> 140.41667 | F246: =AVERAGE(F101:F112) -> 29737.917 | G246: =AVERAGE(G101:G112) -> 43928.5 | H246: =AVERAGE(H101:H112) -> 72.333333 | I246: =AVERAGE(I101:I112) -> 10102.917 | ... L246: =AVERAGE(L101:L112) -> 6879.8333
A247: Average 2002 | B247: =AVERAGE(B113:B124) -> 191.41667 | C247: =AVERAGE(C113:C124) -> 7953.1667 | D247: =AVERAGE(D113:D124) -> 7887.1667 | E247: =AVERAGE(E113:E124) -> 160.83333 | F247: =AVERAGE(F113:F124) -> 36527.083 | G247: =AVERAGE(G113:G124) -> 59042 | H247: =AVERAGE(H113:H124) -> 91.333333 | I247: =AVERAGE(I113:I124) -> 15495.667 | ... L247: =AVERAGE(L113:L124) -> 41644.167
A248: Average 2003 | B248: =AVERAGE(B125:B136) -> 854.58333 | C248: =AVERAGE(C125:C136) -> 29804.667 | D248: =AVERAGE(D125:D136) -> 18388.25 | E248: =AVERAGE(E125:E136) -> 187.91667 | F248: =AVERAGE(F125:F136) -> 43954.917 | G248: =AVERAGE(G125:G136) -> 80922.667 | H248: =AVERAGE(H125:H136) -> 178.58333 | I248: =AVERAGE(I125:I136) -> 29153.917 | ... L248: =AVERAGE(L125:L136) -> 5816.5
A249: Average 2004 | B249: =AVERAGE(B137:B148) -> 396.5 | C249: =AVERAGE(C137:C148) -> 13668.167 | D249: =AVERAGE(D137:D148) -> 13124.583 | E249: =AVERAGE(E137:E148) -> 221.33333 | F249: =AVERAGE(F137:F148) -> 50620.5 | G249: =AVERAGE(G137:G148) -> 102830.33 | H249: =AVERAGE(H137:H148) -> 230.83333 | I249: =AVERAGE(I137:I148) -> 43213.25 | ... L249: =AVERAGE(L137:L148) -> 66929.25
A250: Average 2005 | B250: =AVERAGE(B149:B160) -> 216.5 | C250: =AVERAGE(C149:C160) -> 9015.1667 | D250: =AVERAGE(D149:D160) -> 11437.083 | E250: =AVERAGE(E149:E160) -> 227.91667 | F250: =AVERAGE(F149:F160) -> 51747.583 | G250: =AVERAGE(G149:G160) -> 129995.08 | H250: =AVERAGE(H149:H160) -> 473.5 | I250: =AVERAGE(I149:I160) -> 86738.583 | ... L250: =AVERAGE(L149:L160) -> 2795.5
A251: Average 2006 | B251: =AVERAGE(B161:B172) -> 101.83333 | C251: =AVERAGE(C161:C172) -> 5352.8333 | D251: =AVERAGE(D161:D172) -> 13410.833 | E251: =AVERAGE(E161:E172) -> 249.08333 | F251: =AVERAGE(F161:F172) -> 56357.083 | G251: =AVERAGE(G161:G172) -> 177164.08 | H251: =AVERAGE(H161:H172) -> 371.75 | I251: =AVERAGE(I161:I172) -> 62931.5 | ... L251: =AVERAGE(L161:L172) -> 12914.083
A252: Average 2007 | B252: =AVERAGE(B173:B184) -> 173.66667 | C252: =AVERAGE(C173:C184) -> 7592.25 | D252: =AVERAGE(D173:D184) -> 20070.667 | E252: =AVERAGE(E173:E184) -> 215.16667 | F252: =AVERAGE(F173:F184) -> 51162.917 | G252: =AVERAGE(G173:G184) -> 203159 | H252: =AVERAGE(H173:H184) -> 502.83333 | I252: =AVERAGE(I173:I184) -> 62257.333 | ... L252: =AVERAGE(L173:L184) -> 9034.6667
A253: Average 2008 | B253: =AVERAGE(B185:B196) -> 265.91667 | C253: =AVERAGE(C185:C196) -> 10405.417 | D253: =AVERAGE(D185:D196) -> 27466.417 | E253: =AVERAGE(E185:E196) -> 193.41667 | F253: =AVERAGE(F185:F196) -> 51678.5 | G253: =AVERAGE(G185:G196) -> 240907 | H253: =AVERAGE(H185:H196) -> 421.58333 | I253: =AVERAGE(I185:I196) -> 61256.083 | ... L253: =AVERAGE(L185:L196) -> 13261.333
A254: Average 2009 | B254: =AVERAGE(B197:B208) -> 50.75 | C254: =AVERAGE(C197:C208) -> 2825.5833 | D254: =AVERAGE(D197:D208) -> 13705.75 | E254: =AVERAGE(E197:E208) -> 136.08333 | F254: =AVERAGE(F197:F208) -> 33376.583 | G254: =AVERAGE(G197:G208) -> 193269.92 | H254: =AVERAGE(H197:H208) -> 205.41667 | I254: =AVERAGE(I197:I208) -> 25177.167 | ... L254: =AVERAGE(L197:L208) -> 29687.75
A255: Average 2010 | B255: =AVERAGE(B209:B220) -> 46.583333 | C255: =AVERAGE(C209:C220) -> 2627.25 | D255: =AVERAGE(D209:D220) -> 14611.25 | E255: =AVERAGE(E209:E220) -> 138.5 | F255: =AVERAGE(F209:F220) -> 36099.917 | G255: =AVERAGE(G209:G220) -> 233918.08 | H255: =AVERAGE(H209:H220) -> 138.33333 | I255: =AVERAGE(I209:I220) -> 18194.667 | ... L255: =AVERAGE(L209:L220) -> 17233.5
A256: Average 2011 | B256: =AVERAGE(B221:B232) -> 53.916667 | C256: =AVERAGE(C221:C232) -> 2832.75 | D256: =AVERAGE(D221:D232) -> 14846.083 | E256: =AVERAGE(E221:E232) -> 115.33333 | F256: =AVERAGE(F221:F232) -> 31869.833 | G256: =AVERAGE(G221:G232) -> 218805.58 | H256: =AVERAGE(H221:H232) -> 183.5 | I256: =AVERAGE(I221:I232) -> 18829.75 | ... L256: =AVERAGE(L221:L232) -> 680.75
A257: Average 2012 | B257: =AVERAGE(B233:B236) -> 25 | C257: =AVERAGE(C233:C236) -> 1446.25 | D257: =AVERAGE(D233:D236) -> 9507.75 | E257: =AVERAGE(E233:E236) -> 100.75 | F257: =AVERAGE(F233:F236) -> 29551.5 | G257: =AVERAGE(G233:G236) -> 205196 | H257: =AVERAGE(H233:H236) -> 90.75 | I257: =AVERAGE(I233:I236) -> 12497.5 | ... L257: =AVERAGE(L233:L236) -> 0
A259: Average Year-on-Year 1994 | B259: =(B239-B238)/B238*100 -> 1.5817223 | C259: =(C239-C238)/C238*100 -> 2.8090559 | D259: =(D239-D238)/D238*100 -> 12.855817 | E259: =(E239-E238)/E238*100 -> -11.92907 | F259: =(F239-F238)/F238*100 -> -6.4020834 | G259: =(G239-G238)/G238*100 -> 4.30903 | H259: =(H239-H238)/H238*100 -> -4.0279788 | I259: =(I239-I238)/I238*100 -> -15.230015 | ... L259: =(L239-L238)/L238*100 -> 137.70551
A260: Average Year-on-Year 1995 | B260: =(B240-B239)/B239*100 -> 9.2272203 | C260: =(C240-C239)/C239*100 -> 7.4253923 | D260: =(D240-D239)/D239*100 -> 21.248484 | E260: =(E240-E239)/E239*100 -> 19.829164 | F260: =(F240-F239)/F239*100 -> 17.041272 | G260: =(G240-G239)/G239*100 -> 25.007548 | H260: =(H240-H239)/H239*100 -> 14.450867 | I260: =(I240-I239)/I239*100 -> 30.907114 | ... L260: =(L240-L239)/L239*100 -> -62.365865
A261: Average Year-on-Year 1996 | B261: =(B241-B240)/B240*100 -> 38.12038 | C261: =(C241-C240)/C240*100 -> 33.562806 | D261: =(D241-D240)/D240*100 -> 38.027238 | E261: =(E241-E240)/E240*100 -> -23.930754 | F261: =(F241-F240)/F240*100 -> -21.671227 | G261: =(G241-G240)/G240*100 -> -21.650836 | H261: =(H241-H240)/H240*100 -> -32.147563 | I261: =(I241-I240)/I240*100 -> -32.678042 | ... L261: =(L241-L240)/L240*100 -> 2847.0676
A262: Average Year-on-Year 1997 | B262: =(B242-B241)/B241*100 -> -13.340979 | C262: =(C242-C241)/C241*100 -> -17.159687 | D262: =(D242-D241)/D241*100 -> -12.228439 | E262: =(E242-E241)/E241*100 -> -19.578313 | F262: =(F242-F241)/F241*100 -> -19.839321 | G262: =(G242-G241)/G241*100 -> -6.8320573 | H262: =(H242-H241)/H241*100 -> -5.1456311 | I262: =(I242-I241)/I241*100 -> -3.0588822 | ... L262: =(L242-L241)/L241*100 -> -73.240463
A263: Average Year-on-Year 1998 | B263: =(B243-B242)/B242*100 -> 16.71813 | C263: =(C243-C242)/C242*100 -> 5.7383533 | D263: =(D243-D242)/D242*100 -> -6.5030437 | E263: =(E243-E242)/E242*100 -> -6.2005826 | F263: =(F243-F242)/F242*100 -> 4.52336 | G263: =(G243-G242)/G242*100 -> 5.5950473 | H263: =(H243-H242)/H242*100 -> -45.069942 | I263: =(I243-I242)/I242*100 -> -43.667453 | ... L263: =(L243-L242)/L242*100 -> -51.02985
A264: Average Year-on-Year 1999 | B264: =(B244-B243)/B243*100 -> 61.980348 | C264: =(C244-C243)/C243*100 -> 24.959126 | D264: =(D244-D243)/D243*100 -> 17.13156 | E264: =(E244-E243)/E243*100 -> -22.005324 | F264: =(F244-F243)/F243*100 -> -19.760639 | G264: =(G244-G243)/G243*100 -> -8.7405924 | H264: =(H244-H243)/H243*100 -> -54.906832 | I264: =(I244-I243)/I243*100 -> -44.886575 | ... L264: =(L244-L243)/L243*100 -> -66.166282
A265: Average Year-on-Year 2000 | B265: =(B245-B244)/B244*100 -> -45.986934 | C265: =(C245-C244)/C244*100 -> -35.963267 | D265: =(D245-D244)/D244*100 -> -28.732023 | E265: =(E245-E244)/E244*100 -> 8.9874858 | F265: =(F245-F244)/F244*100 -> 16.403773 | G265: =(G245-G244)/G244*100 -> 25.832894 | H265: =(H245-H244)/H244*100 -> 7.9889807 | I265: =(I245-I244)/I244*100 -> 19.58042 | ... L265: =(L245-L244)/L244*100 -> 157.05864
A266: Average Year-on-Year 2001 | B266: =(B246-B245)/B245*100 -> -0.47516199 | C266: =(C246-C245)/C245*100 -> -3.246916 | D266: =(D246-D245)/D245*100 -> -7.7719016 | E266: =(E246-E245)/E245*100 -> -12.056367 | F266: =(F246-F245)/F245*100 -> -9.8998902 | G266: =(G246-G245)/G245*100 -> -9.5364434 | H266: =(H246-H245)/H245*100 -> 10.714286 | I266: =(I246-I245)/I245*100 -> 3.6515509 | ... L266: =(L246-L245)/L245*100 -> 232.15852
A267: Average Year-on-Year 2002 | B267: =(B247-B246)/B246*100 -> -0.30381944 | C267: =(C247-C246)/C246*100 -> -4.9337092 | D267: =(D247-D246)/D246*100 -> -5.6135627 | E267: =(E247-E246)/E246*100 -> 14.540059 | F267: =(F247-F246)/F246*100 -> 22.830001 | G267: =(G247-G246)/G246*100 -> 34.404771 | H267: =(H247-H246)/H246*100 -> 26.267281 | I267: =(I247-I246)/I246*100 -> 53.37815 | ... L267: =(L247-L246)/L246*100 -> 505.30778
A268: Average Year-on-Year 2003 | B268: =(B248-B247)/B247*100 -> 346.45189 | C268: =(C248-C247)/C247*100 -> 274.7522 | D268: =(D248-D247)/D247*100 -> 133.14139 | E268: =(E248-E247)/E247*100 -> 16.839378 | F268: =(F248-F247)/F247*100 -> 20.335139 | G268: =(G248-G247)/G247*100 -> 37.059494 | H268: =(H248-H247)/H247*100 -> 95.529197 | I268: =(I248-I247)/I247*100 -> 88.142384 | ... L268: =(L248-L247)/L247*100 -> -86.032858
A269: Average Year-on-Year 2004 | B269: =(B249-B248)/B248*100 -> -53.60312 | C269: =(C249-C248)/C248*100 -> -54.14085 | D269: =(D249-D248)/D248*100 -> -28.625164 | E269: =(E249-E248)/E248*100 -> 17.782705 | F269: =(F249-F248)/F248*100 -> 15.164591 | G269: =(G249-G248)/G248*100 -> 27.072349 | H269: =(H249-H248)/H248*100 -> 29.258049 | I269: =(I249-I248)/I248*100 -> 48.22451 | ... L269: =(L249-L248)/L248*100 -> 1050.6791
A270: Average Year-on-Year 2005 | B270: =(B250-B249)/B249*100 -> -45.397226 | C270: =(C250-C249)/C249*100 -> -34.042605 | D270: =(D250-D249)/D249*100 -> -12.857551 | E270: =(E250-E249)/E249*100 -> 2.9743976 | F270: =(F250-F249)/F249*100 -> 2.2265354 | G270: =(G250-G249)/G249*100 -> 26.417059 | H270: =(H250-H249)/H249*100 -> 105.12635 | I270: =(I250-I249)/I249*100 -> 100.72219 | ... L270: =(L250-L249)/L249*100 -> -95.823201
... A277: Average Year-on-Year 2012 | B277: =(B257-B256)/B256*100 -> -53.632148 | C277: =(C257-C256)/C256*100 -> -48.945371 | D277: =(D257-D256)/D256*100 -> -35.957856 | E277: =(E257-E256)/E256*100 -> -12.644509 | F277: =(F257-F256)/F256*100 -> -7.2743817 | G277: =(G257-G256)/G256*100 -> -6.2199434 | H277: =(H257-H256)/H256*100 -> -50.544959 | I277: =(I257-I256)/I256*100 -> -33.628965 | ... L277: =(L257-L256)/L256*100 -> -100

Sheet Building Plans Approved1
A1: KZN | B1: RECORDED BUILDING PLANS PASSED BY LARGER MUNICIPALITIES BY TYPE OF BUILDING
B2: Office and banking space | D2: Shopping space | F2: Industrial and warehouse space | H2: Other
C3: Current prices | E3: Current prices | G3: Current prices | I3: Current prices
B4: Square metres | C4: R'000 | D4: Square metres | E4: R'000 | F4: Square metres | G4: R'000 | H4: Square metres | I4: R'000
A5: 33970 | B5: 540 | C5: 400 | D5: 1200 | E5: 1000 | F5: 11187 | G5: 7024 | H5: 8810 | I5: 7140
A6: 34001 | B6: 23875 | C6: 34300 | D6: 7497 | E6: 6210 | F6: 21515 | G6: 23482 | H6: 1112 | I6: 1167
A7: 34029 | B7: 631 | C7: 328 | D7: 7328 | E7: 6662 | F7: 17874 | G7: 10746 | H7: 3633 | I7: 3293
A8: 34060 | B8: 2762 | C8: 2783 | D8: 6211 | E8: 7432 | F8: 20226 | G8: 13882 | H8: 2626 | I8: 1882
A9: 34090 | B9: 1100 | C9: 1505 | D9: 3954 | E9: 2601 | F9: 21700 | G9: 15548 | H9: 2618 | I9: 2080
A10: 34121 | B10: 0 | C10: 0 | D10: 6897 | E10: 6317 | F10: 25714 | G10: 22425 | H10: 4768 | I10: 4220
A11: 34151 | B11: 1699 | C11: 2229 | D11: 4967 | E11: 6004 | F11: 15172 | G11: 9942 | H11: 9565 | I11: 6958
A12: 34182 | B12: 4173 | C12: 2834 | D12: 9587 | E12: 6460 | F12: 45346 | G12: 29275 | H12: 5050 | I12: 3675
A13: 34213 | B13: 3940 | C13: 3615 | D13: 5156 | E13: 2939 | F13: 21761 | G13: 14501 | H13: 6219 | I13: 5930
A14: 34243 | B14: 0 | C14: 0 | D14: 2462 | E14: 1620 | F14: 13954 | G14: 9573 | H14: 5671 | I14: 9427
A15: 34274 | B15: 5242 | C15: 5447 | D15: 16878 | E15: 24150 | F15: 11936 | G15: 10906 | H15: 4193 | I15: 3489
A16: 34304 | B16: 2119 | C16: 1637 | D16: 22804 | E16: 30868 | F16: 4893 | G16: 6221 | H16: 563 | I16: 530
... A196: 39783 | B196: 10423 | C196: 53650 | D196: 17356 | E196: 51229 | F196: 47016 | G196: 138362 | H196: 0 | I196: 0
A197: 39814 | B197: 1691 | C197: 6626 | D197: 8283 | E197: 24994 | F197: 76216 | G197: 257740 | H197: 15008 | I197: 54463 | K197: =B197+D197+F197+H197 -> 101198
A198: 39845 | B198: 32520 | C198: 162600 | D198: 14633 | E198: 67564 | F198: 20437 | G198: 68369 | H198: 0 | I198: 0 | K198: =B198+D198+F198+H198 -> 67590
A199: 39873 | B199: 14831 | C199: 52625 | D199: 1107 | E199: 2948 | F199: 30949 | G199: 109325 | H199: 498 | I199: 2736 | K199: =B199+D199+F199+H199 -> 47385
A200: 39904 | B200: 17462 | C200: 87971 | D200: 4294 | E200: 18947 | F200: 47141 | G200: 141580 | H200: 0 | I200: 0 | K200: =B200+D200+F200+H200 -> 68897
A201: 39934 | B201: 41165 | C201: 205464 | D201: 48983 | E201: 186661 | F201: 23291 | G201: 76827 | H201: 1414 | I201: 7070 | K201: =B201+D201+F201+H201 -> 114853
A202: 39965 | B202: 8318 | C202: 43050 | D202: 1754 | E202: 8702 | F202: 22703 | G202: 63923 | H202: 570 | I202: 2850 | K202: =B202+D202+F202+H202 -> 33345
A203: 39995 | B203: 18128 | C203: 126067 | D203: 2977 | E203: 12094 | F203: 33103 | G203: 139016 | H203: 0 | I203: 0 | K203: =B203+D203+F203+H203 -> 54208
A204: 40026 | B204: 1794 | C204: 6817 | D204: 3748 | E204: 26504 | F204: 20836 | G204: 92469 | H204: 1876 | I204: 10302 | K204: =B204+D204+F204+H204 -> 28254
A205: 40057 | B205: 15567 | C205: 110907 | D205: 26045 | E205: 186174 | F205: 7224 | G205: 27452 | H205: 959 | I205: 2907 | K205: =B205+D205+F205+H205 -> 49795
A206: 40087 | B206: 9060 | C206: 65232 | D206: 7853 | E206: 54243 | F206: 3761 | G206: 14292 | H206: 0 | I206: 0 | K206: =B206+D206+F206+H206 -> 20674
A207: 40118 | B207: 25115 | C207: 179099 | D207: 35159 | E207: 247528 | F207: 17866 | G207: 68699 | H207: 20849 | I207: 108402 | K207: =B207+D207+F207+H207 -> 98989
A208: 40148 | B208: 3035 | C208: 20425 | D208: 153 | E208: 428 | F208: 16176 | G208: 75122 | H208: 483 | I208: 3194 | K208: =B208+D208+F208+H208 -> 19847
... A236: 41000 | B236: 670 | C236: 3300 | D236: 2761 | E236: 17168 | F236: 21742 | G236: 87933 | H236: 1700 | I236: 10441 | K236: =B236+D236+F236+H236 -> 26873
A238: Average 1993 | B238: =AVERAGE(B5:B16) -> 3840.0833 | C238: =AVERAGE(C5:C16) -> 4589.8333 | D238: =AVERAGE(D5:D16) -> 7911.75 | E238: =AVERAGE(E5:E16) -> 8521.9167 | F238: =AVERAGE(F5:F16) -> 19273.167 | G238: =AVERAGE(G5:G16) -> 14460.417 | H238: =AVERAGE(H5:H16) -> 4569 | I238: =AVERAGE(I5:I16) -> 4149.25
A239: Average 1994 | B239: =AVERAGE(B17:B28) -> 14243.75 | C239: =AVERAGE(C17:C28) -> 27548 | D239: =AVERAGE(D17:D28) -> 9089 | E239: =AVERAGE(E17:E28) -> 7273 | F239: =AVERAGE(F17:F28) -> 29577.667 | G239: =AVERAGE(G17:G28) -> 23658.417 | H239: =AVERAGE(H17:H28) -> 7634.1667 | I239: =AVERAGE(I17:I28) -> 6637.6667
A240: Average 1995 | B240: =AVERAGE(B29:B40) -> 5982.9167 | C240: =AVERAGE(C29:C40) -> 7632.8333 | D240: =AVERAGE(D29:D40) -> 12454.333 | E240: =AVERAGE(E29:E40) -> 14592.083 | F240: =AVERAGE(F29:F40) -> 51713.583 | G240: =AVERAGE(G29:G40) -> 62975.083 | H240: =AVERAGE(H29:H40) -> 6208.5833 | I240: =AVERAGE(I29:I40) -> 9236.3333
A241: Average 1996 | B241: =AVERAGE(B41:B52) -> 7401 | C241: =AVERAGE(C41:C52) -> 11382 | D241: =AVERAGE(D41:D52) -> 6991.1667 | E241: =AVERAGE(E41:E52) -> 7548.6667 | F241: =AVERAGE(F41:F52) -> 33714.917 | G241: =AVERAGE(G41:G52) -> 31883.167 | H241: =AVERAGE(H41:H52) -> 8724.4167 | I241: =AVERAGE(I41:I52) -> 10698.917
A242: Average 1997 | B242: =AVERAGE(B53:B64) -> 8324.8333 | C242: =AVERAGE(C53:C64) -> 12204 | D242: =AVERAGE(D53:D64) -> 9341.1667 | E242: =AVERAGE(E53:E64) -> 10886.083 | F242: =AVERAGE(F53:F64) -> 19005.25 | G242: =AVERAGE(G53:G64) -> 19974 | H242: =AVERAGE(H53:H64) -> 7786.4167 | I242: =AVERAGE(I53:I64) -> 10343.75
A243: Average 1998 | B243: =AVERAGE(B65:B76) -> 7065.1667 | C243: =AVERAGE(C65:C76) -> 12456.75 | D243: =AVERAGE(D65:D76) -> 8364.5 | E243: =AVERAGE(E65:E76) -> 13279.583 | F243: =AVERAGE(F65:F76) -> 18962.167 | G243: =AVERAGE(G65:G76) -> 21669.333 | H243: =AVERAGE(H65:H76) -> 6520.6667 | I243: =AVERAGE(I65:I76) -> 7928.0833
A244: Average 1999 | B244: =AVERAGE(B77:B88) -> 9990.25 | C244: =AVERAGE(C77:C88) -> 20132 | D244: =AVERAGE(D77:D88) -> 26515.833 | E244: =AVERAGE(E77:E88) -> 89936.583 | F244: =AVERAGE(F77:F88) -> 8909.75 | G244: =AVERAGE(G77:G88) -> 11261.833 | H244: =AVERAGE(H77:H88) -> 7421.75 | I244: =AVERAGE(I77:I88) -> 9889.5833
